Workbook
Name \0: #REF!
Name \00: #REF!
Name \a: #REF!
Name \a: #REF!
Name \a: #REF!
Name \a: #REF!
Name \a: #REF!
Name \a: #REF!
Name \a: #REF!
Name \a: #REF!
Name \a: #REF!
Name \a: #REF!
Name \a: #REF!
Name \a: #REF!
Name \a: #REF!
Name \a: #REF!
Name \a: #REF!
Name \a: #REF!
Name \a: #REF!
Name \a: #REF!
Name \a: #REF!
Name \a: #REF!
Name \a: #REF!
Name \a: #REF!
Name \a: #REF!
Name \a: #REF!
Name \a: #REF!
Name \a: #REF!
Name \a: #REF!
Name \a: #REF!
Name \a: #REF!
Name \a: #REF!
Name \a: #REF!
Name \a: #REF!
Name \a: #REF!
Name \a: #REF!
Name \a: #REF!
Name \a: #REF!
Name \a: #REF!
Name \a: #REF!
Name \a: #REF!
Name \a: #REF!
Name \a: #REF!
Name \a: #REF!
Name \a: #REF!
Name \a: #REF!
Name \a: #REF!
Name \a: #REF!
Name \a: #REF!
Name \a: #REF!
Name \a: #REF!
Name \a: #REF!
Name \a: #REF!
Name \a: #REF!
Name \a: #REF!
Name \a: #REF!
Name \a: #REF!
Name \a: #REF!
Name \a: #REF!
Name \a: #REF!

Sheet DATOS
A3: MEMORIA DE CANTIDADES - PRESUPUESTO GENERAL
A8: PROCESO No. | B8: HA-SA-003-2026
A11: PROYECTO: | B11: MEJORAMIENTO Y ADECUACION DE LAS INSTALACIONES FISICAS DEL HOGAR DE LOS ABUELOS DEL MUNICIPIO DE HACARI, NORTE DE SANTANDER.
A14: PROPONENTE: | B14: -------------
A17: ENTIDAD: | B17: MUNICIPIO DE HACARÍ - DEPARTAMENTO NORTE DE SANTANDER
A20: SUPERVISOR(A): | B20: ING. LINA LICETH SUAREZ LEON SECRETARIA DE PLANEACION E INFRAESTRUCTURA MPAL
A23: LUGAR DE EJECUCIÓN: | B23: BARRIO CENTRO, MUNICIPIO DE HACARÍ
A26: FECHA: | B26: 46167
B34: ING. LINA LICETH SUAREZ LEON
B35: Secretaria de Planeación e Infreaestructura M/pal
B36: Supervisora

Sheet PRESUPUESTO OFICIAL (Entidad)
B1: Formulario 1 - Propuesta económica - Documento tipo de selección abreviada de menor cuantía - versión 1
B2: Versión: 1 del 21 de agosto de 2025
C5: FORMULARIO 1
C6: PRESUPUESTO OFICIAL
C7: [La entidad puede utilizar este formulario de detalle del presupuesto oficial para determinar las condiciones bajo las cuales los proponentes analizarán y presentarán su propuesta económica de forma detallada, sin perjuicio que la entidad pueda modificarlo o establecer la presentación de la oferta económica con un formulario distinto al indicado.]
C9: Adicionalmente, cuando el proceso de contratación es estructurado por precios unitarios, la Entidad debe aplicar las notas 1, 2 y 3 del presente formulario y las casillas de "Descripción", "Porcentaje" de la Administración, Imprevisto, Utilidad y total A.I.U. resaltadas en colo amarillo. Tratándose de otras modalidades de precio, la Entidad puede o no configurar los mismos aspectos.
C11: Nº | D11: ITEM DE PAGO | E11: ESPECIFICACIONES | G11: DESCRIPCION | H11: UND. | I11: CANTIDAD | J11: VALOR UNITARIO | K11: VALOR TOTAL
E12: GENERAL | F12: PARTICULAR
D13: 1 | G13: PRELIMINARES
D14: 1.1 | G14: OBRAS PRELIMINARES
D15: 1.1.1 | G15: LIMPIEZA, DESCAPOTE, RETIRO SOBR. - MANUAL H = 0,20 MTS | H15: M2 | I15: 108.35 | J15: ='APU 1.1.1'!O67 -> 18337 | K15: =ROUND(PRODUCT(I15:J15),2) -> 1986813.9
D16: 1.1.2 | G16: LOCALIZACIÓN Y REPLANTEO TOPOGRAFICO (AREA A PAGAR ES EL AREA DE LA HUELLA DE LA EDIFICACIÓN) | H16: M2 | I16: 435.1 | J16: ='APU 1.1.2'!O70 -> 7513 | K16: =ROUND(PRODUCT(I16:J16),2) -> 3268906.3
J18: SUBTOTAL | K18: =SUM(K14:K17) -> 5255720.2
D19: 1.2 | G19: DEMOLICIONES - DESMONTES - RETIROS
D20: 1.2.1 | G20: DEMOLICIÓN DE CONSTRUCCIONES EXISTENTES (INC. RETIRO DE SOBR.) | H20: M2 | I20: 44.01 | J20: ='APU 1.2.1'!O70 -> 105235 | K20: =ROUND(PRODUCT(I20:J20),2) -> 4631392.3
D21: 1.2.2 | G21: DESMONTE DE APARATOS SANITARIOS | H21: UND | I21: 1 | J21: ='APU 1.2.2'!O70 -> 99816 | K21: =ROUND(PRODUCT(I21:J21),2) -> 99816
D22: 1.2.3 | G22: DESMONTE DE LAVAMANOS | H22: UND | I22: 1 | J22: ='APU 1.2.3'!O70 -> 74862 | K22: =ROUND(PRODUCT(I22:J22),2) -> 74862
D23: 1.2.4 | G23: DESMONTE MARCOS Y PUERTAS | H23: UND | I23: 5 | J23: ='APU 1.2.4'!O70 -> 85556 | K23: =ROUND(PRODUCT(I23:J23),2) -> 427780
D24: 1.2.5 | G24: DESMONTE DE VENTANAS | H24: UND | I24: 1 | J24: ='APU 1.2.5'!O70 -> 59889 | K24: =ROUND(PRODUCT(I24:J24),2) -> 59889
J26: SUBTOTAL | K26: =SUM(K20:K25) -> 5293739.3
D27: 1.3 | G27: VARIOS - PRELIMINARES | XFD27: =SUM(A27:XFC27) -> 0
D28: 1.3.1 | G28: RETIRO DE SOBRANTES: CARGUE TRANSPORTE Y DISPOSICION FINAL DE ESCOMBROS A SITIO AUTORIZADO (APLICA PARA SOBRANTES QUE NO PERTENECEN A LAS ACTIVIDADES DE LA OBRA). | H28: M3 | I28: 7.67 | J28: ='APU 1.3.1'!O70 -> 142594 | K28: =ROUND(PRODUCT(I28:J28),2) -> 1093696
J30: SUBTOTAL | K30: =SUM(K28:K29) -> 1093696
D31: 2 | G31: CIMENTACION
D32: 2.1 | G32: EXCAVACIONES, RELLENOS Y REEMPLAZOS (MEDIDOS EN BANCA Y/O COMPACTOS)
D33: 2.1.1 | G33: EXCAVACION MANUAL EN MATERIAL COMUN (INCLUYE CARGUE, RETIRO Y DISPOCIÓN FINAL) | H33: M3 | I33: 109.34 | J33: ='APU 2.1.1'!O70 -> 117878 | K33: =ROUND(PRODUCT(I33:J33),2) -> 12888781
D34: 2.1.2 | G34: RELLENO EN RECEBO COMUN (SUMINISTRO, EXTENDIDO, HUMEDECIMIENTO Y COMPACTACIÓN) | H34: M3 | I34: 69.55 | J34: ='APU 2.1.2'!O70 -> 172010 | K34: =ROUND(PRODUCT(I34:J34),2) -> 11963296
J36: SUBTOTAL | K36: =SUM(K33:K35) -> 24852076
D37: 2.2 | G37: CONCRETOS PARA CIMENTACION
D38: 2.2.1 | G38: CONCRETO DE LIMPIEZA - 2000 PSI | H38: M3 | I38: 2.07 | J38: ='APU 2.2.1'!O70 -> 864058 | K38: =ROUND(PRODUCT(I38:J38),2) -> 1788600.1
D39: 2.2.2 | G39: CONCRETO PARA VIGAS DE CIMENTACIÓN 3000 PSI (INCLUYE TODO LO NECESARIO PARA SU CORRECTA EJECUCIÓN) | H39: M3 | I39: 5.54 | J39: ='APU 2.2.2'!O71 -> 1348219 | K39: =ROUND(PRODUCT(I39:J39),2) -> 7469133.3
D40: 2.2.3 | G40: CONCRETO PARA ZAPATAS 3000 PSI (INCLUYE TODO LO NECESARIO PARA SU CORRECTA EJECUCIÓN) | H40: M3 | I40: 11.66 | J40: ='APU 2.2.3'!O69 -> 1241476 | K40: =ROUND(PRODUCT(I40:J40),2) -> 14475610
J42: SUBTOTAL | K42: =SUM(K38:K41) -> 23733343
D43: 2.3 | G43: ACERO DE REFUERZO PARA CIMENTACION - ESTRUCTURA - MAMPOSTERIA Y OTROS
D44: 2.3.1 | G44: SUMINISTRO E INSTALACIÓN ACERO DE REFUERZO 60000 PSI | H44: KG | I44: 3593.96 | J44: ='APU 2.3.1'!O69 -> 11893 | K44: =ROUND(PRODUCT(I44:J44),2) -> 42742966
J46: SUBTOTAL | K46: =SUM(K44:K45) -> 42742966
D47: 2.4 | G47: OBRAS DE MITIGACION Y ESTABILIZACION
D48: 2.4.1 | G48: FILTRO TIPO FRANCES DE 40X50 CM, CON MATERIAL FILTRANTE EN TRITURADO DE 7/8", GEOTEXTIL NO TEJIDO Y TUBERIA PVC SANITARIA DE 3" PERFORADA | H48: M | I48: 11.3 | J48: ='APU 2.4.1'!O72 -> 223275 | K48: =ROUND(PRODUCT(I48:J48),2) -> 2523007.5
J50: SUBTOTAL | K50: =SUM(K48:K49) -> 2523007.5
D51: 3 | G51: DESAGÜES E INSTALACIONES SUBTERRANEAS (INCLUYE ATRAQUE)
D52: 3.1 | G52: DESAGÜES PARA AGUAS NEGRAS
D53: 3.1.1 | G53: TUBERIA PVC SANITARIA DE 2" (INCLUYE ATRAQUE EN CONCRETO) (INCLUYE ACCESORIOS) | H53: M | I53: 40 | J53: ='APU 3.1.1'!O69 -> 45655 | K53: =ROUND(PRODUCT(I53:J53),2) -> 1826200
D54: 3.1.2 | G54: TUBERIA PVC SANITARIA DE 4" (INCLUYE ATRAQUE EN CONCRETO) (INCLUYE ACCESORIOS) | H54: M | I54: 40 | J54: ='APU 3.1.2'!O69 -> 76916 | K54: =ROUND(PRODUCT(I54:J54),2) -> 3076640
J56: SUBTOTAL | K56: =SUM(K53:K55) -> 4902840
D57: 3.2 | G57: CONSTRUCCIONES EN MAMPOSTERIA
D58: 3.2.1 | G58: CAJA INSPECCION 60 X 60 X 60 CM (INC. BASE Y CAÑUELA Y TAPA CON MARCO METALICO) | H58: UND | I58: 1 | J58: ='APU 3.2.1'!O70 -> 906698 | K58: =ROUND(PRODUCT(I58:J58),2) -> 906698
J60: SUBTOTAL | K60: =SUM(K58:K59) -> 906698
D61: 4 | G61: ESTRUCTURA
D62: 4.1 | G62: ELEMENTOS VERTICALES EN CONCRETO (ELEMENTOS INTEGRALES CON SECCION UNIFORME, PLOMADOS, ALINEADOS, SIN BROSAS Y LIMPIOS; CON BOCEL SI APLICA)
D63: 4.1.1 | G63: COLUMNAS EN CONCRETO DE 3000 PSI | H63: M3 | I63: 6.38 | J63: ='APU 4.1.1'!O71 -> 1557519 | K63: =ROUND(PRODUCT(I63:J63),2) -> 9936971.2
J65: SUBTOTAL | K65: =SUM(K63:K64) -> 9936971.2
D66: 4.2 | G66: ELEMENTOS HORIZONTALES EN CONCRETO VISTO (ELEMENTOS INTEGRALES CON SECCION UNIFORME, PLOMADOS, ALINEADOS, SIN BROSAS Y LIMPIOS; CON BOCEL SI APLICA)
D67: 4.2.1 | G67: VIGAS AÉREAS EN CONCRETO DE 3000 PSI | H67: M3 | I67: 7.51 | J67: ='APU 4.2.1'!O71 -> 1749165 | K67: =ROUND(PRODUCT(I67:J67),2) -> 13136229
J69: SUBTOTAL | K69: =SUM(K67:K68) -> 13136229
D70: 4.3 | G70: LOSAS DE ENTREPSIO EN CONCRETO VISTO (ELEMENTOS INTEGRALES CON SECCION UNIFORME, PLOMADOS, ALINEADOS, SIN BROSAS Y LIMPIOS; CON BOCEL SI APLICA)
D71: 4.3.1 | G71: LOSA STEELDECK 2" CAL 22 - E = 10 CM (INC. CONCRETO 3000 PSI Y MALLA ELECTROSOLDADA Ø 5MM - 15X15) | H71: M2 | I71: 108.92 | J71: ='APU 4.3.1'!O72 -> 278123 | K71: =ROUND(PRODUCT(I71:J71),2) -> 30293157
J73: SUBTOTAL | K73: =SUM(K71:K72) -> 30293157
D74: 5 | G74: MAMPOSTERIA (UNIDAD DE MEDIDA M2, NO SE RECONOCE ML)
D75: 5.1 | G75: MAMPOSTERIA EN LADRILLO TOLETE Y HUECO
D76: 5.1.1 | G76: MUROS LADRILLO TOLETE FINO PERFORADO E=12 CM | H76: M2 | I76: 3 | J76: ='APU 5.1.1'!O69 -> 179396 | K76: =ROUND(PRODUCT(I76:J76),2) -> 538188
D77: 5.1.2 | G77: MURO EN BLOQUE NO. 4 E=10 CM | H77: M2 | I77: 85.86 | J77: ='APU 5.1.2'!O69 -> 94301 | K77: =ROUND(PRODUCT(I77:J77),2) -> 8096683.9
J79: SUBTOTAL | K79: =SUM(K76:K78) -> 8634871.9
D80: 5.2 | G80: ELEMENTOS ESTRUCTURALES Y NO ESTRUCTURALES
D81: 5.2.1 | G81: VIGA Y/O COLUMNETA DE CONFINAMIENTO DE CONCRETO DE 3000 PSI DE .10 X .20 .(INCLUYE ACERO) | H81: M | I81: 37.4 | J81: ='APU 5.2.1'!O70 -> 134176 | K81: =ROUND(PRODUCT(I81:J81),2) -> 5018182.4
J83: SUBTOTAL | K83: =SUM(K81:K82) -> 5018182.4
D84: 6 | G84: INSTALACIÓN HIDRAULICA SANITARIA Y DE GAS
D85: 6.1 | G85: RED GENERAL DE AGUA FRIA
D86: 6.1.1 | G86: RED SUMINISTRO PVCP DE 1/2" (INC. ACCESORIOS) | H86: M | I86: 36 | J86: ='APU 6.1.1'!O69 -> 12017 | K86: =ROUND(PRODUCT(I86:J86),2) -> 432612
D87: 6.1.2 | G87: REGISTRO P/D RED WHITE Ø 1/2" Ó EQUIVALENTE | H87: UND | I87: 4 | J87: ='APU 6.1.2'!O69 -> 92181 | K87: =ROUND(PRODUCT(I87:J87),2) -> 368724
J89: SUBTOTAL | K89: =SUM(K86:K88) -> 801336
D90: 6.2 | G90: PUNTOS HIDRAULICOS
D91: 6.2.1 | G91: PUNTO AGUA FRIA PVC (INCLUYE ACCESORIOS E INCLUYE RECORRIDO HASTA LA CONEXIÓN A LA RED PRINCIPAL, Y/O CAMBIO DE DIAMETRO) | H91: UND | I91: 9 | J91: ='APU 6.2.1'!O73 -> 94907 | K91: =ROUND(PRODUCT(I91:J91),2) -> 854163
J93: SUBTOTAL | K93: =SUM(K91:K92) -> 854163
D94: 6.3 | G94: SALIDAS SANITARIAS
D95: 6.3.1 | G95: PUNTO DESAGUE PVC Ø 2" | H95: UND | I95: 9 | J95: ='APU 6.3.1'!O73 -> 110352 | K95: =ROUND(PRODUCT(I95:J95),2) -> 993168
D96: 6.3.2 | G96: PUNTO DESAGUE PVC Ø 3" - Ø 4" | H96: UND | I96: 1 | J96: ='APU 6.3.2'!O74 -> 184976 | K96: =ROUND(PRODUCT(I96:J96),2) -> 184976
J98: SUBTOTAL | K98: =SUM(K95:K97) -> 1178144
D99: 7 | G99: INSTALACIÓN ELECTRICA, TELEFÓNICA Y COMUNICACIONES
D100: 7.1 | G100: SALIDAS PARA ALUMBRADO Y TOMAS (INCLUYEN TUBERIA Y CABLEADO HASTA UNA DISTANCIA DE 3,00 METROS)
D101: 7.1.1 | G101: SALIDA + INTERRUPTOR SENCILLO LUMINEX O EQUIVALENTE - INCLUYE CAJA, TUBERIA PVC DE 1/2", CONDUCTORES DE COBRE #12 AWG, LS ZH, APARATO ELECTRICO CORRESPONDIENTE Y DEMÁS ACCESORIOS NECESARIOS PARA SU CORRECTA INSTALACIÓN. SALIDA HASTA UNA DISTANCIA DE 3,00M | H101: UND | I101: 10 | J101: ='APU 7.1.1'!O74 -> 191482 | K101: =ROUND(PRODUCT(I101:J101),2) -> 1914820
D102: 7.1.2 | G102: SALIDA PARA LUMINARIA - INCLUYE CAJA, TUBERIA PVC DE 1/2", CONDUCTORES DE COBRE #12 AWG, LS ZH, APARATO ELECTRICO CORRESPONDIENTE Y DEMÁS ACCESORIOS NECESARIOS PARA SU CORRECTA INSTALACIÓN. SALIDA HASTA UNA DISTANCIA DE 3,00M | H102: UND | I102: 10 | J102: ='APU 7.1.2'!O74 -> 176544 | K102: =ROUND(PRODUCT(I102:J102),2) -> 1765440
D103: 7.1.3 | G103: SALIDA + TOMACORRIENTE DOBLE MONOFASICA - INCLUYE CAJA, TUBERIA PVC DE 1/2", CONDUCTORES DE COBRE #12 AWG, LS ZH, APARATO ELECTRICO CORRESPONDIENTE Y DEMÁS ACCESORIOS NECESARIOS PARA SU CORRECTA INSTALACIÓN. SALIDA HASTA UNA DISTANCIA DE 3,00M | H103: UND | I103: 25 | J103: ='APU 7.1.3'!O74 -> 184122 | K103: =ROUND(PRODUCT(I103:J103),2) -> 4603050
J105: SUBTOTAL | K105: =SUM(K101:K104) -> 8283310
D106: 7.2 | G106: ACOMETIDAS Y CONDUCTORES
D107: 7.2.1 | G107: TUBERIA PVC 1/2" EMBEBIDA. INC. ACCESORIOS | H107: M | I107: 90 | J107: ='APU 7.2.1'!O69 -> 13304 | K107: =ROUND(PRODUCT(I107:J107),2) -> 1197360
D108: 7.2.2 | G108: TUBERIA PVC 3/4" EMBEBIDA. INC. ACCESORIOS | H108: M | I108: 90 | J108: ='APU 7.2.2'!O69 -> 16703 | K108: =ROUND(PRODUCT(I108:J108),2) -> 1503270
D109: 7.2.3 | G109: CABLEADO 1#12 PE HF LS TC POR TUBERÍA, CANALETA O BANDEJA | H109: M | I109: 600 | J109: ='APU 7.2.3'!O69 -> 9051 | K109: =ROUND(PRODUCT(I109:J109),2) -> 5430600
D110: 7.2.4 | G110: BREAKER RIEL MONOPOLAR 1 X 6/63 A (SUMINISTRO E INSTALACIÓN) | H110: UND | I110: 4 | J110: ='APU 7.2.4'!O69 -> 61042 | K110: =ROUND(PRODUCT(I110:J110),2) -> 244168
D111: 7.2.5 | G111: TABLERO MONOFASICO DE 4 CIRCUITOS | H111: UND | I111: 1 | J111: ='APU 7.2.5'!O69 -> 94181 | K111: =ROUND(PRODUCT(I111:J111),2) -> 94181
J113: SUBTOTAL | K113: =SUM(K107:K112) -> 8469579
D114: 8 | G114: PAÑETES
D115: 8.1 | G115: PAÑETES SOBRE MUROS
D116: 8.1.1 | G116: PAÑETE LISO SOBRE MUROS 1:4 | H116: M2 | I116: 140.44 | J116: ='APU 8.1.1'!O69 -> 52879 | K116: =ROUND(PRODUCT(I116:J116),2) -> 7426326.8
D117: 8.1.2 | G117: RESANES GENERALES | H117: M2 | I117: 100 | J117: ='APU 8.1.2'!O69 -> 43449 | K117: =ROUND(PRODUCT(I117:J117),2) -> 4344900
J119: SUBTOTAL | K119: =SUM(K115:K118) -> 11771227
D120: 9 | G120: PISOS
D121: 9.1 | G121: BASES PISOS Y AFINADOS
D122: 9.1.1 | G122: AFINADO ENDURECIDO MORTERO 1:3 H=4 | H122: M2 | I122: 33.11 | J122: ='APU 9.1.1'!O69 -> 67251 | K122: =ROUND(PRODUCT(I122:J122),2) -> 2226680.6
J124: SUBTOTAL | K124: =SUM(K122:K123) -> 2226680.6
D125: 9.2 | G125: ACABADOS PISOS
...

Sheet PROPUESTA ECONOMICA(Proponente)
B1: Formulario 1 - Propuesta económica - Documento tipo de selección abreviada de menor cuantía - versión 1
B2: Versión: 1 del 21 de agosto de 2025
C5: FORMULARIO 1
C6: PROPUESTA ECONOMICA
C7: [La entidad puede utilizar este formulario de presentación de propuesta económica de forma detallada, sin perjuicio que la entidad pueda modificarlo o establecer la presentación de la oferta económica con un formulario distinto al indicado.] [Los proponentes emplearán el formulario establecido por la entidad para determinar su propuesta económica conforme al Formulario 1 - Presupuesto Oficial publicado por la Entidad] [En caso de modificar el formulario, es importante tener en cuenta que no se deben incluir causales de rechazo, reglas o parámetros contrarios a los definidos en el documento base. Los términos del proceso solo se encuentran en el Documento Base, por lo que la Entidad no deberá incluir ningún tipo de notas que se configuren en reglas contrarias a las definidas en dicho documento, las notas únicamente pueden ser aclaratorias para efectos del diligenciamiento del formato]
C9: Cuando el proceso de contratación es estructurado por precios unitarios, la Entidad debe aplicar las notas 1, 2 y 3 del presente formato y las casillas de "Descripción", "Porcentaje" de la Administración, Imprevisto, Utilidad y total A.I.U. resaltadas en color amarillo.
C11: Nº | D11: ITEM DE PAGO | E11: ESPECIFICACIONES | G11: DESCRIPCION | H11: UND. | I11: CANTIDAD | J11: VALOR UNITARIO | K11: VALOR TOTAL
E12: GENERAL | F12: PARTICULAR
D13: 1 | G13: PRELIMINARES
D14: 1.1 | G14: OBRAS PRELIMINARES
D15: 1.1.1 | G15: LIMPIEZA, DESCAPOTE, RETIRO SOBR. - MANUAL H = 0,20 MTS | H15: M2 | I15: 108.35 | J15: ='APU 1.1.1'!O67 -> 18337 | K15: =ROUND(PRODUCT(I15:J15),2) -> 1986813.9
D16: 1.1.2 | G16: LOCALIZACIÓN Y REPLANTEO TOPOGRAFICO (AREA A PAGAR ES EL AREA DE LA HUELLA DE LA EDIFICACIÓN) | H16: M2 | I16: 435.1 | J16: ='APU 1.1.2'!O70 -> 7513 | K16: =ROUND(PRODUCT(I16:J16),2) -> 3268906.3
J18: SUBTOTAL | K18: =SUM(K15:K17) -> 5255720.2
D19: 1.2 | G19: DEMOLICIONES - DESMONTES - RETIROS
D20: 1.2.1 | G20: DEMOLICIÓN DE CONSTRUCCIONES EXISTENTES (INC. RETIRO DE SOBR.) | H20: M2 | I20: 44.01 | J20: ='APU 1.2.1'!O70 -> 105235 | K20: =ROUND(PRODUCT(I20:J20),2) -> 4631392.3
D21: 1.2.2 | G21: DESMONTE DE APARATOS SANITARIOS | H21: UND | I21: 1 | J21: ='APU 1.2.2'!O70 -> 99816 | K21: =ROUND(PRODUCT(I21:J21),2) -> 99816
D22: 1.2.3 | G22: DESMONTE DE LAVAMANOS | H22: UND | I22: 1 | J22: ='APU 1.2.3'!O70 -> 74862 | K22: =ROUND(PRODUCT(I22:J22),2) -> 74862
D23: 1.2.4 | G23: DESMONTE MARCOS Y PUERTAS | H23: UND | I23: 5 | J23: ='APU 1.2.4'!O70 -> 85556 | K23: =ROUND(PRODUCT(I23:J23),2) -> 427780
D24: 1.2.5 | G24: DESMONTE DE VENTANAS | H24: UND | I24: 1 | J24: ='APU 1.2.5'!O70 -> 59889 | K24: =ROUND(PRODUCT(I24:J24),2) -> 59889
J26: SUBTOTAL | K26: =SUM(K20:K25) -> 5293739.3
D27: 1.3 | G27: VARIOS - PRELIMINARES | XFD27: =SUM(A27:XFC27) -> 0
D28: 1.3.1 | G28: RETIRO DE SOBRANTES: CARGUE TRANSPORTE Y DISPOSICION FINAL DE ESCOMBROS A SITIO AUTORIZADO (APLICA PARA SOBRANTES QUE NO PERTENECEN A LAS ACTIVIDADES DE LA OBRA). | H28: M3 | I28: 7.67 | J28: ='APU 1.3.1'!O70 -> 142594 | K28: =ROUND(PRODUCT(I28:J28),2) -> 1093696
J30: SUBTOTAL | K30: =SUM(K28:K29) -> 1093696
D31: 2 | G31: CIMENTACION
D32: 2.1 | G32: EXCAVACIONES, RELLENOS Y REEMPLAZOS (MEDIDOS EN BANCA Y/O COMPACTOS)
D33: 2.1.1 | G33: EXCAVACION MANUAL EN MATERIAL COMUN (INCLUYE CARGUE, RETIRO Y DISPOCIÓN FINAL) | H33: M3 | I33: 109.34 | J33: ='APU 2.1.1'!O70 -> 117878 | K33: =ROUND(PRODUCT(I33:J33),2) -> 12888781
D34: 2.1.2 | G34: RELLENO EN RECEBO COMUN (SUMINISTRO, EXTENDIDO, HUMEDECIMIENTO Y COMPACTACIÓN) | H34: M3 | I34: 69.55 | J34: ='APU 2.1.2'!O70 -> 172010 | K34: =ROUND(PRODUCT(I34:J34),2) -> 11963296
J36: SUBTOTAL | K36: =SUM(K33:K35) -> 24852076
D37: 2.2 | G37: CONCRETOS PARA CIMENTACION
D38: 2.2.1 | G38: CONCRETO DE LIMPIEZA - 2000 PSI | H38: M3 | I38: 2.07 | J38: ='APU 2.2.1'!O70 -> 864058 | K38: =ROUND(PRODUCT(I38:J38),2) -> 1788600.1
D39: 2.2.2 | G39: CONCRETO PARA VIGAS DE CIMENTACIÓN 3000 PSI (INCLUYE TODO LO NECESARIO PARA SU CORRECTA EJECUCIÓN) | H39: M3 | I39: 5.54 | J39: ='APU 2.2.2'!O71 -> 1348219 | K39: =ROUND(PRODUCT(I39:J39),2) -> 7469133.3
D40: 2.2.3 | G40: CONCRETO PARA ZAPATAS 3000 PSI (INCLUYE TODO LO NECESARIO PARA SU CORRECTA EJECUCIÓN) | H40: M3 | I40: 11.66 | J40: ='APU 2.2.3'!O69 -> 1241476 | K40: =ROUND(PRODUCT(I40:J40),2) -> 14475610
J42: SUBTOTAL | K42: =SUM(K38:K41) -> 23733343
D43: 2.3 | G43: ACERO DE REFUERZO PARA CIMENTACION - ESTRUCTURA - MAMPOSTERIA Y OTROS
D44: 2.3.1 | G44: SUMINISTRO E INSTALACIÓN ACERO DE REFUERZO 60000 PSI | H44: KG | I44: 3593.96 | J44: ='APU 2.3.1'!O69 -> 11893 | K44: =ROUND(PRODUCT(I44:J44),2) -> 42742966
J46: SUBTOTAL | K46: =SUM(K44:K45) -> 42742966
D47: 2.4 | G47: OBRAS DE MITIGACION Y ESTABILIZACION
D48: 2.4.1 | G48: FILTRO TIPO FRANCES DE 40X50 CM, CON MATERIAL FILTRANTE EN TRITURADO DE 7/8", GEOTEXTIL NO TEJIDO Y TUBERIA PVC SANITARIA DE 3" PERFORADA | H48: M | I48: 11.3 | J48: ='APU 2.4.1'!O72 -> 223275 | K48: =ROUND(PRODUCT(I48:J48),2) -> 2523007.5
J50: SUBTOTAL | K50: =SUM(K48:K49) -> 2523007.5
D51: 3 | G51: DESAGÜES E INSTALACIONES SUBTERRANEAS (INCLUYE ATRAQUE)
D52: 3.1 | G52: DESAGÜES PARA AGUAS NEGRAS
D53: 3.1.1 | G53: TUBERIA PVC SANITARIA DE 2" (INCLUYE ATRAQUE EN CONCRETO) (INCLUYE ACCESORIOS) | H53: M | I53: 40 | J53: ='APU 3.1.1'!O69 -> 45655 | K53: =ROUND(PRODUCT(I53:J53),2) -> 1826200
D54: 3.1.2 | G54: TUBERIA PVC SANITARIA DE 4" (INCLUYE ATRAQUE EN CONCRETO) (INCLUYE ACCESORIOS) | H54: M | I54: 40 | J54: ='APU 3.1.2'!O69 -> 76916 | K54: =ROUND(PRODUCT(I54:J54),2) -> 3076640
J56: SUBTOTAL | K56: =SUM(K53:K55) -> 4902840
D57: 3.2 | G57: CONSTRUCCIONES EN MAMPOSTERIA
D58: 3.2.1 | G58: CAJA INSPECCION 60 X 60 X 60 CM (INC. BASE Y CAÑUELA Y TAPA CON MARCO METALICO) | H58: UND | I58: 1 | J58: ='APU 3.2.1'!O70 -> 906698 | K58: =ROUND(PRODUCT(I58:J58),2) -> 906698
J60: SUBTOTAL | K60: =SUM(K58:K59) -> 906698
D61: 4 | G61: ESTRUCTURA
D62: 4.1 | G62: ELEMENTOS VERTICALES EN CONCRETO (ELEMENTOS INTEGRALES CON SECCION UNIFORME, PLOMADOS, ALINEADOS, SIN BROSAS Y LIMPIOS; CON BOCEL SI APLICA)
D63: 4.1.1 | G63: COLUMNAS EN CONCRETO DE 3000 PSI | H63: M3 | I63: 6.38 | J63: ='APU 4.1.1'!O71 -> 1557519 | K63: =ROUND(PRODUCT(I63:J63),2) -> 9936971.2
J65: SUBTOTAL | K65: =SUM(K63:K64) -> 9936971.2
D66: 4.2 | G66: ELEMENTOS HORIZONTALES EN CONCRETO VISTO (ELEMENTOS INTEGRALES CON SECCION UNIFORME, PLOMADOS, ALINEADOS, SIN BROSAS Y LIMPIOS; CON BOCEL SI APLICA)
D67: 4.2.1 | G67: VIGAS AÉREAS EN CONCRETO DE 3000 PSI | H67: M3 | I67: 7.51 | J67: ='APU 4.2.1'!O71 -> 1749165 | K67: =ROUND(PRODUCT(I67:J67),2) -> 13136229
J69: SUBTOTAL | K69: =SUM(K67:K68) -> 13136229
D70: 4.3 | G70: LOSAS DE ENTREPSIO EN CONCRETO VISTO (ELEMENTOS INTEGRALES CON SECCION UNIFORME, PLOMADOS, ALINEADOS, SIN BROSAS Y LIMPIOS; CON BOCEL SI APLICA)
D71: 4.3.1 | G71: LOSA STEELDECK 2" CAL 22 - E = 10 CM (INC. CONCRETO 3000 PSI Y MALLA ELECTROSOLDADA Ø 5MM - 15X15) | H71: M2 | I71: 108.92 | J71: ='APU 4.3.1'!O72 -> 278123 | K71: =ROUND(PRODUCT(I71:J71),2) -> 30293157
J73: SUBTOTAL | K73: =SUM(K71:K72) -> 30293157
D74: 5 | G74: MAMPOSTERIA (UNIDAD DE MEDIDA M2, NO SE RECONOCE ML)
D75: 5.1 | G75: MAMPOSTERIA EN LADRILLO TOLETE Y HUECO
D76: 5.1.1 | G76: MUROS LADRILLO TOLETE FINO PERFORADO E=12 CM | H76: M2 | I76: 3 | J76: ='APU 5.1.1'!O69 -> 179396 | K76: =ROUND(PRODUCT(I76:J76),2) -> 538188
D77: 5.1.2 | G77: MURO EN BLOQUE NO. 4 E=10 CM | H77: M2 | I77: 85.86 | J77: ='APU 5.1.2'!O69 -> 94301 | K77: =ROUND(PRODUCT(I77:J77),2) -> 8096683.9
J79: SUBTOTAL | K79: =SUM(K76:K78) -> 8634871.9
D80: 5.2 | G80: ELEMENTOS ESTRUCTURALES Y NO ESTRUCTURALES
D81: 5.2.1 | G81: VIGA Y/O COLUMNETA DE CONFINAMIENTO DE CONCRETO DE 3000 PSI DE .10 X .20 .(INCLUYE ACERO) | H81: M | I81: 37.4 | J81: ='APU 5.2.1'!O70 -> 134176 | K81: =ROUND(PRODUCT(I81:J81),2) -> 5018182.4
J83: SUBTOTAL | K83: =SUM(K81:K82) -> 5018182.4
D84: 6 | G84: INSTALACIÓN HIDRAULICA SANITARIA Y DE GAS
D85: 6.1 | G85: RED GENERAL DE AGUA FRIA
D86: 6.1.1 | G86: RED SUMINISTRO PVCP DE 1/2" (INC. ACCESORIOS) | H86: M | I86: 36 | J86: ='APU 6.1.1'!O69 -> 12017 | K86: =ROUND(PRODUCT(I86:J86),2) -> 432612
D87: 6.1.2 | G87: REGISTRO P/D RED WHITE Ø 1/2" Ó EQUIVALENTE | H87: UND | I87: 4 | J87: ='APU 6.1.2'!O69 -> 92181 | K87: =ROUND(PRODUCT(I87:J87),2) -> 368724
J89: SUBTOTAL | K89: =SUM(K86:K88) -> 801336
D90: 6.2 | G90: PUNTOS HIDRAULICOS
D91: 6.2.1 | G91: PUNTO AGUA FRIA PVC (INCLUYE ACCESORIOS E INCLUYE RECORRIDO HASTA LA CONEXIÓN A LA RED PRINCIPAL, Y/O CAMBIO DE DIAMETRO) | H91: UND | I91: 9 | J91: ='APU 6.2.1'!O73 -> 94907 | K91: =ROUND(PRODUCT(I91:J91),2) -> 854163
J93: SUBTOTAL | K93: =SUM(K91:K92) -> 854163
D94: 6.3 | G94: SALIDAS SANITARIAS
D95: 6.3.1 | G95: PUNTO DESAGUE PVC Ø 2" | H95: UND | I95: 9 | J95: ='APU 6.3.1'!O73 -> 110352 | K95: =ROUND(PRODUCT(I95:J95),2) -> 993168
D96: 6.3.2 | G96: PUNTO DESAGUE PVC Ø 3" - Ø 4" | H96: UND | I96: 1 | J96: ='APU 6.3.2'!O74 -> 184976 | K96: =ROUND(PRODUCT(I96:J96),2) -> 184976
J98: SUBTOTAL | K98: =SUM(K95:K97) -> 1178144
D99: 7 | G99: INSTALACIÓN ELECTRICA, TELEFÓNICA Y COMUNICACIONES
D100: 7.1 | G100: SALIDAS PARA ALUMBRADO Y TOMAS (INCLUYEN TUBERIA Y CABLEADO HASTA UNA DISTANCIA DE 3,00 METROS)
D101: 7.1.1 | G101: SALIDA + INTERRUPTOR SENCILLO LUMINEX O EQUIVALENTE - INCLUYE CAJA, TUBERIA PVC DE 1/2", CONDUCTORES DE COBRE #12 AWG, LS ZH, APARATO ELECTRICO CORRESPONDIENTE Y DEMÁS ACCESORIOS NECESARIOS PARA SU CORRECTA INSTALACIÓN. SALIDA HASTA UNA DISTANCIA DE 3,00M | H101: UND | I101: 10 | J101: ='APU 7.1.1'!O74 -> 191482 | K101: =ROUND(PRODUCT(I101:J101),2) -> 1914820
D102: 7.1.2 | G102: SALIDA PARA LUMINARIA - INCLUYE CAJA, TUBERIA PVC DE 1/2", CONDUCTORES DE COBRE #12 AWG, LS ZH, APARATO ELECTRICO CORRESPONDIENTE Y DEMÁS ACCESORIOS NECESARIOS PARA SU CORRECTA INSTALACIÓN. SALIDA HASTA UNA DISTANCIA DE 3,00M | H102: UND | I102: 10 | J102: ='APU 7.1.2'!O74 -> 176544 | K102: =ROUND(PRODUCT(I102:J102),2) -> 1765440
D103: 7.1.3 | G103: SALIDA + TOMACORRIENTE DOBLE MONOFASICA - INCLUYE CAJA, TUBERIA PVC DE 1/2", CONDUCTORES DE COBRE #12 AWG, LS ZH, APARATO ELECTRICO CORRESPONDIENTE Y DEMÁS ACCESORIOS NECESARIOS PARA SU CORRECTA INSTALACIÓN. SALIDA HASTA UNA DISTANCIA DE 3,00M | H103: UND | I103: 25 | J103: ='APU 7.1.3'!O74 -> 184122 | K103: =ROUND(PRODUCT(I103:J103),2) -> 4603050
J105: SUBTOTAL | K105: =SUM(K101:K104) -> 8283310
D106: 7.2 | G106: ACOMETIDAS Y CONDUCTORES
D107: 7.2.1 | G107: TUBERIA PVC 1/2" EMBEBIDA. INC. ACCESORIOS | H107: M | I107: 90 | J107: ='APU 7.2.1'!O69 -> 13304 | K107: =ROUND(PRODUCT(I107:J107),2) -> 1197360
D108: 7.2.2 | G108: TUBERIA PVC 3/4" EMBEBIDA. INC. ACCESORIOS | H108: M | I108: 90 | J108: ='APU 7.2.2'!O69 -> 16703 | K108: =ROUND(PRODUCT(I108:J108),2) -> 1503270
D109: 7.2.3 | G109: CABLEADO 1#12 PE HF LS TC POR TUBERÍA, CANALETA O BANDEJA | H109: M | I109: 600 | J109: ='APU 7.2.3'!O69 -> 9051 | K109: =ROUND(PRODUCT(I109:J109),2) -> 5430600
D110: 7.2.4 | G110: BREAKER RIEL MONOPOLAR 1 X 6/63 A (SUMINISTRO E INSTALACIÓN) | H110: UND | I110: 4 | J110: ='APU 7.2.4'!O69 -> 61042 | K110: =ROUND(PRODUCT(I110:J110),2) -> 244168
D111: 7.2.5 | G111: TABLERO MONOFASICO DE 4 CIRCUITOS | H111: UND | I111: 1 | J111: ='APU 7.2.5'!O69 -> 94181 | K111: =ROUND(PRODUCT(I111:J111),2) -> 94181
J113: SUBTOTAL | K113: =SUM(K107:K112) -> 8469579
D114: 8 | G114: PAÑETES
D115: 8.1 | G115: PAÑETES SOBRE MUROS
D116: 8.1.1 | G116: PAÑETE LISO SOBRE MUROS 1:4 | H116: M2 | I116: 140.44 | J116: ='APU 8.1.1'!O69 -> 52879 | K116: =ROUND(PRODUCT(I116:J116),2) -> 7426326.8
D117: 8.1.2 | G117: RESANES GENERALES | H117: M2 | I117: 100 | J117: ='APU 8.1.2'!O69 -> 43449 | K117: =ROUND(PRODUCT(I117:J117),2) -> 4344900
J119: SUBTOTAL | K119: =SUM(K115:K118) -> 11771227
D120: 9 | G120: PISOS
D121: 9.1 | G121: BASES PISOS Y AFINADOS
D122: 9.1.1 | G122: AFINADO ENDURECIDO MORTERO 1:3 H=4 | H122: M2 | I122: 33.11 | J122: ='APU 9.1.1'!O69 -> 67251 | K122: =ROUND(PRODUCT(I122:J122),2) -> 2226680.6
J124: SUBTOTAL | K124: =SUM(K122:K123) -> 2226680.6
D125: 9.2 | G125: ACABADOS PISOS
...

Sheet APU 1.1.1
B1: Formulario 1 - Propuesta económica - Documento tipo de selección abreviada de menor cuantía
B2: Versión: 1 del 21 de agosto de 2025
C5: [La entidad podrá utilizar este formato para la presentación de los análisis de precios unitarios el contratista en la oportunidad prevista en el numeral 8.2. del Documento Base]
D8: =DATOS!B17 -> MUNICIPIO DE HACARÍ - DEPARTAMENTO NORTE DE SANTANDER
L9: VERSIÓN
D10: =DATOS!B8 -> HA-SA-003-2026
L11: PÁGINA | M11: 1 | N11: DE | O11: 1
D13: ANALISIS DE PRECIOS UNITARIOS
L15: FECHA | M15: DD | N15: MM | O15: AA
M16: 22 | N16: 5 | O16: 2026
C17: ITEMS DE LA PROPUESTA ECONÓMICA | G17: X | I17: ITEMS NO PREVISTOS
C21: DATOS ESPECÍFICOS
C23: ITEM | D23: DESCRIPCIÓN | M23: UNIDAD | O23: CANTIDAD
C24: 1.1.1 | D24: LIMPIEZA, DESCAPOTE, RETIRO SOBR. - MANUAL H = 0,20 MTS | M24: M2 | O24: 108.35
C25: I. EQUIPO
C28: DESCRIPCIÓN | H28: MARCA | J28: TIPO | L28: TARIFA/HORA | M28: RENDIMIENTO | O28: Vr. UNITARIO
C29: Herramienta menor (5% mano de obra) | O29: =5%*O55 -> 671.6665
C32: SUBTOTAL $ | O32: =SUM(O29:O31) -> 671.6665
C33: II. MATERIALES
C36: DESCRIPCIÓN | K36: UNIDAD | L36: CANTIDAD | M36: PRECIO UNIT. | O36: Vr. UNITARIO
C39: SUBTOTAL $ | O39: 0
C40: III. TRANSPORTES
C43: MATERIAL | J43: VOL. o PESO | K43: DISTANCIA | L43: M3 o Ton/Km | M43: TARIFA | O43: Vr. UNITARIO
C46: SUBTOTAL $
C47: IV. MANO DE OBRA
C50: TRABAJADOR | J50: JORNAL | K50: PRESTACIONES | L50: JORNAL TOTAL | M50: RENDIMIENTO | O50: Vr. UNITARIO
C51: Ayudante de construcción | J51: 85000 | K51: 1.95 | L51: =J51*K51 -> 165750 | M51: 32.118341 | O51: =L51/M51 -> 5160.6027
C52: Oficial de construcción | J52: 140000 | K52: 1.95 | L52: =J52*K52 -> 273000 | M52: 33 | O52: =L52/M52 -> 8272.7273
C55: SUBTOTAL $ | O55: =SUM(O51:O54) -> 13433.33
C57: TOTAL COSTO DIRECTO $ | O57: =ROUND((O32+O39+O46+O55),2) -> 14105
C58: V. COSTOS INDIRECTOS
C61: Descripción | L61: Porcentaje | M61: Total Costo Directo | O61: Valor Total
C62: ADMINISTRACION | L62: 0.25 | M62: =O$57 -> 14105 | O62: =L62*M62 -> 3526.25
C63: IMPREVISTOS | L63: 0.01 | M63: =O$57 -> 14105 | O63: =L63*M63 -> 141.05
C64: UTILIDAD | L64: 0.04 | M64: =O$57 -> 14105 | O64: =L64*M64 -> 564.2
C65: SUBTOTAL $ | O65: =ROUND(SUM(O62:O64),2) -> 4231.5
C67: Precio Unitario Total Aproximado al peso $ | O67: =ROUND((O57+O65),0) -> 18337
H71: Firma
H72: Nombre:
H73: Representante Legal del Contratista o su Apoderado
H74: Matricula No. :
C76: OBSERVACIONES INTERVENTORÍA
C80: APROBACIÓN POR INTERVENTORÍA
C81: Nota 1: Cuando se trate de Análisis de precios unitarios correspondientes a ítems de la propuesta económica aprobada, el Interventor aprueba el desglose de los componentes manteniendo el mismo precio unitario de cada ítem, cumpliendo con las especificaciones de construcción vigentes para el proyecto.
C83: Nota 2: Cuando se trate de Análisis de precios unitarios de ítems no previstos, el Interventor aprueba el desglose y precio unitario de cada ítem no previsto, exigiendo la aplicación de los costos correspondientes a insumos y tarifas de la propuesta económica inicial cuando estén contemplados, cumpliendo con las especificaciones de construcción vigente para el proyecto.
H86: Firma
H87: Nombre:
H88: Representante Legal del Interventor o su Apoderado
H89: Matricula No. :

Sheet APU 1.1.2
B1: Formulario 1 - Propuesta económica - Documento tipo de selección abreviada de menor cuantía
B2: Versión: 1 del 21 de agosto de 2025
C5: [La entidad podrá utilizar este formato para la presentación de los análisis de precios unitarios el contratista en la oportunidad prevista en el numeral 8.2. del Documento Base]
D8: =DATOS!B17 -> MUNICIPIO DE HACARÍ - DEPARTAMENTO NORTE DE SANTANDER
L9: VERSIÓN
D10: =DATOS!B8 -> HA-SA-003-2026
L11: PÁGINA | M11: 1 | N11: DE | O11: 1
D13: ANALISIS DE PRECIOS UNITARIOS
L15: FECHA | M15: DD | N15: MM | O15: AA
M16: 22 | N16: 5 | O16: 2026
C17: ITEMS DE LA PROPUESTA ECONÓMICA | G17: X | I17: ITEMS NO PREVISTOS
C21: DATOS ESPECÍFICOS
C23: ITEM | D23: DESCRIPCIÓN | M23: UNIDAD | O23: CANTIDAD
C24: 1.1.2 | D24: LOCALIZACIÓN Y REPLANTEO TOPOGRAFICO (AREA A PAGAR ES EL AREA DE LA HUELLA DE LA EDIFICACIÓN) | M24: M2 | O24: 435.1
C25: I. EQUIPO
C28: DESCRIPCIÓN | H28: MARCA | J28: TIPO | L28: TARIFA/HORA | M28: RENDIMIENTO | O28: Vr. UNITARIO
C29: Herramienta menor (5% mano de obra) | O29: =5%*O58 -> 201.49999
C32: SUBTOTAL $ | O32: =SUM(O29:O31) -> 201.49999
C33: II. MATERIALES
C36: DESCRIPCIÓN | K36: UNIDAD | L36: CANTIDAD | M36: PRECIO UNIT. | O36: Vr. UNITARIO
C37: Tabla pegachento 2*20*300 | K37: Und | L37: 0.04 | M37: 15700 | O37: =PRODUCT(L37:N37) -> 628
C38: Puntilla 2-1/2" | K38: Kg | L38: 0.02 | M38: 12000 | O38: =PRODUCT(L38:N38) -> 240
C39: Estaca en madera de 30 cm | K39: und | L39: 0.04 | M39: 3000 | O39: =PRODUCT(L39:N39) -> 120
C40: Hilo | K40: Rollo | L40: 0.02 | M40: 8000 | O40: =PRODUCT(L40:N40) -> 160
C41: Cal blanca | K41: Paca | L41: 0.02 | M41: 20000 | O41: =PRODUCT(L41:N41) -> 400
C42: SUBTOTAL $ | O42: =SUM(O37:O41) -> 1548
C43: III. TRANSPORTES
C46: MATERIAL | J46: VOL. o PESO | K46: DISTANCIA | L46: M3 o Ton/Km | M46: TARIFA | O46: Vr. UNITARIO
C49: SUBTOTAL $
C50: IV. MANO DE OBRA
C53: TRABAJADOR | J53: JORNAL | K53: PRESTACIONES | L53: JORNAL TOTAL | M53: RENDIMIENTO | O53: Vr. UNITARIO
C54: Ayudante de construcción | J54: 85000 | K54: 1.95 | L54: =J54*K54 -> 165750 | M54: 108.65912 | O54: =L54/M54 -> 1525.4126
C55: Oficial de construcción | J55: 140000 | K55: 1.95 | L55: =J55*K55 -> 273000 | M55: 109 | O55: =L55/M55 -> 2504.5872
C58: SUBTOTAL $ | O58: =SUM(O54:O57) -> 4029.9998
C60: TOTAL COSTO DIRECTO $ | O60: =ROUND((O32+O42+O49+O58),2) -> 5779.5
C61: V. COSTOS INDIRECTOS
C64: Descripción | L64: Porcentaje | M64: Total Costo Directo | O64: Valor Total
C65: ADMINISTRACION | L65: 0.25 | M65: =O$60 -> 5779.5 | O65: =L65*M65 -> 1444.875
C66: IMPREVISTOS | L66: 0.01 | M66: =O$60 -> 5779.5 | O66: =L66*M66 -> 57.795
C67: UTILIDAD | L67: 0.04 | M67: =O$60 -> 5779.5 | O67: =L67*M67 -> 231.18
C68: SUBTOTAL $ | O68: =ROUND(SUM(O65:O67),2) -> 1733.85
C70: Precio Unitario Total Aproximado al peso $ | O70: =ROUND((O60+O68),0) -> 7513
H74: Firma
H75: Nombre:
H76: Representante Legal del Contratista o su Apoderado
H77: Matricula No. :
C79: OBSERVACIONES INTERVENTORÍA
C83: APROBACIÓN POR INTERVENTORÍA
C84: Nota 1: Cuando se trate de Análisis de precios unitarios correspondientes a ítems de la propuesta económica aprobada, el Interventor aprueba el desglose de los componentes manteniendo el mismo precio unitario de cada ítem, cumpliendo con las especificaciones de construcción vigentes para el proyecto.
C86: Nota 2: Cuando se trate de Análisis de precios unitarios de ítems no previstos, el Interventor aprueba el desglose y precio unitario de cada ítem no previsto, exigiendo la aplicación de los costos correspondientes a insumos y tarifas de la propuesta económica inicial cuando estén contemplados, cumpliendo con las especificaciones de construcción vigente para el proyecto.
H89: Firma
H90: Nombre:
H91: Representante Legal del Interventor o su Apoderado
H92: Matricula No. :

Sheet APU 1.2.1
B1: Formulario 1 - Propuesta económica - Documento tipo de selección abreviada de menor cuantía
B2: Versión: 1 del 21 de agosto de 2025
C5: [La entidad podrá utilizar este formato para la presentación de los análisis de precios unitarios el contratista en la oportunidad prevista en el numeral 8.2. del Documento Base]
D8: =DATOS!B17 -> MUNICIPIO DE HACARÍ - DEPARTAMENTO NORTE DE SANTANDER
L9: VERSIÓN
D10: =DATOS!B8 -> HA-SA-003-2026
L11: PÁGINA | M11: 1 | N11: DE | O11: 1
D13: ANALISIS DE PRECIOS UNITARIOS
L15: FECHA | M15: DD | N15: MM | O15: AA
M16: 22 | N16: 5 | O16: 2026
C17: ITEMS DE LA PROPUESTA ECONÓMICA | G17: X | I17: ITEMS NO PREVISTOS
C21: DATOS ESPECÍFICOS
C23: ITEM | D23: DESCRIPCIÓN | M23: UNIDAD | O23: CANTIDAD
C24: 1.2.1 | D24: DEMOLICIÓN DE CONSTRUCCIONES EXISTENTES (INC. RETIRO DE SOBR.) | M24: M2 | O24: 44.01
C25: I. EQUIPO
C28: DESCRIPCIÓN | H28: MARCA | J28: TIPO | L28: TARIFA/HORA | M28: RENDIMIENTO | O28: Vr. UNITARIO
C29: Herramienta menor (5% mano de obra) | O29: =5%*O58 -> 1950
C30: Martillo eléctrico | L30: =120000/8 -> 15000 | M30: 0.375 | O30: =L30/M30 -> 40000
C32: SUBTOTAL $ | O32: =SUM(O29:O31) -> 41950
C33: II. MATERIALES
C36: DESCRIPCIÓN | K36: UNIDAD | L36: CANTIDAD | M36: PRECIO UNIT. | O36: Vr. UNITARIO
C42: SUBTOTAL $ | O42: =SUM(O37:O41) -> 0
C43: III. TRANSPORTES
C46: MATERIAL | J46: VOL. o PESO | K46: DISTANCIA | L46: M3 o Ton/Km | M46: TARIFA | O46: Vr. UNITARIO
C49: SUBTOTAL $
C50: IV. MANO DE OBRA
C53: TRABAJADOR | J53: JORNAL | K53: PRESTACIONES | L53: JORNAL TOTAL | M53: RENDIMIENTO | O53: Vr. UNITARIO
C54: Ayudante de construcción | J54: 85000 | K54: 1.95 | L54: =J54*K54 -> 165750 | M54: 11.6875 | O54: =L54/M54 -> 14181.818
C55: Oficial de construcción | J55: 140000 | K55: 1.95 | L55: =J55*K55 -> 273000 | M55: 11 | O55: =L55/M55 -> 24818.182
C58: SUBTOTAL $ | O58: =SUM(O54:O57) -> 39000
C60: TOTAL COSTO DIRECTO $ | O60: =ROUND((O32+O42+O49+O58),2) -> 80950
C61: V. COSTOS INDIRECTOS
C64: Descripción | L64: Porcentaje | M64: Total Costo Directo | O64: Valor Total
C65: ADMINISTRACION | L65: 0.25 | M65: =O$60 -> 80950 | O65: =L65*M65 -> 20237.5
C66: IMPREVISTOS | L66: 0.01 | M66: =O$60 -> 80950 | O66: =L66*M66 -> 809.5
C67: UTILIDAD | L67: 0.04 | M67: =O$60 -> 80950 | O67: =L67*M67 -> 3238
C68: SUBTOTAL $ | O68: =ROUND(SUM(O65:O67),2) -> 24285
C70: Precio Unitario Total Aproximado al peso $ | O70: =ROUND((O60+O68),0) -> 105235
H74: Firma
H75: Nombre:
H76: Representante Legal del Contratista o su Apoderado
H77: Matricula No. :
C79: OBSERVACIONES INTERVENTORÍA
C83: APROBACIÓN POR INTERVENTORÍA
C84: Nota 1: Cuando se trate de Análisis de precios unitarios correspondientes a ítems de la propuesta económica aprobada, el Interventor aprueba el desglose de los componentes manteniendo el mismo precio unitario de cada ítem, cumpliendo con las especificaciones de construcción vigentes para el proyecto.
C86: Nota 2: Cuando se trate de Análisis de precios unitarios de ítems no previstos, el Interventor aprueba el desglose y precio unitario de cada ítem no previsto, exigiendo la aplicación de los costos correspondientes a insumos y tarifas de la propuesta económica inicial cuando estén contemplados, cumpliendo con las especificaciones de construcción vigente para el proyecto.
H89: Firma
H90: Nombre:
H91: Representante Legal del Interventor o su Apoderado
H92: Matricula No. :

Sheet APU 1.2.2
B1: Formulario 1 - Propuesta económica - Documento tipo de selección abreviada de menor cuantía
B2: Versión: 1 del 21 de agosto de 2025
C5: [La entidad podrá utilizar este formato para la presentación de los análisis de precios unitarios el contratista en la oportunidad prevista en el numeral 8.2. del Documento Base]
D8: =DATOS!B17 -> MUNICIPIO DE HACARÍ - DEPARTAMENTO NORTE DE SANTANDER
L9: VERSIÓN
D10: =DATOS!B8 -> HA-SA-003-2026
L11: PÁGINA | M11: 1 | N11: DE | O11: 1
D13: ANALISIS DE PRECIOS UNITARIOS
L15: FECHA | M15: DD | N15: MM | O15: AA
M16: 22 | N16: 5 | O16: 2026
C17: ITEMS DE LA PROPUESTA ECONÓMICA | G17: X | I17: ITEMS NO PREVISTOS
C21: DATOS ESPECÍFICOS
C23: ITEM | D23: DESCRIPCIÓN | M23: UNIDAD | O23: CANTIDAD
C24: 1.2.2 | D24: DESMONTE DE APARATOS SANITARIOS | M24: UND | O24: 1
C25: I. EQUIPO
C28: DESCRIPCIÓN | H28: MARCA | J28: TIPO | L28: TARIFA/HORA | M28: RENDIMIENTO | O28: Vr. UNITARIO
C29: Herramienta menor (5% mano de obra) | O29: =5%*O58 -> 3656.25
C32: SUBTOTAL $ | O32: =SUM(O29:O31) -> 3656.25
C33: II. MATERIALES
C36: DESCRIPCIÓN | K36: UNIDAD | L36: CANTIDAD | M36: PRECIO UNIT. | O36: Vr. UNITARIO
C42: SUBTOTAL $ | O42: =SUM(O37:O41) -> 0
C43: III. TRANSPORTES
C46: MATERIAL | J46: VOL. o PESO | K46: DISTANCIA | L46: M3 o Ton/Km | M46: TARIFA | O46: Vr. UNITARIO
C49: SUBTOTAL $
C50: IV. MANO DE OBRA
C53: TRABAJADOR | J53: JORNAL | K53: PRESTACIONES | L53: JORNAL TOTAL | M53: RENDIMIENTO | O53: Vr. UNITARIO
C54: Ayudante de construcción | J54: 85000 | K54: 1.95 | L54: =J54*K54 -> 165750 | M54: 6 | O54: =L54/M54 -> 27625
C55: Oficial de construcción | J55: 140000 | K55: 1.95 | L55: =J55*K55 -> 273000 | M55: 6 | O55: =L55/M55 -> 45500
C58: SUBTOTAL $ | O58: =SUM(O54:O57) -> 73125
C60: TOTAL COSTO DIRECTO $ | O60: =ROUND((O32+O42+O49+O58),2) -> 76781.25
C61: V. COSTOS INDIRECTOS
C64: Descripción | L64: Porcentaje | M64: Total Costo Directo | O64: Valor Total
C65: ADMINISTRACION | L65: 0.25 | M65: =O$60 -> 76781.25 | O65: =L65*M65 -> 19195.312
C66: IMPREVISTOS | L66: 0.01 | M66: =O$60 -> 76781.25 | O66: =L66*M66 -> 767.8125
C67: UTILIDAD | L67: 0.04 | M67: =O$60 -> 76781.25 | O67: =L67*M67 -> 3071.25
C68: SUBTOTAL $ | O68: =ROUND(SUM(O65:O67),2) -> 23034.38
C70: Precio Unitario Total Aproximado al peso $ | O70: =ROUND((O60+O68),0) -> 99816
H74: Firma
H75: Nombre:
H76: Representante Legal del Contratista o su Apoderado
H77: Matricula No. :
C79: OBSERVACIONES INTERVENTORÍA
C83: APROBACIÓN POR INTERVENTORÍA
C84: Nota 1: Cuando se trate de Análisis de precios unitarios correspondientes a ítems de la propuesta económica aprobada, el Interventor aprueba el desglose de los componentes manteniendo el mismo precio unitario de cada ítem, cumpliendo con las especificaciones de construcción vigentes para el proyecto.
C86: Nota 2: Cuando se trate de Análisis de precios unitarios de ítems no previstos, el Interventor aprueba el desglose y precio unitario de cada ítem no previsto, exigiendo la aplicación de los costos correspondientes a insumos y tarifas de la propuesta económica inicial cuando estén contemplados, cumpliendo con las especificaciones de construcción vigente para el proyecto.
H89: Firma
H90: Nombre:
H91: Representante Legal del Interventor o su Apoderado
H92: Matricula No. :

Sheet APU 1.2.3
B1: Formulario 1 - Propuesta económica - Documento tipo de selección abreviada de menor cuantía
B2: Versión: 1 del 21 de agosto de 2025
C5: [La entidad podrá utilizar este formato para la presentación de los análisis de precios unitarios el contratista en la oportunidad prevista en el numeral 8.2. del Documento Base]
D8: =DATOS!B17 -> MUNICIPIO DE HACARÍ - DEPARTAMENTO NORTE DE SANTANDER
L9: VERSIÓN
D10: =DATOS!B8 -> HA-SA-003-2026
L11: PÁGINA | M11: 1 | N11: DE | O11: 1
D13: ANALISIS DE PRECIOS UNITARIOS
L15: FECHA | M15: DD | N15: MM | O15: AA
M16: 22 | N16: 5 | O16: 2026
C17: ITEMS DE LA PROPUESTA ECONÓMICA | G17: X | I17: ITEMS NO PREVISTOS
C21: DATOS ESPECÍFICOS
C23: ITEM | D23: DESCRIPCIÓN | M23: UNIDAD | O23: CANTIDAD
C24: 1.2.3 | D24: DESMONTE DE LAVAMANOS | M24: UND | O24: 1
C25: I. EQUIPO
C28: DESCRIPCIÓN | H28: MARCA | J28: TIPO | L28: TARIFA/HORA | M28: RENDIMIENTO | O28: Vr. UNITARIO
C29: Herramienta menor (5% mano de obra) | O29: =5%*O58 -> 2742.1875
C32: SUBTOTAL $ | O32: =SUM(O29:O31) -> 2742.1875
C33: II. MATERIALES
C36: DESCRIPCIÓN | K36: UNIDAD | L36: CANTIDAD | M36: PRECIO UNIT. | O36: Vr. UNITARIO
C42: SUBTOTAL $ | O42: =SUM(O37:O41) -> 0
C43: III. TRANSPORTES
C46: MATERIAL | J46: VOL. o PESO | K46: DISTANCIA | L46: M3 o Ton/Km | M46: TARIFA | O46: Vr. UNITARIO
C49: SUBTOTAL $
C50: IV. MANO DE OBRA
C53: TRABAJADOR | J53: JORNAL | K53: PRESTACIONES | L53: JORNAL TOTAL | M53: RENDIMIENTO | O53: Vr. UNITARIO
C54: Ayudante de construcción | J54: 85000 | K54: 1.95 | L54: =J54*K54 -> 165750 | M54: 8 | O54: =L54/M54 -> 20718.75
C55: Oficial de construcción | J55: 140000 | K55: 1.95 | L55: =J55*K55 -> 273000 | M55: 8 | O55: =L55/M55 -> 34125
C58: SUBTOTAL $ | O58: =SUM(O54:O57) -> 54843.75
C60: TOTAL COSTO DIRECTO $ | O60: =ROUND((O32+O42+O49+O58),2) -> 57585.94
C61: V. COSTOS INDIRECTOS
C64: Descripción | L64: Porcentaje | M64: Total Costo Directo | O64: Valor Total
C65: ADMINISTRACION | L65: 0.25 | M65: =O$60 -> 57585.94 | O65: =L65*M65 -> 14396.485
C66: IMPREVISTOS | L66: 0.01 | M66: =O$60 -> 57585.94 | O66: =L66*M66 -> 575.8594
C67: UTILIDAD | L67: 0.04 | M67: =O$60 -> 57585.94 | O67: =L67*M67 -> 2303.4376
C68: SUBTOTAL $ | O68: =ROUND(SUM(O65:O67),2) -> 17275.78
C70: Precio Unitario Total Aproximado al peso $ | O70: =ROUND((O60+O68),0) -> 74862
H74: Firma
H75: Nombre:
H76: Representante Legal del Contratista o su Apoderado
H77: Matricula No. :
C79: OBSERVACIONES INTERVENTORÍA
C83: APROBACIÓN POR INTERVENTORÍA
C84: Nota 1: Cuando se trate de Análisis de precios unitarios correspondientes a ítems de la propuesta económica aprobada, el Interventor aprueba el desglose de los componentes manteniendo el mismo precio unitario de cada ítem, cumpliendo con las especificaciones de construcción vigentes para el proyecto.
C86: Nota 2: Cuando se trate de Análisis de precios unitarios de ítems no previstos, el Interventor aprueba el desglose y precio unitario de cada ítem no previsto, exigiendo la aplicación de los costos correspondientes a insumos y tarifas de la propuesta económica inicial cuando estén contemplados, cumpliendo con las especificaciones de construcción vigente para el proyecto.
H89: Firma
H90: Nombre:
H91: Representante Legal del Interventor o su Apoderado
H92: Matricula No. :

Sheet APU 1.2.4
B1: Formulario 1 - Propuesta económica - Documento tipo de selección abreviada de menor cuantía
B2: Versión: 1 del 21 de agosto de 2025
C5: [La entidad podrá utilizar este formato para la presentación de los análisis de precios unitarios el contratista en la oportunidad prevista en el numeral 8.2. del Documento Base]
D8: =DATOS!B17 -> MUNICIPIO DE HACARÍ - DEPARTAMENTO NORTE DE SANTANDER
L9: VERSIÓN
D10: =DATOS!B8 -> HA-SA-003-2026
L11: PÁGINA | M11: 1 | N11: DE | O11: 1
D13: ANALISIS DE PRECIOS UNITARIOS
L15: FECHA | M15: DD | N15: MM | O15: AA
M16: 22 | N16: 5 | O16: 2026
C17: ITEMS DE LA PROPUESTA ECONÓMICA | G17: X | I17: ITEMS NO PREVISTOS
C21: DATOS ESPECÍFICOS
C23: ITEM | D23: DESCRIPCIÓN | M23: UNIDAD | O23: CANTIDAD
C24: 1.2.4 | D24: DESMONTE MARCOS Y PUERTAS | M24: UND | O24: 5
C25: I. EQUIPO
C28: DESCRIPCIÓN | H28: MARCA | J28: TIPO | L28: TARIFA/HORA | M28: RENDIMIENTO | O28: Vr. UNITARIO
C29: Herramienta menor (5% mano de obra) | O29: =5%*O58 -> 3133.9286
C32: SUBTOTAL $ | O32: =SUM(O29:O31) -> 3133.9286
C33: II. MATERIALES
C36: DESCRIPCIÓN | K36: UNIDAD | L36: CANTIDAD | M36: PRECIO UNIT. | O36: Vr. UNITARIO
C42: SUBTOTAL $ | O42: =SUM(O37:O41) -> 0
C43: III. TRANSPORTES
C46: MATERIAL | J46: VOL. o PESO | K46: DISTANCIA | L46: M3 o Ton/Km | M46: TARIFA | O46: Vr. UNITARIO
C49: SUBTOTAL $
C50: IV. MANO DE OBRA
C53: TRABAJADOR | J53: JORNAL | K53: PRESTACIONES | L53: JORNAL TOTAL | M53: RENDIMIENTO | O53: Vr. UNITARIO
C54: Ayudante de construcción | J54: 85000 | K54: 1.95 | L54: =J54*K54 -> 165750 | M54: 7 | O54: =L54/M54 -> 23678.571
C55: Oficial de construcción | J55: 140000 | K55: 1.95 | L55: =J55*K55 -> 273000 | M55: 7 | O55: =L55/M55 -> 39000
C58: SUBTOTAL $ | O58: =SUM(O54:O57) -> 62678.571
C60: TOTAL COSTO DIRECTO $ | O60: =ROUND((O32+O42+O49+O58),2) -> 65812.5
C61: V. COSTOS INDIRECTOS
C64: Descripción | L64: Porcentaje | M64: Total Costo Directo | O64: Valor Total
C65: ADMINISTRACION | L65: 0.25 | M65: =O$60 -> 65812.5 | O65: =L65*M65 -> 16453.125
C66: IMPREVISTOS | L66: 0.01 | M66: =O$60 -> 65812.5 | O66: =L66*M66 -> 658.125
C67: UTILIDAD | L67: 0.04 | M67: =O$60 -> 65812.5 | O67: =L67*M67 -> 2632.5
C68: SUBTOTAL $ | O68: =ROUND(SUM(O65:O67),2) -> 19743.75
C70: Precio Unitario Total Aproximado al peso $ | O70: =ROUND((O60+O68),0) -> 85556
H74: Firma
H75: Nombre:
H76: Representante Legal del Contratista o su Apoderado
H77: Matricula No. :
C79: OBSERVACIONES INTERVENTORÍA
C83: APROBACIÓN POR INTERVENTORÍA
C84: Nota 1: Cuando se trate de Análisis de precios unitarios correspondientes a ítems de la propuesta económica aprobada, el Interventor aprueba el desglose de los componentes manteniendo el mismo precio unitario de cada ítem, cumpliendo con las especificaciones de construcción vigentes para el proyecto.
C86: Nota 2: Cuando se trate de Análisis de precios unitarios de ítems no previstos, el Interventor aprueba el desglose y precio unitario de cada ítem no previsto, exigiendo la aplicación de los costos correspondientes a insumos y tarifas de la propuesta económica inicial cuando estén contemplados, cumpliendo con las especificaciones de construcción vigente para el proyecto.
H89: Firma
H90: Nombre:
H91: Representante Legal del Interventor o su Apoderado
H92: Matricula No. :

Sheet APU 1.2.5
B1: Formulario 1 - Propuesta económica - Documento tipo de selección abreviada de menor cuantía
B2: Versión: 1 del 21 de agosto de 2025
C5: [La entidad podrá utilizar este formato para la presentación de los análisis de precios unitarios el contratista en la oportunidad prevista en el numeral 8.2. del Documento Base]
D8: =DATOS!B17 -> MUNICIPIO DE HACARÍ - DEPARTAMENTO NORTE DE SANTANDER
L9: VERSIÓN
D10: =DATOS!B8 -> HA-SA-003-2026
L11: PÁGINA | M11: 1 | N11: DE | O11: 1
D13: ANALISIS DE PRECIOS UNITARIOS
L15: FECHA | M15: DD | N15: MM | O15: AA
M16: 22 | N16: 5 | O16: 2026
C17: ITEMS DE LA PROPUESTA ECONÓMICA | G17: X | I17: ITEMS NO PREVISTOS
C21: DATOS ESPECÍFICOS
C23: ITEM | D23: DESCRIPCIÓN | M23: UNIDAD | O23: CANTIDAD
C24: 1.2.5 | D24: DESMONTE DE VENTANAS | M24: UND | O24: 1
C25: I. EQUIPO
C28: DESCRIPCIÓN | H28: MARCA | J28: TIPO | L28: TARIFA/HORA | M28: RENDIMIENTO | O28: Vr. UNITARIO
C29: Herramienta menor (5% mano de obra) | O29: =5%*O58 -> 2193.75
C32: SUBTOTAL $ | O32: =SUM(O29:O31) -> 2193.75
C33: II. MATERIALES
C36: DESCRIPCIÓN | K36: UNIDAD | L36: CANTIDAD | M36: PRECIO UNIT. | O36: Vr. UNITARIO
C42: SUBTOTAL $ | O42: =SUM(O37:O41) -> 0
C43: III. TRANSPORTES
C46: MATERIAL | J46: VOL. o PESO | K46: DISTANCIA | L46: M3 o Ton/Km | M46: TARIFA | O46: Vr. UNITARIO
C49: SUBTOTAL $
C50: IV. MANO DE OBRA
C53: TRABAJADOR | J53: JORNAL | K53: PRESTACIONES | L53: JORNAL TOTAL | M53: RENDIMIENTO | O53: Vr. UNITARIO
C54: Ayudante de construcción | J54: 85000 | K54: 1.95 | L54: =J54*K54 -> 165750 | M54: 10 | O54: =L54/M54 -> 16575
C55: Oficial de construcción | J55: 140000 | K55: 1.95 | L55: =J55*K55 -> 273000 | M55: 10 | O55: =L55/M55 -> 27300
C58: SUBTOTAL $ | O58: =SUM(O54:O57) -> 43875
C60: TOTAL COSTO DIRECTO $ | O60: =ROUND((O32+O42+O49+O58),2) -> 46068.75
C61: V. COSTOS INDIRECTOS
C64: Descripción | L64: Porcentaje | M64: Total Costo Directo | O64: Valor Total
C65: ADMINISTRACION | L65: 0.25 | M65: =O$60 -> 46068.75 | O65: =L65*M65 -> 11517.188
C66: IMPREVISTOS | L66: 0.01 | M66: =O$60 -> 46068.75 | O66: =L66*M66 -> 460.6875
C67: UTILIDAD | L67: 0.04 | M67: =O$60 -> 46068.75 | O67: =L67*M67 -> 1842.75
C68: SUBTOTAL $ | O68: =ROUND(SUM(O65:O67),2) -> 13820.63
C70: Precio Unitario Total Aproximado al peso $ | O70: =ROUND((O60+O68),0) -> 59889
H74: Firma
H75: Nombre:
H76: Representante Legal del Contratista o su Apoderado
H77: Matricula No. :
C79: OBSERVACIONES INTERVENTORÍA
C83: APROBACIÓN POR INTERVENTORÍA
C84: Nota 1: Cuando se trate de Análisis de precios unitarios correspondientes a ítems de la propuesta económica aprobada, el Interventor aprueba el desglose de los componentes manteniendo el mismo precio unitario de cada ítem, cumpliendo con las especificaciones de construcción vigentes para el proyecto.
C86: Nota 2: Cuando se trate de Análisis de precios unitarios de ítems no previstos, el Interventor aprueba el desglose y precio unitario de cada ítem no previsto, exigiendo la aplicación de los costos correspondientes a insumos y tarifas de la propuesta económica inicial cuando estén contemplados, cumpliendo con las especificaciones de construcción vigente para el proyecto.
H89: Firma
H90: Nombre:
H91: Representante Legal del Interventor o su Apoderado
H92: Matricula No. :

Sheet APU 1.3.1
B1: Formulario 1 - Propuesta económica - Documento tipo de selección abreviada de menor cuantía
B2: Versión: 1 del 21 de agosto de 2025
C5: [La entidad podrá utilizar este formato para la presentación de los análisis de precios unitarios el contratista en la oportunidad prevista en el numeral 8.2. del Documento Base]
D8: =DATOS!B17 -> MUNICIPIO DE HACARÍ - DEPARTAMENTO NORTE DE SANTANDER
L9: VERSIÓN
D10: =DATOS!B8 -> HA-SA-003-2026
L11: PÁGINA | M11: 1 | N11: DE | O11: 1
D13: ANALISIS DE PRECIOS UNITARIOS
L15: FECHA | M15: DD | N15: MM | O15: AA
M16: 22 | N16: 5 | O16: 2026
C17: ITEMS DE LA PROPUESTA ECONÓMICA | G17: X | I17: ITEMS NO PREVISTOS
C21: DATOS ESPECÍFICOS
C23: ITEM | D23: DESCRIPCIÓN | M23: UNIDAD | O23: CANTIDAD
C24: 1.3.1 | D24: RETIRO DE SOBRANTES: CARGUE TRANSPORTE Y DISPOSICION FINAL DE ESCOMBROS A SITIO AUTORIZADO (APLICA PARA SOBRANTES QUE NO PERTENECEN A LAS ACTIVIDADES DE LA OBRA). | M24: M3 | O24: 7.6703909
C25: I. EQUIPO
C28: DESCRIPCIÓN | H28: MARCA | J28: TIPO | L28: TARIFA/HORA | M28: RENDIMIENTO | O28: Vr. UNITARIO
C29: Herramienta menor (5% mano de obra) | O29: =5%*O58 -> 5223.2145
C32: SUBTOTAL $ | O32: =SUM(O29:O31) -> 5223.2145
C33: II. MATERIALES
C36: DESCRIPCIÓN | K36: UNIDAD | L36: CANTIDAD | M36: PRECIO UNIT. | O36: Vr. UNITARIO
C42: SUBTOTAL $ | O42: =SUM(O37:O41) -> 0
C43: III. TRANSPORTES
C46: MATERIAL | J46: VOL. o PESO | K46: DISTANCIA | L46: M3 o Ton/Km | M46: TARIFA | O46: Vr. UNITARIO
C49: SUBTOTAL $
C50: IV. MANO DE OBRA
C53: TRABAJADOR | J53: JORNAL | K53: PRESTACIONES | L53: JORNAL TOTAL | M53: RENDIMIENTO | O53: Vr. UNITARIO
C54: Ayudante de construcción | J54: 85000 | K54: 1.95 | L54: =J54*K54 -> 165750 | M54: 4.5769225 | O54: =L54/M54 -> 36214.29
C55: Oficial de construcción | J55: 140000 | K55: 1.95 | L55: =J55*K55 -> 273000 | M55: 4 | O55: =L55/M55 -> 68250
C58: SUBTOTAL $ | O58: =SUM(O54:O57) -> 104464.29
C60: TOTAL COSTO DIRECTO $ | O60: =ROUND((O32+O42+O49+O58),2) -> 109687.5
C61: V. COSTOS INDIRECTOS
C64: Descripción | L64: Porcentaje | M64: Total Costo Directo | O64: Valor Total
C65: ADMINISTRACION | L65: 0.25 | M65: =O$60 -> 109687.5 | O65: =L65*M65 -> 27421.875
C66: IMPREVISTOS | L66: 0.01 | M66: =O$60 -> 109687.5 | O66: =L66*M66 -> 1096.875
C67: UTILIDAD | L67: 0.04 | M67: =O$60 -> 109687.5 | O67: =L67*M67 -> 4387.5
C68: SUBTOTAL $ | O68: =ROUND(SUM(O65:O67),2) -> 32906.25
C70: Precio Unitario Total Aproximado al peso $ | O70: =ROUND((O60+O68),0) -> 142594
H74: Firma
H75: Nombre:
H76: Representante Legal del Contratista o su Apoderado
H77: Matricula No. :
C79: OBSERVACIONES INTERVENTORÍA
C83: APROBACIÓN POR INTERVENTORÍA
C84: Nota 1: Cuando se trate de Análisis de precios unitarios correspondientes a ítems de la propuesta económica aprobada, el Interventor aprueba el desglose de los componentes manteniendo el mismo precio unitario de cada ítem, cumpliendo con las especificaciones de construcción vigentes para el proyecto.
C86: Nota 2: Cuando se trate de Análisis de precios unitarios de ítems no previstos, el Interventor aprueba el desglose y precio unitario de cada ítem no previsto, exigiendo la aplicación de los costos correspondientes a insumos y tarifas de la propuesta económica inicial cuando estén contemplados, cumpliendo con las especificaciones de construcción vigente para el proyecto.
H89: Firma
H90: Nombre:
H91: Representante Legal del Interventor o su Apoderado
H92: Matricula No. :

Sheet APU 2.1.1
B1: Formulario 1 - Propuesta económica - Documento tipo de selección abreviada de menor cuantía
B2: Versión: 1 del 21 de agosto de 2025
C5: [La entidad podrá utilizar este formato para la presentación de los análisis de precios unitarios el contratista en la oportunidad prevista en el numeral 8.2. del Documento Base]
D8: =DATOS!B17 -> MUNICIPIO DE HACARÍ - DEPARTAMENTO NORTE DE SANTANDER
L9: VERSIÓN
D10: =DATOS!B8 -> HA-SA-003-2026
L11: PÁGINA | M11: 1 | N11: DE | O11: 1
D13: ANALISIS DE PRECIOS UNITARIOS
L15: FECHA | M15: DD | N15: MM | O15: AA
M16: 22 | N16: 5 | O16: 2026
C17: ITEMS DE LA PROPUESTA ECONÓMICA | G17: X | I17: ITEMS NO PREVISTOS
C21: DATOS ESPECÍFICOS
C23: ITEM | D23: DESCRIPCIÓN | M23: UNIDAD | O23: CANTIDAD
C24: 2.1.1 | D24: EXCAVACION MANUAL EN MATERIAL COMUN (INCLUYE CARGUE, RETIRO Y DISPOCIÓN FINAL) | M24: M3 | O24: 109.34
C25: I. EQUIPO
C28: DESCRIPCIÓN | H28: MARCA | J28: TIPO | L28: TARIFA/HORA | M28: RENDIMIENTO | O28: Vr. UNITARIO
C29: Herramienta menor (5% mano de obra) | O29: =5%*O58 -> 4317.857
C32: SUBTOTAL $ | O32: =SUM(O29:O31) -> 4317.857
C33: II. MATERIALES
C36: DESCRIPCIÓN | K36: UNIDAD | L36: CANTIDAD | M36: PRECIO UNIT. | O36: Vr. UNITARIO
C42: SUBTOTAL $ | O42: =SUM(O37:O41) -> 0
C43: III. TRANSPORTES
C46: MATERIAL | J46: VOL. o PESO | K46: DISTANCIA | L46: M3 o Ton/Km | M46: TARIFA | O46: Vr. UNITARIO
C49: SUBTOTAL $
C50: IV. MANO DE OBRA
C53: TRABAJADOR | J53: JORNAL | K53: PRESTACIONES | L53: JORNAL TOTAL | M53: RENDIMIENTO | O53: Vr. UNITARIO
C54: Ayudante de construcción | J54: 85000 | K54: 1.95 | L54: =J54*K54 -> 165750 | M54: 5.2192987 | O54: =L54/M54 -> 31757.14
C55: Oficial de construcción | J55: 140000 | K55: 1.95 | L55: =J55*K55 -> 273000 | M55: 5 | O55: =L55/M55 -> 54600
C58: SUBTOTAL $ | O58: =SUM(O54:O57) -> 86357.14
C60: TOTAL COSTO DIRECTO $ | O60: =ROUND((O32+O42+O49+O58),2) -> 90675
C61: V. COSTOS INDIRECTOS
C64: Descripción | L64: Porcentaje | M64: Total Costo Directo | O64: Valor Total
C65: ADMINISTRACION | L65: 0.25 | M65: =O$60 -> 90675 | O65: =L65*M65 -> 22668.75
C66: IMPREVISTOS | L66: 0.01 | M66: =O$60 -> 90675 | O66: =L66*M66 -> 906.75
C67: UTILIDAD | L67: 0.04 | M67: =O$60 -> 90675 | O67: =L67*M67 -> 3627
C68: SUBTOTAL $ | O68: =ROUND(SUM(O65:O67),2) -> 27202.5
C70: Precio Unitario Total Aproximado al peso $ | O70: =ROUND((O60+O68),0) -> 117878
H74: Firma
H75: Nombre:
H76: Representante Legal del Contratista o su Apoderado
H77: Matricula No. :
C79: OBSERVACIONES INTERVENTORÍA
C83: APROBACIÓN POR INTERVENTORÍA
C84: Nota 1: Cuando se trate de Análisis de precios unitarios correspondientes a ítems de la propuesta económica aprobada, el Interventor aprueba el desglose de los componentes manteniendo el mismo precio unitario de cada ítem, cumpliendo con las especificaciones de construcción vigentes para el proyecto.
C86: Nota 2: Cuando se trate de Análisis de precios unitarios de ítems no previstos, el Interventor aprueba el desglose y precio unitario de cada ítem no previsto, exigiendo la aplicación de los costos correspondientes a insumos y tarifas de la propuesta económica inicial cuando estén contemplados, cumpliendo con las especificaciones de construcción vigente para el proyecto.
H89: Firma
H90: Nombre:
H91: Representante Legal del Interventor o su Apoderado
H92: Matricula No. :

Sheet APU 2.1.2
B1: Formulario 1 - Propuesta económica - Documento tipo de selección abreviada de menor cuantía
B2: Versión: 1 del 21 de agosto de 2025
C5: [La entidad podrá utilizar este formato para la presentación de los análisis de precios unitarios el contratista en la oportunidad prevista en el numeral 8.2. del Documento Base]
D8: =DATOS!B17 -> MUNICIPIO DE HACARÍ - DEPARTAMENTO NORTE DE SANTANDER
L9: VERSIÓN
D10: =DATOS!B8 -> HA-SA-003-2026
L11: PÁGINA | M11: 1 | N11: DE | O11: 1
D13: ANALISIS DE PRECIOS UNITARIOS
L15: FECHA | M15: DD | N15: MM | O15: AA
M16: 22 | N16: 5 | O16: 2026
C17: ITEMS DE LA PROPUESTA ECONÓMICA | G17: X | I17: ITEMS NO PREVISTOS
C21: DATOS ESPECÍFICOS
C23: ITEM | D23: DESCRIPCIÓN | M23: UNIDAD | O23: CANTIDAD
C24: 2.1.2 | D24: RELLENO EN RECEBO COMUN (SUMINISTRO, EXTENDIDO, HUMEDECIMIENTO Y COMPACTACIÓN) | M24: M3 | O24: 69.55
C25: I. EQUIPO
C28: DESCRIPCIÓN | H28: MARCA | J28: TIPO | L28: TARIFA/HORA | M28: RENDIMIENTO | O28: Vr. UNITARIO
C29: Herramienta menor (5% mano de obra) | O29: =5%*O58 -> 2015
C30: Rana compactadora | L30: =80000/8 -> 10000 | M30: 0.5 | O30: =L30/M30 -> 20000
C32: SUBTOTAL $ | O32: =SUM(O29:O31) -> 22015
C33: II. MATERIALES
C36: DESCRIPCIÓN | K36: UNIDAD | L36: CANTIDAD | M36: PRECIO UNIT. | O36: Vr. UNITARIO
C37: Recebo común | K37: M3 | L37: 1 | M37: 70000 | O37: =L37*M37 -> 70000
C42: SUBTOTAL $ | O42: =SUM(O37:O41) -> 70000
C43: III. TRANSPORTES
C46: MATERIAL | J46: VOL. o PESO | K46: DISTANCIA | L46: M3 o Ton/Km | M46: TARIFA | O46: Vr. UNITARIO
C49: SUBTOTAL $
C50: IV. MANO DE OBRA
C53: TRABAJADOR | J53: JORNAL | K53: PRESTACIONES | L53: JORNAL TOTAL | M53: RENDIMIENTO | O53: Vr. UNITARIO
C54: Ayudante de construcción | J54: 85000 | K54: 1.95 | L54: =J54*K54 -> 165750 | M54: 10.706107 | O54: =L54/M54 -> 15481.818
C55: Oficial de construcción | J55: 140000 | K55: 1.95 | L55: =J55*K55 -> 273000 | M55: 11 | O55: =L55/M55 -> 24818.182
C58: SUBTOTAL $ | O58: =SUM(O54:O57) -> 40300
C60: TOTAL COSTO DIRECTO $ | O60: =ROUND((O32+O42+O49+O58),2) -> 132315
C61: V. COSTOS INDIRECTOS
C64: Descripción | L64: Porcentaje | M64: Total Costo Directo | O64: Valor Total
C65: ADMINISTRACION | L65: 0.25 | M65: =O$60 -> 132315 | O65: =L65*M65 -> 33078.75
C66: IMPREVISTOS | L66: 0.01 | M66: =O$60 -> 132315 | O66: =L66*M66 -> 1323.15
C67: UTILIDAD | L67: 0.04 | M67: =O$60 -> 132315 | O67: =L67*M67 -> 5292.6
C68: SUBTOTAL $ | O68: =ROUND(SUM(O65:O67),2) -> 39694.5
C70: Precio Unitario Total Aproximado al peso $ | O70: =ROUND((O60+O68),0) -> 172010
H74: Firma
H75: Nombre:
H76: Representante Legal del Contratista o su Apoderado
H77: Matricula No. :
C79: OBSERVACIONES INTERVENTORÍA
C83: APROBACIÓN POR INTERVENTORÍA
C84: Nota 1: Cuando se trate de Análisis de precios unitarios correspondientes a ítems de la propuesta económica aprobada, el Interventor aprueba el desglose de los componentes manteniendo el mismo precio unitario de cada ítem, cumpliendo con las especificaciones de construcción vigentes para el proyecto.
C86: Nota 2: Cuando se trate de Análisis de precios unitarios de ítems no previstos, el Interventor aprueba el desglose y precio unitario de cada ítem no previsto, exigiendo la aplicación de los costos correspondientes a insumos y tarifas de la propuesta económica inicial cuando estén contemplados, cumpliendo con las especificaciones de construcción vigente para el proyecto.
H89: Firma
H90: Nombre:
H91: Representante Legal del Interventor o su Apoderado
H92: Matricula No. :

Sheet APU 2.2.1
B1: Formulario 1 - Propuesta económica - Documento tipo de selección abreviada de menor cuantía
B2: Versión: 1 del 21 de agosto de 2025
C5: [La entidad podrá utilizar este formato para la presentación de los análisis de precios unitarios el contratista en la oportunidad prevista en el numeral 8.2. del Documento Base]
D8: =DATOS!B17 -> MUNICIPIO DE HACARÍ - DEPARTAMENTO NORTE DE SANTANDER
L9: VERSIÓN
D10: =DATOS!B8 -> HA-SA-003-2026
L11: PÁGINA | M11: 1 | N11: DE | O11: 1
D13: ANALISIS DE PRECIOS UNITARIOS
L15: FECHA | M15: DD | N15: MM | O15: AA
M16: 22 | N16: 5 | O16: 2026
C17: ITEMS DE LA PROPUESTA ECONÓMICA | G17: X | I17: ITEMS NO PREVISTOS
C21: DATOS ESPECÍFICOS
C23: ITEM | D23: DESCRIPCIÓN | M23: UNIDAD | O23: CANTIDAD
C24: 2.2.1 | D24: CONCRETO DE LIMPIEZA - 2000 PSI | M24: M3 | O24: 2.07
C25: I. EQUIPO
C28: DESCRIPCIÓN | H28: MARCA | J28: TIPO | L28: TARIFA/HORA | M28: RENDIMIENTO | O28: Vr. UNITARIO
C29: Herramienta menor (5% mano de obra) | O29: =5%*O58 -> 6045
C30: Rana compactadora | L30: =80000/8 -> 10000 | M30: 0.75 | O30: =L30/M30 -> 13333.333
C32: SUBTOTAL $ | O32: =SUM(O29:O31) -> 19378.333
C33: II. MATERIALES
C36: DESCRIPCIÓN | K36: UNIDAD | L36: CANTIDAD | M36: PRECIO UNIT. | O36: Vr. UNITARIO
C37: Cemento gris | K37: Kg | L37: 350 | M37: 800 | O37: =L37*M37 -> 280000
C38: Arena lavada | K38: M3 | L38: 1.05 | M38: 160000 | O38: =L38*M38 -> 168000
C39: Agua | K39: Lt | L39: 160 | M39: 49.9 | O39: =L39*M39 -> 7984
C42: SUBTOTAL $ | O42: =SUM(O37:O41) -> 455984
C43: III. TRANSPORTES
C46: MATERIAL | J46: VOL. o PESO | K46: DISTANCIA | L46: M3 o Ton/Km | M46: TARIFA | O46: Vr. UNITARIO
C47: Transporte (15% materiales en obra) | O47: =15%*O42 -> 68397.6
C49: SUBTOTAL $ | O49: =SUM(O47:O48) -> 68397.6
C50: IV. MANO DE OBRA
C53: TRABAJADOR | J53: JORNAL | K53: PRESTACIONES | L53: JORNAL TOTAL | M53: RENDIMIENTO | O53: Vr. UNITARIO
C54: Ayudante de construcción | J54: 85000 | K54: 1.95 | L54: =J54*K54 -> 165750 | M54: 3.1481481 | O54: =L54/M54 -> 52650
C55: Oficial de construcción | J55: 140000 | K55: 1.95 | L55: =J55*K55 -> 273000 | M55: 4 | O55: =L55/M55 -> 68250
C58: SUBTOTAL $ | O58: =SUM(O54:O57) -> 120900
C60: TOTAL COSTO DIRECTO $ | O60: =ROUND((O32+O42+O49+O58),2) -> 664659.93
C61: V. COSTOS INDIRECTOS
C64: Descripción | L64: Porcentaje | M64: Total Costo Directo | O64: Valor Total
C65: ADMINISTRACION | L65: 0.25 | M65: =O$60 -> 664659.93 | O65: =L65*M65 -> 166164.98
C66: IMPREVISTOS | L66: 0.01 | M66: =O$60 -> 664659.93 | O66: =L66*M66 -> 6646.5993
C67: UTILIDAD | L67: 0.04 | M67: =O$60 -> 664659.93 | O67: =L67*M67 -> 26586.397
C68: SUBTOTAL $ | O68: =ROUND(SUM(O65:O67),2) -> 199397.98
C70: Precio Unitario Total Aproximado al peso $ | O70: =ROUND((O60+O68),0) -> 864058
H74: Firma
H75: Nombre:
H76: Representante Legal del Contratista o su Apoderado
H77: Matricula No. :
C79: OBSERVACIONES INTERVENTORÍA
C83: APROBACIÓN POR INTERVENTORÍA
C84: Nota 1: Cuando se trate de Análisis de precios unitarios correspondientes a ítems de la propuesta económica aprobada, el Interventor aprueba el desglose de los componentes manteniendo el mismo precio unitario de cada ítem, cumpliendo con las especificaciones de construcción vigentes para el proyecto.
C86: Nota 2: Cuando se trate de Análisis de precios unitarios de ítems no previstos, el Interventor aprueba el desglose y precio unitario de cada ítem no previsto, exigiendo la aplicación de los costos correspondientes a insumos y tarifas de la propuesta económica inicial cuando estén contemplados, cumpliendo con las especificaciones de construcción vigente para el proyecto.
H89: Firma
H90: Nombre:
H91: Representante Legal del Interventor o su Apoderado
H92: Matricula No. :

Sheet APU 2.2.2
B1: Formulario 1 - Propuesta económica - Documento tipo de selección abreviada de menor cuantía
B2: Versión: 1 del 21 de agosto de 2025
C5: [La entidad podrá utilizar este formato para la presentación de los análisis de precios unitarios el contratista en la oportunidad prevista en el numeral 8.2. del Documento Base]
D8: =DATOS!B17 -> MUNICIPIO DE HACARÍ - DEPARTAMENTO NORTE DE SANTANDER
L9: VERSIÓN
D10: =DATOS!B8 -> HA-SA-003-2026
L11: PÁGINA | M11: 1 | N11: DE | O11: 1
D13: ANALISIS DE PRECIOS UNITARIOS
L15: FECHA | M15: DD | N15: MM | O15: AA
M16: 22 | N16: 5 | O16: 2026
C17: ITEMS DE LA PROPUESTA ECONÓMICA | G17: X | I17: ITEMS NO PREVISTOS
C21: DATOS ESPECÍFICOS
C23: ITEM | D23: DESCRIPCIÓN | M23: UNIDAD | O23: CANTIDAD
C24: 2.2.2 | D24: CONCRETO PARA VIGAS DE CIMENTACIÓN 3000 PSI (INCLUYE TODO LO NECESARIO PARA SU CORRECTA EJECUCIÓN) | M24: M3 | O24: 5.54
C25: I. EQUIPO
C28: DESCRIPCIÓN | H28: MARCA | J28: TIPO | L28: TARIFA/HORA | M28: RENDIMIENTO | O28: Vr. UNITARIO
C29: Herramienta menor (5% mano de obra) | O29: =5%*O59 -> 11700
C30: Mezcladora de concreto | L30: =80000/8 -> 10000 | M30: 0.5 | O30: =L30/M30 -> 20000
C31: Vibrador de concreto | L31: =80000/8 -> 10000 | M31: 0.5 | O31: =L31/M31 -> 20000
C32: SUBTOTAL $ | O32: =SUM(O29:O31) -> 51700
C33: II. MATERIALES
C36: DESCRIPCIÓN | K36: UNIDAD | L36: CANTIDAD | M36: PRECIO UNIT. | O36: Vr. UNITARIO
C37: Cemento gris | K37: Kg | L37: 350 | M37: 800 | O37: =L37*M37 -> 280000
C38: Arena lavada | K38: M3 | L38: 0.6 | M38: 160000 | O38: =L38*M38 -> 96000
C39: Triturado | K39: M3 | L39: 0.9 | M39: 220000 | O39: =L39*M39 -> 198000
C40: Agua | K40: Lt | L40: 160 | M40: 49.9 | O40: =L40*M40 -> 7984
C41: Tabla de madera (3,00x0,30x0,02 m) | K41: Docena | L41: 0.2 | M41: 350000 | O41: =L41*M41 -> 70000
C42: Puntilla 2-1/2" | K42: Lb | L42: 0.2 | M42: 7000 | O42: =L42*M42 -> 1400
C43: SUBTOTAL $ | O43: =SUM(O37:O42) -> 653384
C44: III. TRANSPORTES
C47: MATERIAL | J47: VOL. o PESO | K47: DISTANCIA | L47: M3 o Ton/Km | M47: TARIFA | O47: Vr. UNITARIO
C48: Transporte (15% materiales en obra) | O48: =15%*O43 -> 98007.6
C50: SUBTOTAL $ | O50: =SUM(O48:O49) -> 98007.6
C51: IV. MANO DE OBRA
C54: TRABAJADOR | J54: JORNAL | K54: PRESTACIONES | L54: JORNAL TOTAL | M54: RENDIMIENTO | O54: Vr. UNITARIO
C55: Ayudante de construcción | J55: 85000 | K55: 1.95 | L55: =J55*K55 -> 165750 | M55: 1.7 | O55: =L55/M55 -> 97500
C56: Oficial de construcción | J56: 140000 | K56: 1.95 | L56: =J56*K56 -> 273000 | M56: 2 | O56: =L56/M56 -> 136500
C59: SUBTOTAL $ | O59: =SUM(O55:O58) -> 234000
C61: TOTAL COSTO DIRECTO $ | O61: =ROUND((O32+O43+O50+O59),2) -> 1037091.6
C62: V. COSTOS INDIRECTOS
C65: Descripción | L65: Porcentaje | M65: Total Costo Directo | O65: Valor Total
C66: ADMINISTRACION | L66: 0.25 | M66: =O$61 -> 1037091.6 | O66: =L66*M66 -> 259272.9
C67: IMPREVISTOS | L67: 0.01 | M67: =O$61 -> 1037091.6 | O67: =L67*M67 -> 10370.916
C68: UTILIDAD | L68: 0.04 | M68: =O$61 -> 1037091.6 | O68: =L68*M68 -> 41483.664
C69: SUBTOTAL $ | O69: =ROUND(SUM(O66:O68),2) -> 311127.48
C71: Precio Unitario Total Aproximado al peso $ | O71: =ROUND((O61+O69),0) -> 1348219
H75: Firma
H76: Nombre:
H77: Representante Legal del Contratista o su Apoderado
H78: Matricula No. :
C80: OBSERVACIONES INTERVENTORÍA
C84: APROBACIÓN POR INTERVENTORÍA
C85: Nota 1: Cuando se trate de Análisis de precios unitarios correspondientes a ítems de la propuesta económica aprobada, el Interventor aprueba el desglose de los componentes manteniendo el mismo precio unitario de cada ítem, cumpliendo con las especificaciones de construcción vigentes para el proyecto.
C87: Nota 2: Cuando se trate de Análisis de precios unitarios de ítems no previstos, el Interventor aprueba el desglose y precio unitario de cada ítem no previsto, exigiendo la aplicación de los costos correspondientes a insumos y tarifas de la propuesta económica inicial cuando estén contemplados, cumpliendo con las especificaciones de construcción vigente para el proyecto.
H90: Firma
H91: Nombre:
H92: Representante Legal del Interventor o su Apoderado
H93: Matricula No. :

Sheet APU 2.2.3
B1: Formulario 1 - Propuesta económica - Documento tipo de selección abreviada de menor cuantía
B2: Versión: 1 del 21 de agosto de 2025
C5: [La entidad podrá utilizar este formato para la presentación de los análisis de precios unitarios el contratista en la oportunidad prevista en el numeral 8.2. del Documento Base]
D8: =DATOS!B17 -> MUNICIPIO DE HACARÍ - DEPARTAMENTO NORTE DE SANTANDER
L9: VERSIÓN
D10: =DATOS!B8 -> HA-SA-003-2026
L11: PÁGINA | M11: 1 | N11: DE | O11: 1
D13: ANALISIS DE PRECIOS UNITARIOS
L15: FECHA | M15: DD | N15: MM | O15: AA
M16: 22 | N16: 5 | O16: 2026
C17: ITEMS DE LA PROPUESTA ECONÓMICA | G17: X | I17: ITEMS NO PREVISTOS
C21: DATOS ESPECÍFICOS
C23: ITEM | D23: DESCRIPCIÓN | M23: UNIDAD | O23: CANTIDAD
C24: 2.2.3 | D24: CONCRETO PARA ZAPATAS 3000 PSI (INCLUYE TODO LO NECESARIO PARA SU CORRECTA EJECUCIÓN) | M24: M3 | O24: 11.66
C25: I. EQUIPO
C28: DESCRIPCIÓN | H28: MARCA | J28: TIPO | L28: TARIFA/HORA | M28: RENDIMIENTO | O28: Vr. UNITARIO
C29: Herramienta menor (5% mano de obra) | O29: =5%*O57 -> 11700
C30: Mezcladora de concreto | L30: =80000/8 -> 10000 | M30: 0.5 | O30: =L30/M30 -> 20000
C31: Vibrador de concreto | L31: =80000/8 -> 10000 | M31: 0.5 | O31: =L31/M31 -> 20000
C32: SUBTOTAL $ | O32: =SUM(O29:O31) -> 51700
C33: II. MATERIALES
C36: DESCRIPCIÓN | K36: UNIDAD | L36: CANTIDAD | M36: PRECIO UNIT. | O36: Vr. UNITARIO
C37: Cemento gris | K37: Kg | L37: 350 | M37: 800 | O37: =L37*M37 -> 280000
C38: Arena lavada | K38: M3 | L38: 0.6 | M38: 160000 | O38: =L38*M38 -> 96000
C39: Triturado | K39: M3 | L39: 0.9 | M39: 220000 | O39: =L39*M39 -> 198000
C40: Agua | K40: Lt | L40: 160 | M40: 49.9 | O40: =L40*M40 -> 7984
C41: SUBTOTAL $ | O41: =SUM(O37:O40) -> 581984
C42: III. TRANSPORTES
C45: MATERIAL | J45: VOL. o PESO | K45: DISTANCIA | L45: M3 o Ton/Km | M45: TARIFA | O45: Vr. UNITARIO
C46: Transporte (15% materiales en obra) | O46: =15%*O41 -> 87297.6
C48: SUBTOTAL $ | O48: =SUM(O46:O47) -> 87297.6
C49: IV. MANO DE OBRA
C52: TRABAJADOR | J52: JORNAL | K52: PRESTACIONES | L52: JORNAL TOTAL | M52: RENDIMIENTO | O52: Vr. UNITARIO
C53: Ayudante de construcción | J53: 85000 | K53: 1.95 | L53: =J53*K53 -> 165750 | M53: 1.7 | O53: =L53/M53 -> 97500
C54: Oficial de construcción | J54: 140000 | K54: 1.95 | L54: =J54*K54 -> 273000 | M54: 2 | O54: =L54/M54 -> 136500
C57: SUBTOTAL $ | O57: =SUM(O53:O56) -> 234000
C59: TOTAL COSTO DIRECTO $ | O59: =ROUND((O32+O41+O48+O57),2) -> 954981.6
C60: V. COSTOS INDIRECTOS
C63: Descripción | L63: Porcentaje | M63: Total Costo Directo | O63: Valor Total
C64: ADMINISTRACION | L64: 0.25 | M64: =O$59 -> 954981.6 | O64: =L64*M64 -> 238745.4
C65: IMPREVISTOS | L65: 0.01 | M65: =O$59 -> 954981.6 | O65: =L65*M65 -> 9549.816
C66: UTILIDAD | L66: 0.04 | M66: =O$59 -> 954981.6 | O66: =L66*M66 -> 38199.264
C67: SUBTOTAL $ | O67: =ROUND(SUM(O64:O66),2) -> 286494.48
C69: Precio Unitario Total Aproximado al peso $ | O69: =ROUND((O59+O67),0) -> 1241476
H73: Firma
H74: Nombre:
H75: Representante Legal del Contratista o su Apoderado
H76: Matricula No. :
C78: OBSERVACIONES INTERVENTORÍA
C82: APROBACIÓN POR INTERVENTORÍA
C83: Nota 1: Cuando se trate de Análisis de precios unitarios correspondientes a ítems de la propuesta económica aprobada, el Interventor aprueba el desglose de los componentes manteniendo el mismo precio unitario de cada ítem, cumpliendo con las especificaciones de construcción vigentes para el proyecto.
C85: Nota 2: Cuando se trate de Análisis de precios unitarios de ítems no previstos, el Interventor aprueba el desglose y precio unitario de cada ítem no previsto, exigiendo la aplicación de los costos correspondientes a insumos y tarifas de la propuesta económica inicial cuando estén contemplados, cumpliendo con las especificaciones de construcción vigente para el proyecto.
H88: Firma
H89: Nombre:
H90: Representante Legal del Interventor o su Apoderado
H91: Matricula No. :

Sheet APU 2.3.1
B1: Formulario 1 - Propuesta económica - Documento tipo de selección abreviada de menor cuantía
B2: Versión: 1 del 21 de agosto de 2025
C5: [La entidad podrá utilizar este formato para la presentación de los análisis de precios unitarios el contratista en la oportunidad prevista en el numeral 8.2. del Documento Base]
D8: =DATOS!B17 -> MUNICIPIO DE HACARÍ - DEPARTAMENTO NORTE DE SANTANDER
L9: VERSIÓN
D10: =DATOS!B8 -> HA-SA-003-2026
L11: PÁGINA | M11: 1 | N11: DE | O11: 1
D13: ANALISIS DE PRECIOS UNITARIOS
L15: FECHA | M15: DD | N15: MM | O15: AA
M16: 22 | N16: 5 | O16: 2026
C17: ITEMS DE LA PROPUESTA ECONÓMICA | G17: X | I17: ITEMS NO PREVISTOS
C21: DATOS ESPECÍFICOS
C23: ITEM | D23: DESCRIPCIÓN | M23: UNIDAD | O23: CANTIDAD
C24: 2.3.1 | D24: SUMINISTRO E INSTALACIÓN ACERO DE REFUERZO 60000 PSI | M24: KG | O24: 3593.96
C25: I. EQUIPO
C28: DESCRIPCIÓN | H28: MARCA | J28: TIPO | L28: TARIFA/HORA | M28: RENDIMIENTO | O28: Vr. UNITARIO
C29: Herramienta menor (5% mano de obra) | O29: =5%*O57 -> 151.12501
C30: Cizalla | L30: =15000/8 -> 1875 | M30: 13.042996 | O30: =L30/M30 -> 143.75532
C31: Dobladora | L31: =15000/8 -> 1875 | M31: 12 | O31: =L31/M31 -> 156.25
C32: SUBTOTAL $ | O32: =SUM(O29:O31) -> 451.13033
C33: II. MATERIALES
C36: DESCRIPCIÓN | K36: UNIDAD | L36: CANTIDAD | M36: PRECIO UNIT. | O36: Vr. UNITARIO
C37: Varilla corrugada de 1/2" | K37: Kg | L37: 1 | M37: =28000/(0.994*6) -> 4694.8357 | O37: =L37*M37 -> 4694.8357
C38: Alambre negro | K38: Kg | L38: 0.03 | M38: 8000 | O38: =L38*M38 -> 240
O39: =L39*M39 -> 0
O40: =L40*M40 -> 0
C41: SUBTOTAL $ | O41: =SUM(O37:O40) -> 4934.8357
C42: III. TRANSPORTES
C45: MATERIAL | J45: VOL. o PESO | K45: DISTANCIA | L45: M3 o Ton/Km | M45: TARIFA | O45: Vr. UNITARIO
C46: Transporte (15% materiales en obra) | O46: =15%*O41 -> 740.22535
C48: SUBTOTAL $ | O48: =SUM(O46:O47) -> 740.22535
C49: IV. MANO DE OBRA
C52: TRABAJADOR | J52: JORNAL | K52: PRESTACIONES | L52: JORNAL TOTAL | M52: RENDIMIENTO | O52: Vr. UNITARIO
C53: Ayudante de construcción | J53: 85000 | K53: 1.95 | L53: =J53*K53 -> 165750 | M53: 145.42771 | O53: =L53/M53 -> 1139.7415
C54: Oficial de construcción | J54: 140000 | K54: 1.95 | L54: =J54*K54 -> 273000 | M54: 145 | O54: =L54/M54 -> 1882.7586
C57: SUBTOTAL $ | O57: =SUM(O53:O56) -> 3022.5002
C59: TOTAL COSTO DIRECTO $ | O59: =ROUND((O32+O41+O48+O57),2) -> 9148.69
C60: V. COSTOS INDIRECTOS
C63: Descripción | L63: Porcentaje | M63: Total Costo Directo | O63: Valor Total
C64: ADMINISTRACION | L64: 0.25 | M64: =O$59 -> 9148.69 | O64: =L64*M64 -> 2287.1725
C65: IMPREVISTOS | L65: 0.01 | M65: =O$59 -> 9148.69 | O65: =L65*M65 -> 91.4869
C66: UTILIDAD | L66: 0.04 | M66: =O$59 -> 9148.69 | O66: =L66*M66 -> 365.9476
C67: SUBTOTAL $ | O67: =ROUND(SUM(O64:O66),2) -> 2744.61
C69: Precio Unitario Total Aproximado al peso $ | O69: =ROUND((O59+O67),0) -> 11893
H73: Firma
H74: Nombre:
H75: Representante Legal del Contratista o su Apoderado
H76: Matricula No. :
C78: OBSERVACIONES INTERVENTORÍA
C82: APROBACIÓN POR INTERVENTORÍA
C83: Nota 1: Cuando se trate de Análisis de precios unitarios correspondientes a ítems de la propuesta económica aprobada, el Interventor aprueba el desglose de los componentes manteniendo el mismo precio unitario de cada ítem, cumpliendo con las especificaciones de construcción vigentes para el proyecto.
C85: Nota 2: Cuando se trate de Análisis de precios unitarios de ítems no previstos, el Interventor aprueba el desglose y precio unitario de cada ítem no previsto, exigiendo la aplicación de los costos correspondientes a insumos y tarifas de la propuesta económica inicial cuando estén contemplados, cumpliendo con las especificaciones de construcción vigente para el proyecto.
H88: Firma
H89: Nombre:
H90: Representante Legal del Interventor o su Apoderado
H91: Matricula No. :

Sheet APU 2.4.1
B1: Formulario 1 - Propuesta económica - Documento tipo de selección abreviada de menor cuantía
B2: Versión: 1 del 21 de agosto de 2025
C5: [La entidad podrá utilizar este formato para la presentación de los análisis de precios unitarios el contratista en la oportunidad prevista en el numeral 8.2. del Documento Base]
D8: =DATOS!B17 -> MUNICIPIO DE HACARÍ - DEPARTAMENTO NORTE DE SANTANDER
L9: VERSIÓN
D10: =DATOS!B8 -> HA-SA-003-2026
L11: PÁGINA | M11: 1 | N11: DE | O11: 1
D13: ANALISIS DE PRECIOS UNITARIOS
L15: FECHA | M15: DD | N15: MM | O15: AA
M16: 22 | N16: 5 | O16: 2026
C17: ITEMS DE LA PROPUESTA ECONÓMICA | G17: X | I17: ITEMS NO PREVISTOS
C21: DATOS ESPECÍFICOS
C23: ITEM | D23: DESCRIPCIÓN | M23: UNIDAD | O23: CANTIDAD
C24: 2.4.1 | D24: FILTRO TIPO FRANCES DE 40X50 CM, CON MATERIAL FILTRANTE EN TRITURADO DE 7/8", GEOTEXTIL NO TEJIDO Y TUBERIA PVC SANITARIA DE 3" PERFORADA | M24: ML | O24: 11.3
C25: I. EQUIPO
C28: DESCRIPCIÓN | H28: MARCA | J28: TIPO | L28: TARIFA/HORA | M28: RENDIMIENTO | O28: Vr. UNITARIO
C29: Herramienta menor (5% mano de obra) | O29: =5%*O60 -> 4317.857
C32: SUBTOTAL $ | O32: =SUM(O29:O31) -> 4317.857
C33: II. MATERIALES
C36: DESCRIPCIÓN | K36: UNIDAD | L36: CANTIDAD | M36: PRECIO UNIT. | O36: Vr. UNITARIO
C37: Triturado | K37: M3 | L37: 0.2 | M37: 220000 | O37: =L37*M37 -> 44000
C38: Geotextil no tejido | K38: ML | L38: =0.5 -> 0.5 | M38: =14000 -> 14000 | O38: =L38*M38 -> 7000
C39: Tuberia pvc sanitaria 3" TP | K39: ML | L39: 1 | M39: =75000/6 -> 12500 | O39: =L39*M39 -> 12500
C40: Uniones pvc sanitaria 3" | K40: und | L40: =1/6 -> 0.16666667 | M40: 15000 | O40: =L40*M40 -> 2500
C41: Pegante PVC (1/4 gl) | K41: und | L41: 0.04 | M41: 80000 | O41: =L41*M41 -> 3200
C42: Limpiador para pvc | K42: und | L42: 0.03 | M42: 10000 | O42: =L42*M42 -> 300
C43: Broca metalica de 3/8" | K43: und | L43: 0.1 | M43: 10000 | O43: =L43*M43 -> 1000
C44: SUBTOTAL $ | O44: =SUM(O37:O43) -> 70500
C45: III. TRANSPORTES
C48: MATERIAL | J48: VOL. o PESO | K48: DISTANCIA | L48: M3 o Ton/Km | M48: TARIFA | O48: Vr. UNITARIO
C49: Transporte (15% materiales en obra) | O49: =15%*O44 -> 10575
C51: SUBTOTAL $ | O51: =SUM(O49:O50) -> 10575
C52: IV. MANO DE OBRA
C55: TRABAJADOR | J55: JORNAL | K55: PRESTACIONES | L55: JORNAL TOTAL | M55: RENDIMIENTO | O55: Vr. UNITARIO
C56: Ayudante de construcción | J56: 85000 | K56: 1.95 | L56: =J56*K56 -> 165750 | M56: 5.2192987 | O56: =L56/M56 -> 31757.14
C57: Oficial de construcción | J57: 140000 | K57: 1.95 | L57: =J57*K57 -> 273000 | M57: 5 | O57: =L57/M57 -> 54600
C60: SUBTOTAL $ | O60: =SUM(O56:O59) -> 86357.14
C62: TOTAL COSTO DIRECTO $ | O62: =ROUND((O32+O44+O51+O60),2) -> 171750
C63: V. COSTOS INDIRECTOS
C66: Descripción | L66: Porcentaje | M66: Total Costo Directo | O66: Valor Total
C67: ADMINISTRACION | L67: 0.25 | M67: =O$62 -> 171750 | O67: =L67*M67 -> 42937.5
C68: IMPREVISTOS | L68: 0.01 | M68: =O$62 -> 171750 | O68: =L68*M68 -> 1717.5
C69: UTILIDAD | L69: 0.04 | M69: =O$62 -> 171750 | O69: =L69*M69 -> 6870
C70: SUBTOTAL $ | O70: =ROUND(SUM(O67:O69),2) -> 51525
C72: Precio Unitario Total Aproximado al peso $ | O72: =ROUND((O62+O70),0) -> 223275
H76: Firma
H77: Nombre:
H78: Representante Legal del Contratista o su Apoderado
H79: Matricula No. :
C81: OBSERVACIONES INTERVENTORÍA
C85: APROBACIÓN POR INTERVENTORÍA
C86: Nota 1: Cuando se trate de Análisis de precios unitarios correspondientes a ítems de la propuesta económica aprobada, el Interventor aprueba el desglose de los componentes manteniendo el mismo precio unitario de cada ítem, cumpliendo con las especificaciones de construcción vigentes para el proyecto.
C88: Nota 2: Cuando se trate de Análisis de precios unitarios de ítems no previstos, el Interventor aprueba el desglose y precio unitario de cada ítem no previsto, exigiendo la aplicación de los costos correspondientes a insumos y tarifas de la propuesta económica inicial cuando estén contemplados, cumpliendo con las especificaciones de construcción vigente para el proyecto.
H91: Firma
H92: Nombre:
H93: Representante Legal del Interventor o su Apoderado
H94: Matricula No. :

Sheet APU 3.1.1
B1: Formulario 1 - Propuesta económica - Documento tipo de selección abreviada de menor cuantía
B2: Versión: 1 del 21 de agosto de 2025
C5: [La entidad podrá utilizar este formato para la presentación de los análisis de precios unitarios el contratista en la oportunidad prevista en el numeral 8.2. del Documento Base]
D8: =DATOS!B17 -> MUNICIPIO DE HACARÍ - DEPARTAMENTO NORTE DE SANTANDER
L9: VERSIÓN
D10: =DATOS!B8 -> HA-SA-003-2026
L11: PÁGINA | M11: 1 | N11: DE | O11: 1
D13: ANALISIS DE PRECIOS UNITARIOS
L15: FECHA | M15: DD | N15: MM | O15: AA
M16: 22 | N16: 5 | O16: 2026
C17: ITEMS DE LA PROPUESTA ECONÓMICA | G17: X | I17: ITEMS NO PREVISTOS
C21: DATOS ESPECÍFICOS
C23: ITEM | D23: DESCRIPCIÓN | M23: UNIDAD | O23: CANTIDAD
C24: 3.1.1 | D24: TUBERIA PVC SANITARIA DE 2" (INCLUYE ATRAQUE EN CONCRETO) (INCLUYE ACCESORIOS) | M24: M | O24: 40
C25: I. EQUIPO
C28: DESCRIPCIÓN | H28: MARCA | J28: TIPO | L28: TARIFA/HORA | M28: RENDIMIENTO | O28: Vr. UNITARIO
C29: Herramienta menor (5% mano de obra) | O29: =5%*O57 -> 604.5
C32: SUBTOTAL $ | O32: =SUM(O29:O31) -> 604.5
C33: II. MATERIALES
C36: DESCRIPCIÓN | K36: UNIDAD | L36: CANTIDAD | M36: PRECIO UNIT. | O36: Vr. UNITARIO
C37: Tubo pvc sanitario 2" RDE 41 | K37: ML | L37: 1.05 | M37: 10000 | O37: =L37*M37 -> 10500
C38: Limpiador para pvc (1/4 gl) | K38: Und | L38: 0.05 | M38: 30000 | O38: =L38*M38 -> 1500
C39: Codo pvc 2"- Sanitario | K39: Und | L39: 1 | M39: 3500 | O39: =L39*M39 -> 3500
C40: Pegante PVC (1/4 gl) | K40: Und | L40: 0.05 | M40: 80000 | O40: =L40*M40 -> 4000
C41: SUBTOTAL $ | O41: =SUM(O37:O40) -> 19500
C42: III. TRANSPORTES
C45: MATERIAL | J45: VOL. o PESO | K45: DISTANCIA | L45: M3 o Ton/Km | M45: TARIFA | O45: Vr. UNITARIO
C46: Transporte (15% materiales en obra) | O46: =15%*O41 -> 2925
C48: SUBTOTAL $ | O48: =SUM(O46:O47) -> 2925
C49: IV. MANO DE OBRA
C52: TRABAJADOR | J52: JORNAL | K52: PRESTACIONES | L52: JORNAL TOTAL | M52: RENDIMIENTO | O52: Vr. UNITARIO
C53: Ayudante de construcción | J53: 85000 | K53: 1.95 | L53: =J53*K53 -> 165750 | M53: 36.778846 | O53: =L53/M53 -> 4506.6667
C54: Oficial de construcción | J54: 140000 | K54: 1.95 | L54: =J54*K54 -> 273000 | M54: 36 | O54: =L54/M54 -> 7583.3333
C57: SUBTOTAL $ | O57: =SUM(O53:O56) -> 12090
C59: TOTAL COSTO DIRECTO $ | O59: =ROUND((O32+O41+O48+O57),2) -> 35119.5
C60: V. COSTOS INDIRECTOS
C63: Descripción | L63: Porcentaje | M63: Total Costo Directo | O63: Valor Total
C64: ADMINISTRACION | L64: 0.25 | M64: =O$59 -> 35119.5 | O64: =L64*M64 -> 8779.875
C65: IMPREVISTOS | L65: 0.01 | M65: =O$59 -> 35119.5 | O65: =L65*M65 -> 351.195
C66: UTILIDAD | L66: 0.04 | M66: =O$59 -> 35119.5 | O66: =L66*M66 -> 1404.78
C67: SUBTOTAL $ | O67: =ROUND(SUM(O64:O66),2) -> 10535.85
C69: Precio Unitario Total Aproximado al peso $ | O69: =ROUND((O59+O67),0) -> 45655
H73: Firma
H74: Nombre:
H75: Representante Legal del Contratista o su Apoderado
H76: Matricula No. :
C78: OBSERVACIONES INTERVENTORÍA
C82: APROBACIÓN POR INTERVENTORÍA
C83: Nota 1: Cuando se trate de Análisis de precios unitarios correspondientes a ítems de la propuesta económica aprobada, el Interventor aprueba el desglose de los componentes manteniendo el mismo precio unitario de cada ítem, cumpliendo con las especificaciones de construcción vigentes para el proyecto.
C85: Nota 2: Cuando se trate de Análisis de precios unitarios de ítems no previstos, el Interventor aprueba el desglose y precio unitario de cada ítem no previsto, exigiendo la aplicación de los costos correspondientes a insumos y tarifas de la propuesta económica inicial cuando estén contemplados, cumpliendo con las especificaciones de construcción vigente para el proyecto.
H88: Firma
H89: Nombre:
H90: Representante Legal del Interventor o su Apoderado
H91: Matricula No. :

Sheet APU 3.1.2
B1: Formulario 1 - Propuesta económica - Documento tipo de selección abreviada de menor cuantía
B2: Versión: 1 del 21 de agosto de 2025
C5: [La entidad podrá utilizar este formato para la presentación de los análisis de precios unitarios el contratista en la oportunidad prevista en el numeral 8.2. del Documento Base]
D8: =DATOS!B17 -> MUNICIPIO DE HACARÍ - DEPARTAMENTO NORTE DE SANTANDER
L9: VERSIÓN
D10: =DATOS!B8 -> HA-SA-003-2026
L11: PÁGINA | M11: 1 | N11: DE | O11: 1
D13: ANALISIS DE PRECIOS UNITARIOS
L15: FECHA | M15: DD | N15: MM | O15: AA
M16: 22 | N16: 5 | O16: 2026
C17: ITEMS DE LA PROPUESTA ECONÓMICA | G17: X | I17: ITEMS NO PREVISTOS
C21: DATOS ESPECÍFICOS
C23: ITEM | D23: DESCRIPCIÓN | M23: UNIDAD | O23: CANTIDAD
C24: 3.1.2 | D24: TUBERIA PVC SANITARIA DE 4" (INCLUYE ATRAQUE EN CONCRETO) (INCLUYE ACCESORIOS) | M24: M | O24: 40
C25: I. EQUIPO
C28: DESCRIPCIÓN | H28: MARCA | J28: TIPO | L28: TARIFA/HORA | M28: RENDIMIENTO | O28: Vr. UNITARIO
C29: Herramienta menor (5% mano de obra) | O29: =5%*O57 -> 503.75
C32: SUBTOTAL $ | O32: =SUM(O29:O31) -> 503.75
C33: II. MATERIALES
C36: DESCRIPCIÓN | K36: UNIDAD | L36: CANTIDAD | M36: PRECIO UNIT. | O36: Vr. UNITARIO
C37: Tubo pvc sanitario 2" RDE 41 | K37: ML | L37: 1.05 | M37: 15000 | O37: =L37*M37 -> 15750
C38: Limpiador para pvc (1/4 gl) | K38: Und | L38: 0.15 | M38: 30000 | O38: =L38*M38 -> 4500
C39: Codo pvc 4"- Sanitario | K39: Und | L39: 1 | M39: 10000 | O39: =L39*M39 -> 10000
C40: Pegante PVC (1/4 gl) | K40: Und | L40: 0.15 | M40: 80000 | O40: =L40*M40 -> 12000
C41: SUBTOTAL $ | O41: =SUM(O37:O40) -> 42250
C42: III. TRANSPORTES
C45: MATERIAL | J45: VOL. o PESO | K45: DISTANCIA | L45: M3 o Ton/Km | M45: TARIFA | O45: Vr. UNITARIO
C46: Transporte (15% materiales en obra) | O46: =15%*O41 -> 6337.5
C48: SUBTOTAL $ | O48: =SUM(O46:O47) -> 6337.5
C49: IV. MANO DE OBRA
C52: TRABAJADOR | J52: JORNAL | K52: PRESTACIONES | L52: JORNAL TOTAL | M52: RENDIMIENTO | O52: Vr. UNITARIO
C53: Ayudante de construcción | J53: 85000 | K53: 1.95 | L53: =J53*K53 -> 165750 | M53: 44.482758 | O53: =L53/M53 -> 3726.1628
C54: Oficial de construcción | J54: 140000 | K54: 1.95 | L54: =J54*K54 -> 273000 | M54: 43 | O54: =L54/M54 -> 6348.8372
C57: SUBTOTAL $ | O57: =SUM(O53:O56) -> 10075
C59: TOTAL COSTO DIRECTO $ | O59: =ROUND((O32+O41+O48+O57),2) -> 59166.25
C60: V. COSTOS INDIRECTOS
C63: Descripción | L63: Porcentaje | M63: Total Costo Directo | O63: Valor Total
C64: ADMINISTRACION | L64: 0.25 | M64: =O$59 -> 59166.25 | O64: =L64*M64 -> 14791.562
C65: IMPREVISTOS | L65: 0.01 | M65: =O$59 -> 59166.25 | O65: =L65*M65 -> 591.6625
C66: UTILIDAD | L66: 0.04 | M66: =O$59 -> 59166.25 | O66: =L66*M66 -> 2366.65
C67: SUBTOTAL $ | O67: =ROUND(SUM(O64:O66),2) -> 17749.88
C69: Precio Unitario Total Aproximado al peso $ | O69: =ROUND((O59+O67),0) -> 76916
H73: Firma
H74: Nombre:
H75: Representante Legal del Contratista o su Apoderado
H76: Matricula No. :
C78: OBSERVACIONES INTERVENTORÍA
C82: APROBACIÓN POR INTERVENTORÍA
C83: Nota 1: Cuando se trate de Análisis de precios unitarios correspondientes a ítems de la propuesta económica aprobada, el Interventor aprueba el desglose de los componentes manteniendo el mismo precio unitario de cada ítem, cumpliendo con las especificaciones de construcción vigentes para el proyecto.
C85: Nota 2: Cuando se trate de Análisis de precios unitarios de ítems no previstos, el Interventor aprueba el desglose y precio unitario de cada ítem no previsto, exigiendo la aplicación de los costos correspondientes a insumos y tarifas de la propuesta económica inicial cuando estén contemplados, cumpliendo con las especificaciones de construcción vigente para el proyecto.
H88: Firma
H89: Nombre:
H90: Representante Legal del Interventor o su Apoderado
H91: Matricula No. :

Sheet APU 3.2.1
B1: Formulario 1 - Propuesta económica - Documento tipo de selección abreviada de menor cuantía
B2: Versión: 1 del 21 de agosto de 2025
C5: [La entidad podrá utilizar este formato para la presentación de los análisis de precios unitarios el contratista en la oportunidad prevista en el numeral 8.2. del Documento Base]
D8: =DATOS!B17 -> MUNICIPIO DE HACARÍ - DEPARTAMENTO NORTE DE SANTANDER
L9: VERSIÓN
D10: =DATOS!B8 -> HA-SA-003-2026
L11: PÁGINA | M11: 1 | N11: DE | O11: 1
D13: ANALISIS DE PRECIOS UNITARIOS
L15: FECHA | M15: DD | N15: MM | O15: AA
M16: 22 | N16: 5 | O16: 2026
C17: ITEMS DE LA PROPUESTA ECONÓMICA | G17: X | I17: ITEMS NO PREVISTOS
C21: DATOS ESPECÍFICOS
C23: ITEM | D23: DESCRIPCIÓN | M23: UNIDAD | O23: CANTIDAD
C24: 3.2.1 | D24: CAJA INSPECCION 60 X 60 X 60 CM (INC. BASE Y CAÑUELA Y TAPA CON MARCO METALICO) | M24: UND | O24: 1
C25: I. EQUIPO
C28: DESCRIPCIÓN | H28: MARCA | J28: TIPO | L28: TARIFA/HORA | M28: RENDIMIENTO | O28: Vr. UNITARIO
C29: Herramienta menor (5% mano de obra) | O29: =5%*O58 -> 6045
C32: SUBTOTAL $ | O32: =SUM(O29:O31) -> 6045
C33: II. MATERIALES
C36: DESCRIPCIÓN | K36: UNIDAD | L36: CANTIDAD | M36: PRECIO UNIT. | O36: Vr. UNITARIO
C37: Marco y tapa 60X60 | K37: und | L37: 1 | M37: 120000 | O37: =L37*M37 -> 120000
C38: Ladrillo macizo prensado 24x12x6,5 cm | K38: Und | L38: 100 | M38: 1200 | O38: =L38*M38 -> 120000
C39: Subbase granular | K39: m3 | L39: 0.1 | M39: 140000 | O39: =L39*M39 -> 14000
C40: Mortero 1:3 impermeabilizado | K40: m3 | L40: 0.15 | M40: 664000 | O40: =L40*M40 -> 99600
C41: Concreto 3000 psi | K41: m3 | L41: 0.15 | M41: 950000 | O41: =L41*M41 -> 142500
C42: SUBTOTAL $ | O42: =SUM(O37:O41) -> 496100
C43: III. TRANSPORTES
C46: MATERIAL | J46: VOL. o PESO | K46: DISTANCIA | L46: M3 o Ton/Km | M46: TARIFA | O46: Vr. UNITARIO
C47: Transporte (15% materiales en obra) | O47: =15%*O42 -> 74415
C49: SUBTOTAL $ | O49: =SUM(O47:O48) -> 74415
C50: IV. MANO DE OBRA
C53: TRABAJADOR | J53: JORNAL | K53: PRESTACIONES | L53: JORNAL TOTAL | M53: RENDIMIENTO | O53: Vr. UNITARIO
C54: Ayudante de construcción | J54: 85000 | K54: 1.95 | L54: =J54*K54 -> 165750 | M54: 3.1481481 | O54: =L54/M54 -> 52650
C55: Oficial de construcción | J55: 140000 | K55: 1.95 | L55: =J55*K55 -> 273000 | M55: 4 | O55: =L55/M55 -> 68250
C58: SUBTOTAL $ | O58: =SUM(O54:O57) -> 120900
C60: TOTAL COSTO DIRECTO $ | O60: =ROUND((O32+O42+O49+O58),2) -> 697460
C61: V. COSTOS INDIRECTOS
C64: Descripción | L64: Porcentaje | M64: Total Costo Directo | O64: Valor Total
C65: ADMINISTRACION | L65: 0.25 | M65: =O$60 -> 697460 | O65: =L65*M65 -> 174365
C66: IMPREVISTOS | L66: 0.01 | M66: =O$60 -> 697460 | O66: =L66*M66 -> 6974.6
C67: UTILIDAD | L67: 0.04 | M67: =O$60 -> 697460 | O67: =L67*M67 -> 27898.4
C68: SUBTOTAL $ | O68: =ROUND(SUM(O65:O67),2) -> 209238
C70: Precio Unitario Total Aproximado al peso $ | O70: =ROUND((O60+O68),0) -> 906698
H74: Firma
H75: Nombre:
H76: Representante Legal del Contratista o su Apoderado
H77: Matricula No. :
C79: OBSERVACIONES INTERVENTORÍA
C83: APROBACIÓN POR INTERVENTORÍA
C84: Nota 1: Cuando se trate de Análisis de precios unitarios correspondientes a ítems de la propuesta económica aprobada, el Interventor aprueba el desglose de los componentes manteniendo el mismo precio unitario de cada ítem, cumpliendo con las especificaciones de construcción vigentes para el proyecto.
C86: Nota 2: Cuando se trate de Análisis de precios unitarios de ítems no previstos, el Interventor aprueba el desglose y precio unitario de cada ítem no previsto, exigiendo la aplicación de los costos correspondientes a insumos y tarifas de la propuesta económica inicial cuando estén contemplados, cumpliendo con las especificaciones de construcción vigente para el proyecto.
H89: Firma
H90: Nombre:
H91: Representante Legal del Interventor o su Apoderado
H92: Matricula No. :

Sheet APU 4.1.1
B1: Formulario 1 - Propuesta económica - Documento tipo de selección abreviada de menor cuantía
B2: Versión: 1 del 21 de agosto de 2025
C5: [La entidad podrá utilizar este formato para la presentación de los análisis de precios unitarios el contratista en la oportunidad prevista en el numeral 8.2. del Documento Base]
D8: =DATOS!B17 -> MUNICIPIO DE HACARÍ - DEPARTAMENTO NORTE DE SANTANDER
L9: VERSIÓN
D10: =DATOS!B8 -> HA-SA-003-2026
L11: PÁGINA | M11: 1 | N11: DE | O11: 1
D13: ANALISIS DE PRECIOS UNITARIOS
L15: FECHA | M15: DD | N15: MM | O15: AA
M16: 22 | N16: 5 | O16: 2026
C17: ITEMS DE LA PROPUESTA ECONÓMICA | G17: X | I17: ITEMS NO PREVISTOS
C21: DATOS ESPECÍFICOS
C23: ITEM | D23: DESCRIPCIÓN | M23: UNIDAD | O23: CANTIDAD
C24: 4.1.1 | D24: COLUMNAS EN CONCRETO DE 3000 PSI | M24: M3 | O24: 6.38
C25: I. EQUIPO
C28: DESCRIPCIÓN | H28: MARCA | J28: TIPO | L28: TARIFA/HORA | M28: RENDIMIENTO | O28: Vr. UNITARIO
C29: Herramienta menor (5% mano de obra) | O29: =5%*O59 -> 11700
C30: Mezcladora de concreto | L30: =80000/8 -> 10000 | M30: 0.5 | O30: =L30/M30 -> 20000
C31: Vibrador de concreto | L31: =80000/8 -> 10000 | M31: 0.5 | O31: =L31/M31 -> 20000
C32: SUBTOTAL $ | O32: =SUM(O29:O31) -> 51700
C33: II. MATERIALES
C36: DESCRIPCIÓN | K36: UNIDAD | L36: CANTIDAD | M36: PRECIO UNIT. | O36: Vr. UNITARIO
C37: Cemento gris | K37: Kg | L37: 350 | M37: 800 | O37: =L37*M37 -> 280000
C38: Arena lavada | K38: M3 | L38: 0.6 | M38: 160000 | O38: =L38*M38 -> 96000
C39: Triturado | K39: M3 | L39: 0.9 | M39: 220000 | O39: =L39*M39 -> 198000
C40: Agua | K40: Lt | L40: 160 | M40: 49.9 | O40: =L40*M40 -> 7984
C41: Tabla de madera (3,00x0,30x0,02 m) | K41: Docena | L41: 0.6 | M41: 350000 | O41: =L41*M41 -> 210000
C42: Puntilla 2-1/2" | K42: Lb | L42: 0.2 | M42: 7000 | O42: =L42*M42 -> 1400
C43: SUBTOTAL $ | O43: =SUM(O37:O42) -> 793384
C44: III. TRANSPORTES
C47: MATERIAL | J47: VOL. o PESO | K47: DISTANCIA | L47: M3 o Ton/Km | M47: TARIFA | O47: Vr. UNITARIO
C48: Transporte (15% materiales en obra) | O48: =15%*O43 -> 119007.6
C50: SUBTOTAL $ | O50: =SUM(O48:O49) -> 119007.6
C51: IV. MANO DE OBRA
C54: TRABAJADOR | J54: JORNAL | K54: PRESTACIONES | L54: JORNAL TOTAL | M54: RENDIMIENTO | O54: Vr. UNITARIO
C55: Ayudante de construcción | J55: 85000 | K55: 1.95 | L55: =J55*K55 -> 165750 | M55: 1.7 | O55: =L55/M55 -> 97500
C56: Oficial de construcción | J56: 140000 | K56: 1.95 | L56: =J56*K56 -> 273000 | M56: 2 | O56: =L56/M56 -> 136500
C59: SUBTOTAL $ | O59: =SUM(O55:O58) -> 234000
C61: TOTAL COSTO DIRECTO $ | O61: =ROUND((O32+O43+O50+O59),2) -> 1198091.6
C62: V. COSTOS INDIRECTOS
C65: Descripción | L65: Porcentaje | M65: Total Costo Directo | O65: Valor Total
C66: ADMINISTRACION | L66: 0.25 | M66: =O$61 -> 1198091.6 | O66: =L66*M66 -> 299522.9
C67: IMPREVISTOS | L67: 0.01 | M67: =O$61 -> 1198091.6 | O67: =L67*M67 -> 11980.916
C68: UTILIDAD | L68: 0.04 | M68: =O$61 -> 1198091.6 | O68: =L68*M68 -> 47923.664
C69: SUBTOTAL $ | O69: =ROUND(SUM(O66:O68),2) -> 359427.48
C71: Precio Unitario Total Aproximado al peso $ | O71: =ROUND((O61+O69),0) -> 1557519
H75: Firma
H76: Nombre:
H77: Representante Legal del Contratista o su Apoderado
H78: Matricula No. :
C80: OBSERVACIONES INTERVENTORÍA
C84: APROBACIÓN POR INTERVENTORÍA
C85: Nota 1: Cuando se trate de Análisis de precios unitarios correspondientes a ítems de la propuesta económica aprobada, el Interventor aprueba el desglose de los componentes manteniendo el mismo precio unitario de cada ítem, cumpliendo con las especificaciones de construcción vigentes para el proyecto.
C87: Nota 2: Cuando se trate de Análisis de precios unitarios de ítems no previstos, el Interventor aprueba el desglose y precio unitario de cada ítem no previsto, exigiendo la aplicación de los costos correspondientes a insumos y tarifas de la propuesta económica inicial cuando estén contemplados, cumpliendo con las especificaciones de construcción vigente para el proyecto.
H90: Firma
H91: Nombre:
H92: Representante Legal del Interventor o su Apoderado
H93: Matricula No. :

Sheet APU 4.2.1
B1: Formulario 1 - Propuesta económica - Documento tipo de selección abreviada de menor cuantía
B2: Versión: 1 del 21 de agosto de 2025
C5: [La entidad podrá utilizar este formato para la presentación de los análisis de precios unitarios el contratista en la oportunidad prevista en el numeral 8.2. del Documento Base]
D8: =DATOS!B17 -> MUNICIPIO DE HACARÍ - DEPARTAMENTO NORTE DE SANTANDER
L9: VERSIÓN
D10: =DATOS!B8 -> HA-SA-003-2026
L11: PÁGINA | M11: 1 | N11: DE | O11: 1
D13: ANALISIS DE PRECIOS UNITARIOS
L15: FECHA | M15: DD | N15: MM | O15: AA
M16: 22 | N16: 5 | O16: 2026
C17: ITEMS DE LA PROPUESTA ECONÓMICA | G17: X | I17: ITEMS NO PREVISTOS
C21: DATOS ESPECÍFICOS
C23: ITEM | D23: DESCRIPCIÓN | M23: UNIDAD | O23: CANTIDAD
C24: 4.2.1 | D24: VIGAS AÉREAS EN CONCRETO DE 3000 PSI | M24: M3 | O24: 7.51
C25: I. EQUIPO
C28: DESCRIPCIÓN | H28: MARCA | J28: TIPO | L28: TARIFA/HORA | M28: RENDIMIENTO | O28: Vr. UNITARIO
C29: Herramienta menor (5% mano de obra) | O29: =5%*O59 -> 18720
C30: Mezcladora de concreto | L30: =80000/8 -> 10000 | M30: 0.5 | O30: =L30/M30 -> 20000
C31: Vibrador de concreto | L31: =80000/8 -> 10000 | M31: 0.5 | O31: =L31/M31 -> 20000
C32: SUBTOTAL $ | O32: =SUM(O29:O31) -> 58720
C33: II. MATERIALES
C36: DESCRIPCIÓN | K36: UNIDAD | L36: CANTIDAD | M36: PRECIO UNIT. | O36: Vr. UNITARIO
C37: Cemento gris | K37: Kg | L37: 350 | M37: 800 | O37: =L37*M37 -> 280000
C38: Arena lavada | K38: M3 | L38: 0.6 | M38: 160000 | O38: =L38*M38 -> 96000
C39: Triturado | K39: M3 | L39: 0.9 | M39: 220000 | O39: =L39*M39 -> 198000
C40: Agua | K40: Lt | L40: 160 | M40: 49.9 | O40: =L40*M40 -> 7984
C41: Tabla de madera (3,00x0,30x0,02 m) | K41: Docena | L41: 0.6 | M41: 350000 | O41: =L41*M41 -> 210000
C42: Puntilla 2-1/2" | K42: Lb | L42: 0.2 | M42: 7000 | O42: =L42*M42 -> 1400
C43: SUBTOTAL $ | O43: =SUM(O37:O42) -> 793384
C44: III. TRANSPORTES
C47: MATERIAL | J47: VOL. o PESO | K47: DISTANCIA | L47: M3 o Ton/Km | M47: TARIFA | O47: Vr. UNITARIO
C48: Transporte (15% materiales en obra) | O48: =15%*O43 -> 119007.6
C50: SUBTOTAL $ | O50: =SUM(O48:O49) -> 119007.6
C51: IV. MANO DE OBRA
C54: TRABAJADOR | J54: JORNAL | K54: PRESTACIONES | L54: JORNAL TOTAL | M54: RENDIMIENTO | O54: Vr. UNITARIO
C55: Ayudante de construcción | J55: 85000 | K55: 1.95 | L55: =J55*K55 -> 165750 | M55: 0.69672131 | O55: =L55/M55 -> 237900
C56: Oficial de construcción | J56: 140000 | K56: 1.95 | L56: =J56*K56 -> 273000 | M56: 2 | O56: =L56/M56 -> 136500
C59: SUBTOTAL $ | O59: =SUM(O55:O58) -> 374400
C61: TOTAL COSTO DIRECTO $ | O61: =ROUND((O32+O43+O50+O59),2) -> 1345511.6
C62: V. COSTOS INDIRECTOS
C65: Descripción | L65: Porcentaje | M65: Total Costo Directo | O65: Valor Total
C66: ADMINISTRACION | L66: 0.25 | M66: =O$61 -> 1345511.6 | O66: =L66*M66 -> 336377.9
C67: IMPREVISTOS | L67: 0.01 | M67: =O$61 -> 1345511.6 | O67: =L67*M67 -> 13455.116
C68: UTILIDAD | L68: 0.04 | M68: =O$61 -> 1345511.6 | O68: =L68*M68 -> 53820.464
C69: SUBTOTAL $ | O69: =ROUND(SUM(O66:O68),2) -> 403653.48
C71: Precio Unitario Total Aproximado al peso $ | O71: =ROUND((O61+O69),0) -> 1749165
H75: Firma
H76: Nombre:
H77: Representante Legal del Contratista o su Apoderado
H78: Matricula No. :
C80: OBSERVACIONES INTERVENTORÍA
C84: APROBACIÓN POR INTERVENTORÍA
C85: Nota 1: Cuando se trate de Análisis de precios unitarios correspondientes a ítems de la propuesta económica aprobada, el Interventor aprueba el desglose de los componentes manteniendo el mismo precio unitario de cada ítem, cumpliendo con las especificaciones de construcción vigentes para el proyecto.
C87: Nota 2: Cuando se trate de Análisis de precios unitarios de ítems no previstos, el Interventor aprueba el desglose y precio unitario de cada ítem no previsto, exigiendo la aplicación de los costos correspondientes a insumos y tarifas de la propuesta económica inicial cuando estén contemplados, cumpliendo con las especificaciones de construcción vigente para el proyecto.
H90: Firma
H91: Nombre:
H92: Representante Legal del Interventor o su Apoderado
H93: Matricula No. :

Sheet APU 4.3.1
B1: Formulario 1 - Propuesta económica - Documento tipo de selección abreviada de menor cuantía
B2: Versión: 1 del 21 de agosto de 2025
C5: [La entidad podrá utilizar este formato para la presentación de los análisis de precios unitarios el contratista en la oportunidad prevista en el numeral 8.2. del Documento Base]
D8: =DATOS!B17 -> MUNICIPIO DE HACARÍ - DEPARTAMENTO NORTE DE SANTANDER
L9: VERSIÓN
D10: =DATOS!B8 -> HA-SA-003-2026
L11: PÁGINA | M11: 1 | N11: DE | O11: 1
D13: ANALISIS DE PRECIOS UNITARIOS
L15: FECHA | M15: DD | N15: MM | O15: AA
M16: 22 | N16: 5 | O16: 2026
C17: ITEMS DE LA PROPUESTA ECONÓMICA | G17: X | I17: ITEMS NO PREVISTOS
C21: DATOS ESPECÍFICOS
C23: ITEM | D23: DESCRIPCIÓN | M23: UNIDAD | O23: CANTIDAD
C24: 4.3.1 | D24: LOSA STEELDECK 2" CAL 22 - E = 10 CM (INC. CONCRETO 3000 PSI Y MALLA ELECTROSOLDADA Ø 5MM - 15X15) | M24: M2 | O24: 108.92
C25: I. EQUIPO
C28: DESCRIPCIÓN | H28: MARCA | J28: TIPO | L28: TARIFA/HORA | M28: RENDIMIENTO | O28: Vr. UNITARIO
C29: Herramienta menor (5% mano de obra) | O29: =5%*O60 -> 3900
C30: Mezcladora de concreto | L30: =80000/8 -> 10000 | M30: 10.875723 | O30: =L30/M30 -> 919.47907
C31: Vibrador de concreto | L31: =80000/8 -> 10000 | M31: 11 | O31: =L31/M31 -> 909.09091
C32: SUBTOTAL $ | O32: =SUM(O29:O31) -> 5728.57
C33: II. MATERIALES
C36: DESCRIPCIÓN | K36: UNIDAD | L36: CANTIDAD | M36: PRECIO UNIT. | O36: Vr. UNITARIO
C37: Cemento gris | K37: Kg | L37: 35 | M37: 800 | O37: =L37*M37 -> 28000
C38: Arena lavada | K38: M3 | L38: 0.06 | M38: 160000 | O38: =L38*M38 -> 9600
C39: Triturado | K39: M3 | L39: 0.09 | M39: 220000 | O39: =L39*M39 -> 19800
C40: Agua | K40: Lt | L40: 16 | M40: 49.9 | O40: =L40*M40 -> 798.4
C41: METALDECK 2" 0.94 X 6.10 CAL. 22 | K41: UND | L41: 0.16666667 | M41: 300000 | O41: =L41*M41 -> 50000
C42: MALLA ELECTROSOLDADA ; 3 mm - 18X2,40 mts , Area: 43.2 m2 | K42: Rollo | L42: 0.023148148 | M42: =200000 -> 200000 | O42: =L42*M42 -> 4629.6296
C43: Alambre negro | K43: Kg | L43: 0.05 | M43: 8000 | O43: =L43*M43 -> 400
C44: SUBTOTAL $ | O44: =SUM(O37:O43) -> 113228.03
C45: III. TRANSPORTES
C48: MATERIAL | J48: VOL. o PESO | K48: DISTANCIA | L48: M3 o Ton/Km | M48: TARIFA | O48: Vr. UNITARIO
C49: Transporte (15% materiales en obra) | O49: =15%*O44 -> 16984.204
C51: SUBTOTAL $ | O51: =SUM(O49:O50) -> 16984.204
C52: IV. MANO DE OBRA
C55: TRABAJADOR | J55: JORNAL | K55: PRESTACIONES | L55: JORNAL TOTAL | M55: RENDIMIENTO | O55: Vr. UNITARIO
C56: Ayudante de construcción | J56: 85000 | K56: 1.95 | L56: =J56*K56 -> 165750 | M56: 5.1 | O56: =L56/M56 -> 32500
C57: Oficial de construcción | J57: 140000 | K57: 1.95 | L57: =J57*K57 -> 273000 | M57: 6 | O57: =L57/M57 -> 45500
C60: SUBTOTAL $ | O60: =SUM(O56:O59) -> 78000
C62: TOTAL COSTO DIRECTO $ | O62: =ROUND((O32+O44+O51+O60),2) -> 213940.8
C63: V. COSTOS INDIRECTOS
C66: Descripción | L66: Porcentaje | M66: Total Costo Directo | O66: Valor Total
C67: ADMINISTRACION | L67: 0.25 | M67: =O$62 -> 213940.8 | O67: =L67*M67 -> 53485.2
C68: IMPREVISTOS | L68: 0.01 | M68: =O$62 -> 213940.8 | O68: =L68*M68 -> 2139.408
C69: UTILIDAD | L69: 0.04 | M69: =O$62 -> 213940.8 | O69: =L69*M69 -> 8557.632
C70: SUBTOTAL $ | O70: =ROUND(SUM(O67:O69),2) -> 64182.24
C72: Precio Unitario Total Aproximado al peso $ | O72: =ROUND((O62+O70),0) -> 278123
H76: Firma
H77: Nombre:
H78: Representante Legal del Contratista o su Apoderado
H79: Matricula No. :
C81: OBSERVACIONES INTERVENTORÍA
C85: APROBACIÓN POR INTERVENTORÍA
C86: Nota 1: Cuando se trate de Análisis de precios unitarios correspondientes a ítems de la propuesta económica aprobada, el Interventor aprueba el desglose de los componentes manteniendo el mismo precio unitario de cada ítem, cumpliendo con las especificaciones de construcción vigentes para el proyecto.
C88: Nota 2: Cuando se trate de Análisis de precios unitarios de ítems no previstos, el Interventor aprueba el desglose y precio unitario de cada ítem no previsto, exigiendo la aplicación de los costos correspondientes a insumos y tarifas de la propuesta económica inicial cuando estén contemplados, cumpliendo con las especificaciones de construcción vigente para el proyecto.
H91: Firma
H92: Nombre:
H93: Representante Legal del Interventor o su Apoderado
H94: Matricula No. :

Sheet APU 5.1.1
B1: Formulario 1 - Propuesta económica - Documento tipo de selección abreviada de menor cuantía
B2: Versión: 1 del 21 de agosto de 2025
C5: [La entidad podrá utilizar este formato para la presentación de los análisis de precios unitarios el contratista en la oportunidad prevista en el numeral 8.2. del Documento Base]
D8: =DATOS!B17 -> MUNICIPIO DE HACARÍ - DEPARTAMENTO NORTE DE SANTANDER
L9: VERSIÓN
D10: =DATOS!B8 -> HA-SA-003-2026
L11: PÁGINA | M11: 1 | N11: DE | O11: 1
D13: ANALISIS DE PRECIOS UNITARIOS
L15: FECHA | M15: DD | N15: MM | O15: AA
M16: 22 | N16: 5 | O16: 2026
C17: ITEMS DE LA PROPUESTA ECONÓMICA | G17: X | I17: ITEMS NO PREVISTOS
C21: DATOS ESPECÍFICOS
C23: ITEM | D23: DESCRIPCIÓN | M23: UNIDAD | O23: CANTIDAD
C24: 5.1.1 | D24: MUROS LADRILLO TOLETE FINO PERFORADO E=12 CM | M24: M2 | O24: 3
C25: I. EQUIPO
C28: DESCRIPCIÓN | H28: MARCA | J28: TIPO | L28: TARIFA/HORA | M28: RENDIMIENTO | O28: Vr. UNITARIO
C29: Herramienta menor (5% mano de obra) | O29: =5%*O57 -> 1209
C32: SUBTOTAL $ | O32: =SUM(O29:O31) -> 1209
C33: II. MATERIALES
C36: DESCRIPCIÓN | K36: UNIDAD | L36: CANTIDAD | M36: PRECIO UNIT. | O36: Vr. UNITARIO
C37: Ladrillo tolete perforado (24x12x6 cm), E: 12 cm | K37: Und | L37: 52 | M37: 1500 | O37: =L37*M37 -> 78000
C38: Mortero 1:4 | K38: M3 | L38: 0.03 | M38: 664000 | O38: =L38*M38 -> 19920
O39: =L39*M39 -> 0
O40: =L40*M40 -> 0
C41: SUBTOTAL $ | O41: =SUM(O37:O40) -> 97920
C42: III. TRANSPORTES
C45: MATERIAL | J45: VOL. o PESO | K45: DISTANCIA | L45: M3 o Ton/Km | M45: TARIFA | O45: Vr. UNITARIO
C46: Transporte (15% materiales en obra) | O46: =15%*O41 -> 14688
C48: SUBTOTAL $ | O48: =SUM(O46:O47) -> 14688
C49: IV. MANO DE OBRA
C52: TRABAJADOR | J52: JORNAL | K52: PRESTACIONES | L52: JORNAL TOTAL | M52: RENDIMIENTO | O52: Vr. UNITARIO
C53: Ayudante de construcción | J53: 85000 | K53: 1.95 | L53: =J53*K53 -> 165750 | M53: 18.389423 | O53: =L53/M53 -> 9013.3333
C54: Oficial de construcción | J54: 140000 | K54: 1.95 | L54: =J54*K54 -> 273000 | M54: 18 | O54: =L54/M54 -> 15166.667
C57: SUBTOTAL $ | O57: =SUM(O53:O56) -> 24180
C59: TOTAL COSTO DIRECTO $ | O59: =ROUND((O32+O41+O48+O57),2) -> 137997
C60: V. COSTOS INDIRECTOS
C63: Descripción | L63: Porcentaje | M63: Total Costo Directo | O63: Valor Total
C64: ADMINISTRACION | L64: 0.25 | M64: =O$59 -> 137997 | O64: =L64*M64 -> 34499.25
C65: IMPREVISTOS | L65: 0.01 | M65: =O$59 -> 137997 | O65: =L65*M65 -> 1379.97
C66: UTILIDAD | L66: 0.04 | M66: =O$59 -> 137997 | O66: =L66*M66 -> 5519.88
C67: SUBTOTAL $ | O67: =ROUND(SUM(O64:O66),2) -> 41399.1
C69: Precio Unitario Total Aproximado al peso $ | O69: =ROUND((O59+O67),0) -> 179396
H73: Firma
H74: Nombre:
H75: Representante Legal del Contratista o su Apoderado
H76: Matricula No. :
C78: OBSERVACIONES INTERVENTORÍA
C82: APROBACIÓN POR INTERVENTORÍA
C83: Nota 1: Cuando se trate de Análisis de precios unitarios correspondientes a ítems de la propuesta económica aprobada, el Interventor aprueba el desglose de los componentes manteniendo el mismo precio unitario de cada ítem, cumpliendo con las especificaciones de construcción vigentes para el proyecto.
C85: Nota 2: Cuando se trate de Análisis de precios unitarios de ítems no previstos, el Interventor aprueba el desglose y precio unitario de cada ítem no previsto, exigiendo la aplicación de los costos correspondientes a insumos y tarifas de la propuesta económica inicial cuando estén contemplados, cumpliendo con las especificaciones de construcción vigente para el proyecto.
H88: Firma
H89: Nombre:
H90: Representante Legal del Interventor o su Apoderado
H91: Matricula No. :

Sheet APU 5.1.2
B1: Formulario 1 - Propuesta económica - Documento tipo de selección abreviada de menor cuantía
B2: Versión: 1 del 21 de agosto de 2025
C5: [La entidad podrá utilizar este formato para la presentación de los análisis de precios unitarios el contratista en la oportunidad prevista en el numeral 8.2. del Documento Base]
D8: =DATOS!B17 -> MUNICIPIO DE HACARÍ - DEPARTAMENTO NORTE DE SANTANDER
L9: VERSIÓN
D10: =DATOS!B8 -> HA-SA-003-2026
L11: PÁGINA | M11: 1 | N11: DE | O11: 1
D13: ANALISIS DE PRECIOS UNITARIOS
L15: FECHA | M15: DD | N15: MM | O15: AA
M16: 22 | N16: 5 | O16: 2026
C17: ITEMS DE LA PROPUESTA ECONÓMICA | G17: X | I17: ITEMS NO PREVISTOS
C21: DATOS ESPECÍFICOS
C23: ITEM | D23: DESCRIPCIÓN | M23: UNIDAD | O23: CANTIDAD
C24: 5.1.2 | D24: MURO EN BLOQUE NO. 4 E=10 CM | M24: M2 | O24: 85.86
C25: I. EQUIPO
C28: DESCRIPCIÓN | H28: MARCA | J28: TIPO | L28: TARIFA/HORA | M28: RENDIMIENTO | O28: Vr. UNITARIO
C29: Herramienta menor (5% mano de obra) | O29: =5%*O57 -> 1209
C32: SUBTOTAL $ | O32: =SUM(O29:O31) -> 1209
C33: II. MATERIALES
C36: DESCRIPCIÓN | K36: UNIDAD | L36: CANTIDAD | M36: PRECIO UNIT. | O36: Vr. UNITARIO
C37: Bloque # 5 (30x20x10 cm) | K37: Und | L37: 15 | M37: 1400 | O37: =L37*M37 -> 21000
C38: Mortero 1:4 | K38: M3 | L38: 0.04 | M38: 500000 | O38: =L38*M38 -> 20000
O39: =L39*M39 -> 0
O40: =L40*M40 -> 0
C41: SUBTOTAL $ | O41: =SUM(O37:O40) -> 41000
C42: III. TRANSPORTES
C45: MATERIAL | J45: VOL. o PESO | K45: DISTANCIA | L45: M3 o Ton/Km | M45: TARIFA | O45: Vr. UNITARIO
C46: Transporte (15% materiales en obra) | O46: =15%*O41 -> 6150
C48: SUBTOTAL $ | O48: =SUM(O46:O47) -> 6150
C49: IV. MANO DE OBRA
C52: TRABAJADOR | J52: JORNAL | K52: PRESTACIONES | L52: JORNAL TOTAL | M52: RENDIMIENTO | O52: Vr. UNITARIO
C53: Ayudante de construcción | J53: 85000 | K53: 1.95 | L53: =J53*K53 -> 165750 | M53: 18.389423 | O53: =L53/M53 -> 9013.3333
C54: Oficial de construcción | J54: 140000 | K54: 1.95 | L54: =J54*K54 -> 273000 | M54: 18 | O54: =L54/M54 -> 15166.667
C57: SUBTOTAL $ | O57: =SUM(O53:O56) -> 24180
C59: TOTAL COSTO DIRECTO $ | O59: =ROUND((O32+O41+O48+O57),2) -> 72539
C60: V. COSTOS INDIRECTOS
C63: Descripción | L63: Porcentaje | M63: Total Costo Directo | O63: Valor Total
C64: ADMINISTRACION | L64: 0.25 | M64: =O$59 -> 72539 | O64: =L64*M64 -> 18134.75
C65: IMPREVISTOS | L65: 0.01 | M65: =O$59 -> 72539 | O65: =L65*M65 -> 725.39
C66: UTILIDAD | L66: 0.04 | M66: =O$59 -> 72539 | O66: =L66*M66 -> 2901.56
C67: SUBTOTAL $ | O67: =ROUND(SUM(O64:O66),2) -> 21761.7
C69: Precio Unitario Total Aproximado al peso $ | O69: =ROUND((O59+O67),0) -> 94301
H73: Firma
H74: Nombre:
H75: Representante Legal del Contratista o su Apoderado
H76: Matricula No. :
C78: OBSERVACIONES INTERVENTORÍA
C82: APROBACIÓN POR INTERVENTORÍA
C83: Nota 1: Cuando se trate de Análisis de precios unitarios correspondientes a ítems de la propuesta económica aprobada, el Interventor aprueba el desglose de los componentes manteniendo el mismo precio unitario de cada ítem, cumpliendo con las especificaciones de construcción vigentes para el proyecto.
C85: Nota 2: Cuando se trate de Análisis de precios unitarios de ítems no previstos, el Interventor aprueba el desglose y precio unitario de cada ítem no previsto, exigiendo la aplicación de los costos correspondientes a insumos y tarifas de la propuesta económica inicial cuando estén contemplados, cumpliendo con las especificaciones de construcción vigente para el proyecto.
H88: Firma
H89: Nombre:
H90: Representante Legal del Interventor o su Apoderado
H91: Matricula No. :

Sheet APU 5.2.1
B1: Formulario 1 - Propuesta económica - Documento tipo de selección abreviada de menor cuantía
B2: Versión: 1 del 21 de agosto de 2025
C5: [La entidad podrá utilizar este formato para la presentación de los análisis de precios unitarios el contratista en la oportunidad prevista en el numeral 8.2. del Documento Base]
D8: =DATOS!B17 -> MUNICIPIO DE HACARÍ - DEPARTAMENTO NORTE DE SANTANDER
L9: VERSIÓN
D10: =DATOS!B8 -> HA-SA-003-2026
L11: PÁGINA | M11: 1 | N11: DE | O11: 1
D13: ANALISIS DE PRECIOS UNITARIOS
L15: FECHA | M15: DD | N15: MM | O15: AA
M16: 22 | N16: 5 | O16: 2026
C17: ITEMS DE LA PROPUESTA ECONÓMICA | G17: X | I17: ITEMS NO PREVISTOS
C21: DATOS ESPECÍFICOS
C23: ITEM | D23: DESCRIPCIÓN | M23: UNIDAD | O23: CANTIDAD
C24: 5.2.1 | D24: VIGA Y/O COLUMNETA DE CONFINAMIENTO DE CONCRETO DE 3000 PSI DE .10 X .20 .(INCLUYE ACERO) | M24: ML | O24: 37.4
C25: I. EQUIPO
C28: DESCRIPCIÓN | H28: MARCA | J28: TIPO | L28: TARIFA/HORA | M28: RENDIMIENTO | O28: Vr. UNITARIO
C29: Herramienta menor (5% mano de obra) | O29: =5%*O58 -> 1007.5
C30: Andamio tubular | L30: =8000/8 -> 1000 | M30: 1.2499988 | O30: =L30/M30 -> 800.00074
C32: SUBTOTAL $ | O32: =SUM(O29:O31) -> 1807.5007
C33: II. MATERIALES
C36: DESCRIPCIÓN | K36: UNIDAD | L36: CANTIDAD | M36: PRECIO UNIT. | O36: Vr. UNITARIO
C37: Tabla en madera (3x0,30x0,02 m) | K37: Und | L37: 1 | M37: =350000/12 -> 29166.667 | O37: =L37*M37 -> 29166.667
C38: Puntilla de 2-1/2" | K38: Kg | L38: 0.03 | M38: 13000 | O38: =L38*M38 -> 390
C39: Concreto 3000 PSI | K39: M3 | L39: 0.02 | M39: 954982 | O39: =L39*M39 -> 19099.64
C40: Acero de refuerzo 3/8" | K40: Kg | L40: 2.24 | M40: =18000/(0.56*6) -> 5357.1429 | O40: =L40*M40 -> 12000
C41: estribios | K41: und | L41: 5 | M41: 2000 | O41: =L41*M41 -> 10000
C42: SUBTOTAL $ | O42: =SUM(O37:O41) -> 70656.307
C43: III. TRANSPORTES
C46: MATERIAL | J46: VOL. o PESO | K46: DISTANCIA | L46: M3 o Ton/Km | M46: TARIFA | O46: Vr. UNITARIO
C47: Transporte (15% materiales en obra) | O47: =15%*O42 -> 10598.446
C49: SUBTOTAL $ | O49: =SUM(O47:O48) -> 10598.446
C50: IV. MANO DE OBRA
C53: TRABAJADOR | J53: JORNAL | K53: PRESTACIONES | L53: JORNAL TOTAL | M53: RENDIMIENTO | O53: Vr. UNITARIO
C54: Ayudante de construcción | J54: 85000 | K54: 1.95 | L54: =J54*K54 -> 165750 | M54: 23.181818 | O54: =L54/M54 -> 7150
C55: Oficial de construcción | J55: 140000 | K55: 1.95 | L55: =J55*K55 -> 273000 | M55: 21 | O55: =L55/M55 -> 13000
C58: SUBTOTAL $ | O58: =SUM(O54:O57) -> 20150
C60: TOTAL COSTO DIRECTO $ | O60: =ROUND((O32+O42+O49+O58),2) -> 103212.25
C61: V. COSTOS INDIRECTOS
C64: Descripción | L64: Porcentaje | M64: Total Costo Directo | O64: Valor Total
C65: ADMINISTRACION | L65: 0.25 | M65: =O$60 -> 103212.25 | O65: =L65*M65 -> 25803.062
C66: IMPREVISTOS | L66: 0.01 | M66: =O$60 -> 103212.25 | O66: =L66*M66 -> 1032.1225
C67: UTILIDAD | L67: 0.04 | M67: =O$60 -> 103212.25 | O67: =L67*M67 -> 4128.49
C68: SUBTOTAL $ | O68: =ROUND(SUM(O65:O67),2) -> 30963.68
C70: Precio Unitario Total Aproximado al peso $ | O70: =ROUND((O60+O68),0) -> 134176
H74: Firma
H75: Nombre:
H76: Representante Legal del Contratista o su Apoderado
H77: Matricula No. :
C79: OBSERVACIONES INTERVENTORÍA
C83: APROBACIÓN POR INTERVENTORÍA
C84: Nota 1: Cuando se trate de Análisis de precios unitarios correspondientes a ítems de la propuesta económica aprobada, el Interventor aprueba el desglose de los componentes manteniendo el mismo precio unitario de cada ítem, cumpliendo con las especificaciones de construcción vigentes para el proyecto.
C86: Nota 2: Cuando se trate de Análisis de precios unitarios de ítems no previstos, el Interventor aprueba el desglose y precio unitario de cada ítem no previsto, exigiendo la aplicación de los costos correspondientes a insumos y tarifas de la propuesta económica inicial cuando estén contemplados, cumpliendo con las especificaciones de construcción vigente para el proyecto.
H89: Firma
H90: Nombre:
H91: Representante Legal del Interventor o su Apoderado
H92: Matricula No. :

Sheet APU 6.1.1
B1: Formulario 1 - Propuesta económica - Documento tipo de selección abreviada de menor cuantía
B2: Versión: 1 del 21 de agosto de 2025
C5: [La entidad podrá utilizar este formato para la presentación de los análisis de precios unitarios el contratista en la oportunidad prevista en el numeral 8.2. del Documento Base]
D8: =DATOS!B17 -> MUNICIPIO DE HACARÍ - DEPARTAMENTO NORTE DE SANTANDER
L9: VERSIÓN
D10: =DATOS!B8 -> HA-SA-003-2026
L11: PÁGINA | M11: 1 | N11: DE | O11: 1
D13: ANALISIS DE PRECIOS UNITARIOS
L15: FECHA | M15: DD | N15: MM | O15: AA
M16: 22 | N16: 5 | O16: 2026
C17: ITEMS DE LA PROPUESTA ECONÓMICA | G17: X | I17: ITEMS NO PREVISTOS
C21: DATOS ESPECÍFICOS
C23: ITEM | D23: DESCRIPCIÓN | M23: UNIDAD | O23: CANTIDAD
C24: 6.1.1 | D24: RED SUMINISTRO PVCP DE 1/2" (INC. ACCESORIOS) | M24: M | O24: 36
C25: I. EQUIPO
C28: DESCRIPCIÓN | H28: MARCA | J28: TIPO | L28: TARIFA/HORA | M28: RENDIMIENTO | O28: Vr. UNITARIO
C29: Herramienta menor (5% mano de obra) | O29: =5%*O57 -> 182.8125
C32: SUBTOTAL $ | O32: =SUM(O29:O31) -> 182.8125
C33: II. MATERIALES
C36: DESCRIPCIÓN | K36: UNIDAD | L36: CANTIDAD | M36: PRECIO UNIT. | O36: Vr. UNITARIO
C37: Tubo blanco PVC de 1/2" Presion 13.5 PSI | K37: ML | L37: 1 | M37: 3000 | O37: =L37*M37 -> 3000
C38: Union PVC 1/2" - accesorio | K38: Und | L38: 0.16666667 | M38: 600 | O38: =L38*M38 -> 100
C39: Pegante PVC (1/4 gl) | K39: Und | L39: 0.02 | M39: 80000 | O39: =L39*M39 -> 1600
O40: =L40*M40 -> 0
C41: SUBTOTAL $ | O41: =SUM(O37:O40) -> 4700
C42: III. TRANSPORTES
C45: MATERIAL | J45: VOL. o PESO | K45: DISTANCIA | L45: M3 o Ton/Km | M45: TARIFA | O45: Vr. UNITARIO
C46: Transporte (15% materiales en obra) | O46: =15%*O41 -> 705
C48: SUBTOTAL $ | O48: =SUM(O46:O47) -> 705
C49: IV. MANO DE OBRA
C52: TRABAJADOR | J52: JORNAL | K52: PRESTACIONES | L52: JORNAL TOTAL | M52: RENDIMIENTO | O52: Vr. UNITARIO
C53: Ayudante de construcción | J53: 85000 | K53: 1.95 | L53: =J53*K53 -> 165750 | M53: 120 | O53: =L53/M53 -> 1381.25
C54: Oficial de construcción | J54: 140000 | K54: 1.95 | L54: =J54*K54 -> 273000 | M54: 120 | O54: =L54/M54 -> 2275
C57: SUBTOTAL $ | O57: =SUM(O53:O56) -> 3656.25
C59: TOTAL COSTO DIRECTO $ | O59: =ROUND((O32+O41+O48+O57),2) -> 9244.06
C60: V. COSTOS INDIRECTOS
C63: Descripción | L63: Porcentaje | M63: Total Costo Directo | O63: Valor Total
C64: ADMINISTRACION | L64: 0.25 | M64: =O$59 -> 9244.06 | O64: =L64*M64 -> 2311.015
C65: IMPREVISTOS | L65: 0.01 | M65: =O$59 -> 9244.06 | O65: =L65*M65 -> 92.4406
C66: UTILIDAD | L66: 0.04 | M66: =O$59 -> 9244.06 | O66: =L66*M66 -> 369.7624
C67: SUBTOTAL $ | O67: =ROUND(SUM(O64:O66),2) -> 2773.22
C69: Precio Unitario Total Aproximado al peso $ | O69: =ROUND((O59+O67),0) -> 12017
H73: Firma
H74: Nombre:
H75: Representante Legal del Contratista o su Apoderado
H76: Matricula No. :
C78: OBSERVACIONES INTERVENTORÍA
C82: APROBACIÓN POR INTERVENTORÍA
C83: Nota 1: Cuando se trate de Análisis de precios unitarios correspondientes a ítems de la propuesta económica aprobada, el Interventor aprueba el desglose de los componentes manteniendo el mismo precio unitario de cada ítem, cumpliendo con las especificaciones de construcción vigentes para el proyecto.
C85: Nota 2: Cuando se trate de Análisis de precios unitarios de ítems no previstos, el Interventor aprueba el desglose y precio unitario de cada ítem no previsto, exigiendo la aplicación de los costos correspondientes a insumos y tarifas de la propuesta económica inicial cuando estén contemplados, cumpliendo con las especificaciones de construcción vigente para el proyecto.
H88: Firma
H89: Nombre:
H90: Representante Legal del Interventor o su Apoderado
H91: Matricula No. :

Sheet APU 6.1.2
B1: Formulario 1 - Propuesta económica - Documento tipo de selección abreviada de menor cuantía
B2: Versión: 1 del 21 de agosto de 2025
C5: [La entidad podrá utilizar este formato para la presentación de los análisis de precios unitarios el contratista en la oportunidad prevista en el numeral 8.2. del Documento Base]
D8: =DATOS!B17 -> MUNICIPIO DE HACARÍ - DEPARTAMENTO NORTE DE SANTANDER
L9: VERSIÓN
D10: =DATOS!B8 -> HA-SA-003-2026
L11: PÁGINA | M11: 1 | N11: DE | O11: 1
D13: ANALISIS DE PRECIOS UNITARIOS
L15: FECHA | M15: DD | N15: MM | O15: AA
M16: 22 | N16: 5 | O16: 2026
C17: ITEMS DE LA PROPUESTA ECONÓMICA | G17: X | I17: ITEMS NO PREVISTOS
C21: DATOS ESPECÍFICOS
C23: ITEM | D23: DESCRIPCIÓN | M23: UNIDAD | O23: CANTIDAD
C24: 6.1.2 | D24: REGISTRO P/D RED WHITE Ø 1/2" Ó EQUIVALENTE | M24: UND | O24: 4
C25: I. EQUIPO
C28: DESCRIPCIÓN | H28: MARCA | J28: TIPO | L28: TARIFA/HORA | M28: RENDIMIENTO | O28: Vr. UNITARIO
C29: Herramienta menor (5% mano de obra) | O29: =5%*O57 -> 2193.75
C32: SUBTOTAL $ | O32: =SUM(O29:O31) -> 2193.75
C33: II. MATERIALES
C36: DESCRIPCIÓN | K36: UNIDAD | L36: CANTIDAD | M36: PRECIO UNIT. | O36: Vr. UNITARIO
C37: Llave de paso 1/2" pvc | K37: Und | L37: 1 | M37: 20000 | O37: =L37*M37 -> 20000
C38: Pegante PVC (1/4 gl) | K38: Und | L38: 0.02 | M38: 80000 | O38: =L38*M38 -> 1600
O39: =L39*M39 -> 0
O40: =L40*M40 -> 0
C41: SUBTOTAL $ | O41: =SUM(O37:O40) -> 21600
C42: III. TRANSPORTES
C45: MATERIAL | J45: VOL. o PESO | K45: DISTANCIA | L45: M3 o Ton/Km | M45: TARIFA | O45: Vr. UNITARIO
C46: Transporte (15% materiales en obra) | O46: =15%*O41 -> 3240
C48: SUBTOTAL $ | O48: =SUM(O46:O47) -> 3240
C49: IV. MANO DE OBRA
C52: TRABAJADOR | J52: JORNAL | K52: PRESTACIONES | L52: JORNAL TOTAL | M52: RENDIMIENTO | O52: Vr. UNITARIO
C53: Ayudante de construcción | J53: 85000 | K53: 1.95 | L53: =J53*K53 -> 165750 | M53: 10 | O53: =L53/M53 -> 16575
C54: Oficial de construcción | J54: 140000 | K54: 1.95 | L54: =J54*K54 -> 273000 | M54: 10 | O54: =L54/M54 -> 27300
C57: SUBTOTAL $ | O57: =SUM(O53:O56) -> 43875
C59: TOTAL COSTO DIRECTO $ | O59: =ROUND((O32+O41+O48+O57),2) -> 70908.75
C60: V. COSTOS INDIRECTOS
C63: Descripción | L63: Porcentaje | M63: Total Costo Directo | O63: Valor Total
C64: ADMINISTRACION | L64: 0.25 | M64: =O$59 -> 70908.75 | O64: =L64*M64 -> 17727.188
C65: IMPREVISTOS | L65: 0.01 | M65: =O$59 -> 70908.75 | O65: =L65*M65 -> 709.0875
C66: UTILIDAD | L66: 0.04 | M66: =O$59 -> 70908.75 | O66: =L66*M66 -> 2836.35
C67: SUBTOTAL $ | O67: =ROUND(SUM(O64:O66),2) -> 21272.63
C69: Precio Unitario Total Aproximado al peso $ | O69: =ROUND((O59+O67),0) -> 92181
H73: Firma
H74: Nombre:
H75: Representante Legal del Contratista o su Apoderado
H76: Matricula No. :
C78: OBSERVACIONES INTERVENTORÍA
C82: APROBACIÓN POR INTERVENTORÍA
C83: Nota 1: Cuando se trate de Análisis de precios unitarios correspondientes a ítems de la propuesta económica aprobada, el Interventor aprueba el desglose de los componentes manteniendo el mismo precio unitario de cada ítem, cumpliendo con las especificaciones de construcción vigentes para el proyecto.
C85: Nota 2: Cuando se trate de Análisis de precios unitarios de ítems no previstos, el Interventor aprueba el desglose y precio unitario de cada ítem no previsto, exigiendo la aplicación de los costos correspondientes a insumos y tarifas de la propuesta económica inicial cuando estén contemplados, cumpliendo con las especificaciones de construcción vigente para el proyecto.
H88: Firma
H89: Nombre:
H90: Representante Legal del Interventor o su Apoderado
H91: Matricula No. :

Sheet APU 6.2.1
B1: Formulario 1 - Propuesta económica - Documento tipo de selección abreviada de menor cuantía
B2: Versión: 1 del 21 de agosto de 2025
C5: [La entidad podrá utilizar este formato para la presentación de los análisis de precios unitarios el contratista en la oportunidad prevista en el numeral 8.2. del Documento Base]
D8: =DATOS!B17 -> MUNICIPIO DE HACARÍ - DEPARTAMENTO NORTE DE SANTANDER
L9: VERSIÓN
D10: =DATOS!B8 -> HA-SA-003-2026
L11: PÁGINA | M11: 1 | N11: DE | O11: 1
D13: ANALISIS DE PRECIOS UNITARIOS
L15: FECHA | M15: DD | N15: MM | O15: AA
M16: 22 | N16: 5 | O16: 2026
C17: ITEMS DE LA PROPUESTA ECONÓMICA | G17: X | I17: ITEMS NO PREVISTOS
C21: DATOS ESPECÍFICOS
C23: ITEM | D23: DESCRIPCIÓN | M23: UNIDAD | O23: CANTIDAD
C24: 6.2.1 | D24: PUNTO AGUA FRIA PVC (INCLUYE ACCESORIOS E INCLUYE RECORRIDO HASTA LA CONEXIÓN A LA RED PRINCIPAL, Y/O CAMBIO DE DIAMETRO) | M24: UND | O24: 9
C25: I. EQUIPO
C28: DESCRIPCIÓN | H28: MARCA | J28: TIPO | L28: TARIFA/HORA | M28: RENDIMIENTO | O28: Vr. UNITARIO
C29: Herramienta menor (5% mano de obra) | O29: =5%*O61 -> 1828.125
C32: SUBTOTAL $ | O32: =SUM(O29:O31) -> 1828.125
C33: II. MATERIALES
C36: DESCRIPCIÓN | K36: UNIDAD | L36: CANTIDAD | M36: PRECIO UNIT. | O36: Vr. UNITARIO
C37: Limpiador para pvc | K37: und | L37: 0.03 | M37: 10000 | O37: =L37*M37 -> 300
C38: Union presion pvc 1/2" | K38: und | L38: 1 | M38: 700 | O38: =L38*M38 -> 700
C39: Pegante PVC (1/4 gl) | K39: Und | L39: 0.03 | M39: 80000 | O39: =L39*M39 -> 2400
C40: Union presion pvc 3/4" | K40: und | L40: 1 | M40: 1000 | O40: =L40*M40 -> 1000
C41: Tubo pvc presion 1/2" | K41: ml | L41: 3 | M41: 3000 | O41: =L41*M41 -> 9000
C42: Tubo pvc presion 3/4" | K42: ml | L42: 3 | M42: 5000 | O42: =L42*M42 -> 15000
C43: Codo 90 presion PVC 1/2" | K43: und | L43: 1 | M43: 700 | O43: =L43*M43 -> 700
C44: Codo 90 presion PVC 3/4" | K44: und | L44: 1 | M44: 1000 | O44: =L44*M44 -> 1000
C45: SUBTOTAL $ | O45: =SUM(O37:O44) -> 30100
C46: III. TRANSPORTES
C49: MATERIAL | J49: VOL. o PESO | K49: DISTANCIA | L49: M3 o Ton/Km | M49: TARIFA | O49: Vr. UNITARIO
C50: Transporte (15% materiales en obra) | O50: =15%*O45 -> 4515
C52: SUBTOTAL $ | O52: =SUM(O50:O51) -> 4515
C53: IV. MANO DE OBRA
C56: TRABAJADOR | J56: JORNAL | K56: PRESTACIONES | L56: JORNAL TOTAL | M56: RENDIMIENTO | O56: Vr. UNITARIO
C57: Ayudante de construcción | J57: 85000 | K57: 1.95 | L57: =J57*K57 -> 165750 | M57: 12 | O57: =L57/M57 -> 13812.5
C58: Oficial de construcción | J58: 140000 | K58: 1.95 | L58: =J58*K58 -> 273000 | M58: 12 | O58: =L58/M58 -> 22750
C61: SUBTOTAL $ | O61: =SUM(O57:O60) -> 36562.5
C63: TOTAL COSTO DIRECTO $ | O63: =ROUND((O32+O45+O52+O61),2) -> 73005.63
C64: V. COSTOS INDIRECTOS
C67: Descripción | L67: Porcentaje | M67: Total Costo Directo | O67: Valor Total
C68: ADMINISTRACION | L68: 0.25 | M68: =O$63 -> 73005.63 | O68: =L68*M68 -> 18251.408
C69: IMPREVISTOS | L69: 0.01 | M69: =O$63 -> 73005.63 | O69: =L69*M69 -> 730.0563
C70: UTILIDAD | L70: 0.04 | M70: =O$63 -> 73005.63 | O70: =L70*M70 -> 2920.2252
C71: SUBTOTAL $ | O71: =ROUND(SUM(O68:O70),2) -> 21901.69
C73: Precio Unitario Total Aproximado al peso $ | O73: =ROUND((O63+O71),0) -> 94907
H77: Firma
H78: Nombre:
H79: Representante Legal del Contratista o su Apoderado
H80: Matricula No. :
C82: OBSERVACIONES INTERVENTORÍA
C86: APROBACIÓN POR INTERVENTORÍA
C87: Nota 1: Cuando se trate de Análisis de precios unitarios correspondientes a ítems de la propuesta económica aprobada, el Interventor aprueba el desglose de los componentes manteniendo el mismo precio unitario de cada ítem, cumpliendo con las especificaciones de construcción vigentes para el proyecto.
C89: Nota 2: Cuando se trate de Análisis de precios unitarios de ítems no previstos, el Interventor aprueba el desglose y precio unitario de cada ítem no previsto, exigiendo la aplicación de los costos correspondientes a insumos y tarifas de la propuesta económica inicial cuando estén contemplados, cumpliendo con las especificaciones de construcción vigente para el proyecto.
H92: Firma
H93: Nombre:
H94: Representante Legal del Interventor o su Apoderado
H95: Matricula No. :

Sheet APU 6.3.1
B1: Formulario 1 - Propuesta económica - Documento tipo de selección abreviada de menor cuantía
B2: Versión: 1 del 21 de agosto de 2025
C5: [La entidad podrá utilizar este formato para la presentación de los análisis de precios unitarios el contratista en la oportunidad prevista en el numeral 8.2. del Documento Base]
D8: =DATOS!B17 -> MUNICIPIO DE HACARÍ - DEPARTAMENTO NORTE DE SANTANDER
L9: VERSIÓN
D10: =DATOS!B8 -> HA-SA-003-2026
L11: PÁGINA | M11: 1 | N11: DE | O11: 1
D13: ANALISIS DE PRECIOS UNITARIOS
L15: FECHA | M15: DD | N15: MM | O15: AA
M16: 22 | N16: 5 | O16: 2026
C17: ITEMS DE LA PROPUESTA ECONÓMICA | G17: X | I17: ITEMS NO PREVISTOS
C21: DATOS ESPECÍFICOS
C23: ITEM | D23: DESCRIPCIÓN | M23: UNIDAD | O23: CANTIDAD
C24: 6.3.1 | D24: PUNTO DESAGUE PVC Ø 2" | M24: UND | O24: 9
C25: I. EQUIPO
C28: DESCRIPCIÓN | H28: MARCA | J28: TIPO | L28: TARIFA/HORA | M28: RENDIMIENTO | O28: Vr. UNITARIO
C29: Herramienta menor (5% mano de obra) | O29: =5%*O61 -> 1566.9643
C32: SUBTOTAL $ | O32: =SUM(O29:O31) -> 1566.9643
C33: II. MATERIALES
C36: DESCRIPCIÓN | K36: UNIDAD | L36: CANTIDAD | M36: PRECIO UNIT. | O36: Vr. UNITARIO
C37: Limpiador para pvc | K37: und | L37: 0.03 | M37: 10000 | O37: =L37*M37 -> 300
C38: Union pvc sanitario 2" | K38: und | L38: 1 | M38: 3500 | O38: =L38*M38 -> 3500
C39: Pegante PVC (1/4 gl) | K39: Und | L39: 0.03 | M39: 80000 | O39: =L39*M39 -> 2400
C40: sifon 180 CXC 2" | K40: und | L40: 1 | M40: 8000 | O40: =L40*M40 -> 8000
C41: Tubo pvc sanitario 2" | K41: ml | L41: 3 | M41: 8000 | O41: =L41*M41 -> 24000
C42: Codo 45 sanitario PVC 2" | K42: ml | L42: 1 | M42: 3500 | O42: =L42*M42 -> 3500
C43: Tee de 45 Sanitario PVC 2" | K43: und | L43: 1 | M43: 3500 | O43: =L43*M43 -> 3500
O44: =L44*M44 -> 0
C45: SUBTOTAL $ | O45: =SUM(O37:O44) -> 45200
C46: III. TRANSPORTES
C49: MATERIAL | J49: VOL. o PESO | K49: DISTANCIA | L49: M3 o Ton/Km | M49: TARIFA | O49: Vr. UNITARIO
C50: Transporte (15% materiales en obra) | O50: =15%*O45 -> 6780
C52: SUBTOTAL $ | O52: =SUM(O50:O51) -> 6780
C53: IV. MANO DE OBRA
C56: TRABAJADOR | J56: JORNAL | K56: PRESTACIONES | L56: JORNAL TOTAL | M56: RENDIMIENTO | O56: Vr. UNITARIO
C57: Ayudante de construcción | J57: 85000 | K57: 1.95 | L57: =J57*K57 -> 165750 | M57: 14 | O57: =L57/M57 -> 11839.286
C58: Oficial de construcción | J58: 140000 | K58: 1.95 | L58: =J58*K58 -> 273000 | M58: 14 | O58: =L58/M58 -> 19500
C61: SUBTOTAL $ | O61: =SUM(O57:O60) -> 31339.286
C63: TOTAL COSTO DIRECTO $ | O63: =ROUND((O32+O45+O52+O61),2) -> 84886.25
C64: V. COSTOS INDIRECTOS
C67: Descripción | L67: Porcentaje | M67: Total Costo Directo | O67: Valor Total
C68: ADMINISTRACION | L68: 0.25 | M68: =O$63 -> 84886.25 | O68: =L68*M68 -> 21221.562
C69: IMPREVISTOS | L69: 0.01 | M69: =O$63 -> 84886.25 | O69: =L69*M69 -> 848.8625
C70: UTILIDAD | L70: 0.04 | M70: =O$63 -> 84886.25 | O70: =L70*M70 -> 3395.45
C71: SUBTOTAL $ | O71: =ROUND(SUM(O68:O70),2) -> 25465.88
C73: Precio Unitario Total Aproximado al peso $ | O73: =ROUND((O63+O71),0) -> 110352
H77: Firma
H78: Nombre:
H79: Representante Legal del Contratista o su Apoderado
H80: Matricula No. :
C82: OBSERVACIONES INTERVENTORÍA
C86: APROBACIÓN POR INTERVENTORÍA
C87: Nota 1: Cuando se trate de Análisis de precios unitarios correspondientes a ítems de la propuesta económica aprobada, el Interventor aprueba el desglose de los componentes manteniendo el mismo precio unitario de cada ítem, cumpliendo con las especificaciones de construcción vigentes para el proyecto.
C89: Nota 2: Cuando se trate de Análisis de precios unitarios de ítems no previstos, el Interventor aprueba el desglose y precio unitario de cada ítem no previsto, exigiendo la aplicación de los costos correspondientes a insumos y tarifas de la propuesta económica inicial cuando estén contemplados, cumpliendo con las especificaciones de construcción vigente para el proyecto.
H92: Firma
H93: Nombre:
H94: Representante Legal del Interventor o su Apoderado
H95: Matricula No. :

Sheet APU 6.3.2
B1: Formulario 1 - Propuesta económica - Documento tipo de selección abreviada de menor cuantía
B2: Versión: 1 del 21 de agosto de 2025
C5: [La entidad podrá utilizar este formato para la presentación de los análisis de precios unitarios el contratista en la oportunidad prevista en el numeral 8.2. del Documento Base]
D8: =DATOS!B17 -> MUNICIPIO DE HACARÍ - DEPARTAMENTO NORTE DE SANTANDER
L9: VERSIÓN
D10: =DATOS!B8 -> HA-SA-003-2026
L11: PÁGINA | M11: 1 | N11: DE | O11: 1
D13: ANALISIS DE PRECIOS UNITARIOS
L15: FECHA | M15: DD | N15: MM | O15: AA
M16: 22 | N16: 5 | O16: 2026
C17: ITEMS DE LA PROPUESTA ECONÓMICA | G17: X | I17: ITEMS NO PREVISTOS
C21: DATOS ESPECÍFICOS
C23: ITEM | D23: DESCRIPCIÓN | M23: UNIDAD | O23: CANTIDAD
C24: 6.3.2 | D24: PUNTO DESAGUE PVC Ø 3" - Ø 4" | M24: UND | O24: 1
C25: I. EQUIPO
C28: DESCRIPCIÓN | H28: MARCA | J28: TIPO | L28: TARIFA/HORA | M28: RENDIMIENTO | O28: Vr. UNITARIO
C29: Herramienta menor (5% mano de obra) | O29: =5%*O62 -> 1096.875
C32: SUBTOTAL $ | O32: =SUM(O29:O31) -> 1096.875
C33: II. MATERIALES
C36: DESCRIPCIÓN | K36: UNIDAD | L36: CANTIDAD | M36: PRECIO UNIT. | O36: Vr. UNITARIO
C37: Limpiador para pvc | K37: und | L37: 0.03 | M37: 10000 | O37: =L37*M37 -> 300
C38: Pegante PVC (1/4 gl) | K38: Und | L38: 0.03 | M38: 80000 | O38: =L38*M38 -> 2400
C39: Tubo pvc sanitario 4" | K39: ml | L39: 1 | M39: 20000 | O39: =L39*M39 -> 20000
C40: Union pvc sanitario 4" | K40: und | L40: 1 | M40: 15000 | O40: =L40*M40 -> 15000
C41: Codo 90 pvc sanitario 4" | K41: und | L41: 1 | M41: 15000 | O41: =L41*M41 -> 15000
C42: Tee pvc sanitario 4" | K42: und | L42: 1 | M42: 15000 | O42: =L42*M42 -> 15000
C43: Union pvc sanitario 3" | K43: und | L43: 1 | M43: 12000 | O43: =L43*M43 -> 12000
C44: Tee pvc sanitario 3" | K44: und | L44: 1 | M44: 12000 | O44: =L44*M44 -> 12000
C45: Codo pvc sanitario 3" | K45: und | L45: 1 | M45: 12000 | O45: =L45*M45 -> 12000
C46: SUBTOTAL $ | O46: =SUM(O37:O45) -> 103700
C47: III. TRANSPORTES
C50: MATERIAL | J50: VOL. o PESO | K50: DISTANCIA | L50: M3 o Ton/Km | M50: TARIFA | O50: Vr. UNITARIO
C51: Transporte (15% materiales en obra) | O51: =15%*O46 -> 15555
C53: SUBTOTAL $ | O53: =SUM(O51:O52) -> 15555
C54: IV. MANO DE OBRA
C57: TRABAJADOR | J57: JORNAL | K57: PRESTACIONES | L57: JORNAL TOTAL | M57: RENDIMIENTO | O57: Vr. UNITARIO
C58: Ayudante de construcción | J58: 85000 | K58: 1.95 | L58: =J58*K58 -> 165750 | M58: 20 | O58: =L58/M58 -> 8287.5
C59: Oficial de construcción | J59: 140000 | K59: 1.95 | L59: =J59*K59 -> 273000 | M59: 20 | O59: =L59/M59 -> 13650
C62: SUBTOTAL $ | O62: =SUM(O58:O61) -> 21937.5
C64: TOTAL COSTO DIRECTO $ | O64: =ROUND((O32+O46+O53+O62),2) -> 142289.38
C65: V. COSTOS INDIRECTOS
C68: Descripción | L68: Porcentaje | M68: Total Costo Directo | O68: Valor Total
C69: ADMINISTRACION | L69: 0.25 | M69: =O$64 -> 142289.38 | O69: =L69*M69 -> 35572.345
C70: IMPREVISTOS | L70: 0.01 | M70: =O$64 -> 142289.38 | O70: =L70*M70 -> 1422.8938
C71: UTILIDAD | L71: 0.04 | M71: =O$64 -> 142289.38 | O71: =L71*M71 -> 5691.5752
C72: SUBTOTAL $ | O72: =ROUND(SUM(O69:O71),2) -> 42686.81
C74: Precio Unitario Total Aproximado al peso $ | O74: =ROUND((O64+O72),0) -> 184976
H78: Firma
H79: Nombre:
H80: Representante Legal del Contratista o su Apoderado
H81: Matricula No. :
C83: OBSERVACIONES INTERVENTORÍA
C87: APROBACIÓN POR INTERVENTORÍA
C88: Nota 1: Cuando se trate de Análisis de precios unitarios correspondientes a ítems de la propuesta económica aprobada, el Interventor aprueba el desglose de los componentes manteniendo el mismo precio unitario de cada ítem, cumpliendo con las especificaciones de construcción vigentes para el proyecto.
C90: Nota 2: Cuando se trate de Análisis de precios unitarios de ítems no previstos, el Interventor aprueba el desglose y precio unitario de cada ítem no previsto, exigiendo la aplicación de los costos correspondientes a insumos y tarifas de la propuesta económica inicial cuando estén contemplados, cumpliendo con las especificaciones de construcción vigente para el proyecto.
H93: Firma
H94: Nombre:
H95: Representante Legal del Interventor o su Apoderado
H96: Matricula No. :

Sheet APU 7.1.1
B1: Formulario 1 - Propuesta económica - Documento tipo de selección abreviada de menor cuantía
B2: Versión: 1 del 21 de agosto de 2025
C5: [La entidad podrá utilizar este formato para la presentación de los análisis de precios unitarios el contratista en la oportunidad prevista en el numeral 8.2. del Documento Base]
D8: =DATOS!B17 -> MUNICIPIO DE HACARÍ - DEPARTAMENTO NORTE DE SANTANDER
L9: VERSIÓN
D10: =DATOS!B8 -> HA-SA-003-2026
L11: PÁGINA | M11: 1 | N11: DE | O11: 1
D13: ANALISIS DE PRECIOS UNITARIOS
L15: FECHA | M15: DD | N15: MM | O15: AA
M16: 22 | N16: 5 | O16: 2026
C17: ITEMS DE LA PROPUESTA ECONÓMICA | G17: X | I17: ITEMS NO PREVISTOS
C21: DATOS ESPECÍFICOS
C23: ITEM | D23: DESCRIPCIÓN | M23: UNIDAD | O23: CANTIDAD
C24: 7.1.1 | D24: SALIDA + INTERRUPTOR SENCILLO LUMINEX O EQUIVALENTE - INCLUYE CAJA, TUBERIA PVC DE 1/2", CONDUCTORES DE COBRE #12 AWG, LS ZH, APARATO ELECTRICO CORRESPONDIENTE Y DEMÁS ACCESORIOS NECESARIOS PARA SU CORRECTA INSTALACIÓN. SALIDA HASTA UNA DISTANCIA DE 3,00M | M24: UND | O24: 10
C25: I. EQUIPO
C28: DESCRIPCIÓN | H28: MARCA | J28: TIPO | L28: TARIFA/HORA | M28: RENDIMIENTO | O28: Vr. UNITARIO
C29: Herramienta menor (5% mano de obra) | O29: =5%*O62 -> 3235.2273
C32: SUBTOTAL $ | O32: =SUM(O29:O31) -> 3235.2273
C33: II. MATERIALES
C36: DESCRIPCIÓN | K36: UNIDAD | L36: CANTIDAD | M36: PRECIO UNIT. | O36: Vr. UNITARIO
C37: ADAPTADOR TERMINAL CONDUIT 1/2 PVC | K37: Unidad | L37: 2 | M37: 605 | O37: =L37*M37 -> 1210
C38: LIMPIADOR PARA PVC Y CPVC (1/32 GL.) | K38: Unidad | L38: 0.8 | M38: 8497.5 | O38: =L38*M38 -> 6798
C39: CAJA 4x2 PVC | K39: Unidad | L39: 1 | M39: 2500 | O39: =L39*M39 -> 2500
C40: CINTA AISLANTE N15 PVC (20M) NEGRA | K40: Unidad | L40: 0.23 | M40: 7854 | O40: =L40*M40 -> 1806.42
C41: CURVA 90º 1/2" PVC/CONDUIT | K41: Unidad | L41: 1 | M41: 1501 | O41: =L41*M41 -> 1501
C42: CABLE N°12 THHN CENTELSA | K42: Metro | L42: 9 | M42: 2500 | O42: =L42*M42 -> 22500
C43: SOLDADURA LIQUIDA (1/4 GL.) | K43: Unidad | L43: 0.12780516 | M43: 79510 | O43: =L43*M43 -> 10161.788
C44: INTERRUPTOR SENCILLO | K44: Unidad | L44: 1 | M44: 15900 | O44: =L44*M44 -> 15900
C45: TUBO CONDUIT PVC 1/2 | K45: Metro | L45: 3 | M45: 2208.8 | O45: =L45*M45 -> 6626.4
C46: SUBTOTAL $ | O46: =SUM(O37:O45) -> 69003.608
C47: III. TRANSPORTES
C50: MATERIAL | J50: VOL. o PESO | K50: DISTANCIA | L50: M3 o Ton/Km | M50: TARIFA | O50: Vr. UNITARIO
C51: Transporte (15% materiales en obra) | O51: =15%*O46 -> 10350.541
C53: SUBTOTAL $ | O53: =SUM(O51:O52) -> 10350.541
C54: IV. MANO DE OBRA
C57: TRABAJADOR | J57: JORNAL | K57: PRESTACIONES | L57: JORNAL TOTAL | M57: RENDIMIENTO | O57: Vr. UNITARIO
C58: Ayudante de construcción | J58: 85000 | K58: 1.95 | L58: =J58*K58 -> 165750 | M58: 11 | O58: =L58/M58 -> 15068.182
C59: Oficial de construcción | J59: 140000 | K59: 1.95 | L59: =J59*K59 -> 273000 | M59: 11 | O59: =L59/M59 -> 24818.182
C60: Especialista electrico | J60: 140000 | K60: 1.95 | L60: =J60*K60 -> 273000 | M60: 11 | O60: =L60/M60 -> 24818.182
C62: SUBTOTAL $ | O62: =SUM(O58:O61) -> 64704.545
C64: TOTAL COSTO DIRECTO $ | O64: =ROUND((O32+O46+O53+O62),2) -> 147293.92
C65: V. COSTOS INDIRECTOS
C68: Descripción | L68: Porcentaje | M68: Total Costo Directo | O68: Valor Total
C69: ADMINISTRACION | L69: 0.25 | M69: =O$64 -> 147293.92 | O69: =L69*M69 -> 36823.48
C70: IMPREVISTOS | L70: 0.01 | M70: =O$64 -> 147293.92 | O70: =L70*M70 -> 1472.9392
C71: UTILIDAD | L71: 0.04 | M71: =O$64 -> 147293.92 | O71: =L71*M71 -> 5891.7568
C72: SUBTOTAL $ | O72: =ROUND(SUM(O69:O71),2) -> 44188.18
C74: Precio Unitario Total Aproximado al peso $ | O74: =ROUND((O64+O72),0) -> 191482
H78: Firma
H79: Nombre:
H80: Representante Legal del Contratista o su Apoderado
H81: Matricula No. :
C83: OBSERVACIONES INTERVENTORÍA
C87: APROBACIÓN POR INTERVENTORÍA
C88: Nota 1: Cuando se trate de Análisis de precios unitarios correspondientes a ítems de la propuesta económica aprobada, el Interventor aprueba el desglose de los componentes manteniendo el mismo precio unitario de cada ítem, cumpliendo con las especificaciones de construcción vigentes para el proyecto.
C90: Nota 2: Cuando se trate de Análisis de precios unitarios de ítems no previstos, el Interventor aprueba el desglose y precio unitario de cada ítem no previsto, exigiendo la aplicación de los costos correspondientes a insumos y tarifas de la propuesta económica inicial cuando estén contemplados, cumpliendo con las especificaciones de construcción vigente para el proyecto.
H93: Firma
H94: Nombre:
H95: Representante Legal del Interventor o su Apoderado
H96: Matricula No. :

Sheet APU 7.1.2
B1: Formulario 1 - Propuesta económica - Documento tipo de selección abreviada de menor cuantía
B2: Versión: 1 del 21 de agosto de 2025
C5: [La entidad podrá utilizar este formato para la presentación de los análisis de precios unitarios el contratista en la oportunidad prevista en el numeral 8.2. del Documento Base]
D8: =DATOS!B17 -> MUNICIPIO DE HACARÍ - DEPARTAMENTO NORTE DE SANTANDER
L9: VERSIÓN
D10: =DATOS!B8 -> HA-SA-003-2026
L11: PÁGINA | M11: 1 | N11: DE | O11: 1
D13: ANALISIS DE PRECIOS UNITARIOS
L15: FECHA | M15: DD | N15: MM | O15: AA
M16: 22 | N16: 5 | O16: 2026
C17: ITEMS DE LA PROPUESTA ECONÓMICA | G17: X | I17: ITEMS NO PREVISTOS
C21: DATOS ESPECÍFICOS
C23: ITEM | D23: DESCRIPCIÓN | M23: UNIDAD | O23: CANTIDAD
C24: 7.1.2 | D24: SALIDA PARA LUMINARIA - INCLUYE CAJA, TUBERIA PVC DE 1/2", CONDUCTORES DE COBRE #12 AWG, LS ZH, APARATO ELECTRICO CORRESPONDIENTE Y DEMÁS ACCESORIOS NECESARIOS PARA SU CORRECTA INSTALACIÓN. SALIDA HASTA UNA DISTANCIA DE 3,00M | M24: UND | O24: 10
C25: I. EQUIPO
C28: DESCRIPCIÓN | H28: MARCA | J28: TIPO | L28: TARIFA/HORA | M28: RENDIMIENTO | O28: Vr. UNITARIO
C29: Herramienta menor (5% mano de obra) | O29: =5%*O62 -> 3558.75
C32: SUBTOTAL $ | O32: =SUM(O29:O31) -> 3558.75
C33: II. MATERIALES
C36: DESCRIPCIÓN | K36: UNIDAD | L36: CANTIDAD | M36: PRECIO UNIT. | O36: Vr. UNITARIO
C37: ADAPTADOR TERMINAL CONDUIT 1/2 PVC | K37: Unidad | L37: 2 | M37: 605 | O37: =L37*M37 -> 1210
C38: LIMPIADOR PARA PVC Y CPVC (1/32 GL.) | K38: Unidad | L38: 0.8 | M38: 8497.5 | O38: =L38*M38 -> 6798
C39: CAJA OCTOGONAL PVC | K39: Unidad | L39: 1 | M39: 2500 | O39: =L39*M39 -> 2500
C40: CINTA AISLANTE N15 PVC (20M) NEGRA | K40: Unidad | L40: 0.23 | M40: 7854 | O40: =L40*M40 -> 1806.42
C41: CURVA 90º 1/2" PVC/CONDUIT | K41: Unidad | L41: 1 | M41: 1501 | O41: =L41*M41 -> 1501
C42: CABLE N°12 THHN CENTELSA | K42: Metro | L42: 9 | M42: 2500 | O42: =L42*M42 -> 22500
C43: SOLDADURA LIQUIDA (1/4 GL.) | K43: Unidad | L43: 0.12780516 | M43: 79510 | O43: =L43*M43 -> 10161.788
C44: TUBO CONDUIT PVC 1/2 | K44: Metro | L44: 3 | M44: 2208.8 | O44: =L44*M44 -> 6626.4
O45: =L45*M45 -> 0
C46: SUBTOTAL $ | O46: =SUM(O37:O45) -> 53103.608
C47: III. TRANSPORTES
C50: MATERIAL | J50: VOL. o PESO | K50: DISTANCIA | L50: M3 o Ton/Km | M50: TARIFA | O50: Vr. UNITARIO
C51: Transporte (15% materiales en obra) | O51: =15%*O46 -> 7965.5412
C53: SUBTOTAL $ | O53: =SUM(O51:O52) -> 7965.5412
C54: IV. MANO DE OBRA
C57: TRABAJADOR | J57: JORNAL | K57: PRESTACIONES | L57: JORNAL TOTAL | M57: RENDIMIENTO | O57: Vr. UNITARIO
C58: Ayudante de construcción | J58: 85000 | K58: 1.95 | L58: =J58*K58 -> 165750 | M58: 10 | O58: =L58/M58 -> 16575
C59: Oficial de construcción | J59: 140000 | K59: 1.95 | L59: =J59*K59 -> 273000 | M59: 10 | O59: =L59/M59 -> 27300
C60: Especialista electrico | J60: 140000 | K60: 1.95 | L60: =J60*K60 -> 273000 | M60: 10 | O60: =L60/M60 -> 27300
C62: SUBTOTAL $ | O62: =SUM(O58:O61) -> 71175
C64: TOTAL COSTO DIRECTO $ | O64: =ROUND((O32+O46+O53+O62),2) -> 135802.9
C65: V. COSTOS INDIRECTOS
C68: Descripción | L68: Porcentaje | M68: Total Costo Directo | O68: Valor Total
C69: ADMINISTRACION | L69: 0.25 | M69: =O$64 -> 135802.9 | O69: =L69*M69 -> 33950.725
C70: IMPREVISTOS | L70: 0.01 | M70: =O$64 -> 135802.9 | O70: =L70*M70 -> 1358.029
C71: UTILIDAD | L71: 0.04 | M71: =O$64 -> 135802.9 | O71: =L71*M71 -> 5432.116
C72: SUBTOTAL $ | O72: =ROUND(SUM(O69:O71),2) -> 40740.87
C74: Precio Unitario Total Aproximado al peso $ | O74: =ROUND((O64+O72),0) -> 176544
H78: Firma
H79: Nombre:
H80: Representante Legal del Contratista o su Apoderado
H81: Matricula No. :
C83: OBSERVACIONES INTERVENTORÍA
C87: APROBACIÓN POR INTERVENTORÍA
C88: Nota 1: Cuando se trate de Análisis de precios unitarios correspondientes a ítems de la propuesta económica aprobada, el Interventor aprueba el desglose de los componentes manteniendo el mismo precio unitario de cada ítem, cumpliendo con las especificaciones de construcción vigentes para el proyecto.
C90: Nota 2: Cuando se trate de Análisis de precios unitarios de ítems no previstos, el Interventor aprueba el desglose y precio unitario de cada ítem no previsto, exigiendo la aplicación de los costos correspondientes a insumos y tarifas de la propuesta económica inicial cuando estén contemplados, cumpliendo con las especificaciones de construcción vigente para el proyecto.
H93: Firma
H94: Nombre:
H95: Representante Legal del Interventor o su Apoderado
H96: Matricula No. :

Sheet APU 7.1.3
B1: Formulario 1 - Propuesta económica - Documento tipo de selección abreviada de menor cuantía
B2: Versión: 1 del 21 de agosto de 2025
C5: [La entidad podrá utilizar este formato para la presentación de los análisis de precios unitarios el contratista en la oportunidad prevista en el numeral 8.2. del Documento Base]
D8: =DATOS!B17 -> MUNICIPIO DE HACARÍ - DEPARTAMENTO NORTE DE SANTANDER
L9: VERSIÓN
D10: =DATOS!B8 -> HA-SA-003-2026
L11: PÁGINA | M11: 1 | N11: DE | O11: 1
D13: ANALISIS DE PRECIOS UNITARIOS
L15: FECHA | M15: DD | N15: MM | O15: AA
M16: 22 | N16: 5 | O16: 2026
C17: ITEMS DE LA PROPUESTA ECONÓMICA | G17: X | I17: ITEMS NO PREVISTOS
C21: DATOS ESPECÍFICOS
C23: ITEM | D23: DESCRIPCIÓN | M23: UNIDAD | O23: CANTIDAD
C24: 7.1.3 | D24: SALIDA + TOMACORRIENTE DOBLE MONOFASICA - INCLUYE CAJA, TUBERIA PVC DE 1/2", CONDUCTORES DE COBRE #12 AWG, LS ZH, APARATO ELECTRICO CORRESPONDIENTE Y DEMÁS ACCESORIOS NECESARIOS PARA SU CORRECTA INSTALACIÓN. SALIDA HASTA UNA DISTANCIA DE 3,00M | M24: UND | O24: 25
C25: I. EQUIPO
C28: DESCRIPCIÓN | H28: MARCA | J28: TIPO | L28: TARIFA/HORA | M28: RENDIMIENTO | O28: Vr. UNITARIO
C29: Herramienta menor (5% mano de obra) | O29: =5%*O62 -> 2965.625
C32: SUBTOTAL $ | O32: =SUM(O29:O31) -> 2965.625
C33: II. MATERIALES
C36: DESCRIPCIÓN | K36: UNIDAD | L36: CANTIDAD | M36: PRECIO UNIT. | O36: Vr. UNITARIO
C37: ADAPTADOR TERMINAL CONDUIT 1/2 PVC | K37: Unidad | L37: 2 | M37: 605 | O37: =L37*M37 -> 1210
C38: LIMPIADOR PARA PVC Y CPVC (1/32 GL.) | K38: Unidad | L38: 0.8 | M38: 8497.5 | O38: =L38*M38 -> 6798
C39: CAJA 4X2 PVC | K39: Unidad | L39: 1 | M39: 2500 | O39: =L39*M39 -> 2500
C40: CINTA AISLANTE N15 PVC (20M) NEGRA | K40: Unidad | L40: 0.23 | M40: 7854 | O40: =L40*M40 -> 1806.42
C41: CURVA 90º 1/2" PVC/CONDUIT | K41: Unidad | L41: 1 | M41: 1501 | O41: =L41*M41 -> 1501
C42: CABLE N°12 THHN CENTELSA | K42: Metro | L42: 9 | M42: 2500 | O42: =L42*M42 -> 22500
C43: SOLDADURA LIQUIDA (1/4 GL.) | K43: Unidad | L43: 0.12780516 | M43: 79510 | O43: =L43*M43 -> 10161.788
C44: TOMACORRIENTE DOBLE | K44: Unidad | L44: 1 | M44: 15900 | O44: =L44*M44 -> 15900
C45: TUBO CONDUIT PVC 1/2 | K45: Metro | L45: 3 | M45: 2208.8 | O45: =L45*M45 -> 6626.4
C46: SUBTOTAL $ | O46: =SUM(O37:O45) -> 69003.608
C47: III. TRANSPORTES
C50: MATERIAL | J50: VOL. o PESO | K50: DISTANCIA | L50: M3 o Ton/Km | M50: TARIFA | O50: Vr. UNITARIO
C51: Transporte (15% materiales en obra) | O51: =15%*O46 -> 10350.541
C53: SUBTOTAL $ | O53: =SUM(O51:O52) -> 10350.541
C54: IV. MANO DE OBRA
C57: TRABAJADOR | J57: JORNAL | K57: PRESTACIONES | L57: JORNAL TOTAL | M57: RENDIMIENTO | O57: Vr. UNITARIO
C58: Ayudante de construcción | J58: 85000 | K58: 1.95 | L58: =J58*K58 -> 165750 | M58: 12 | O58: =L58/M58 -> 13812.5
C59: Oficial de construcción | J59: 140000 | K59: 1.95 | L59: =J59*K59 -> 273000 | M59: 12 | O59: =L59/M59 -> 22750
C60: Especialista electrico | J60: 140000 | K60: 1.95 | L60: =J60*K60 -> 273000 | M60: 12 | O60: =L60/M60 -> 22750
C62: SUBTOTAL $ | O62: =SUM(O58:O61) -> 59312.5
C64: TOTAL COSTO DIRECTO $ | O64: =ROUND((O32+O46+O53+O62),2) -> 141632.27
C65: V. COSTOS INDIRECTOS
C68: Descripción | L68: Porcentaje | M68: Total Costo Directo | O68: Valor Total
C69: ADMINISTRACION | L69: 0.25 | M69: =O$64 -> 141632.27 | O69: =L69*M69 -> 35408.067
C70: IMPREVISTOS | L70: 0.01 | M70: =O$64 -> 141632.27 | O70: =L70*M70 -> 1416.3227
C71: UTILIDAD | L71: 0.04 | M71: =O$64 -> 141632.27 | O71: =L71*M71 -> 5665.2908
C72: SUBTOTAL $ | O72: =ROUND(SUM(O69:O71),2) -> 42489.68
C74: Precio Unitario Total Aproximado al peso $ | O74: =ROUND((O64+O72),0) -> 184122
H78: Firma
H79: Nombre:
H80: Representante Legal del Contratista o su Apoderado
H81: Matricula No. :
C83: OBSERVACIONES INTERVENTORÍA
C87: APROBACIÓN POR INTERVENTORÍA
C88: Nota 1: Cuando se trate de Análisis de precios unitarios correspondientes a ítems de la propuesta económica aprobada, el Interventor aprueba el desglose de los componentes manteniendo el mismo precio unitario de cada ítem, cumpliendo con las especificaciones de construcción vigentes para el proyecto.
C90: Nota 2: Cuando se trate de Análisis de precios unitarios de ítems no previstos, el Interventor aprueba el desglose y precio unitario de cada ítem no previsto, exigiendo la aplicación de los costos correspondientes a insumos y tarifas de la propuesta económica inicial cuando estén contemplados, cumpliendo con las especificaciones de construcción vigente para el proyecto.
H93: Firma
H94: Nombre:
H95: Representante Legal del Interventor o su Apoderado
H96: Matricula No. :

Sheet APU 7.2.1
B1: Formulario 1 - Propuesta económica - Documento tipo de selección abreviada de menor cuantía
B2: Versión: 1 del 21 de agosto de 2025
C5: [La entidad podrá utilizar este formato para la presentación de los análisis de precios unitarios el contratista en la oportunidad prevista en el numeral 8.2. del Documento Base]
D8: =DATOS!B17 -> MUNICIPIO DE HACARÍ - DEPARTAMENTO NORTE DE SANTANDER
L9: VERSIÓN
D10: =DATOS!B8 -> HA-SA-003-2026
L11: PÁGINA | M11: 1 | N11: DE | O11: 1
D13: ANALISIS DE PRECIOS UNITARIOS
L15: FECHA | M15: DD | N15: MM | O15: AA
M16: 22 | N16: 5 | O16: 2026
C17: ITEMS DE LA PROPUESTA ECONÓMICA | G17: X | I17: ITEMS NO PREVISTOS
C21: DATOS ESPECÍFICOS
C23: ITEM | D23: DESCRIPCIÓN | M23: UNIDAD | O23: CANTIDAD
C24: 7.2.1 | D24: TUBERIA PVC 1/2" EMBEBIDA. INC. ACCESORIOS | M24: M | O24: 90
C25: I. EQUIPO
C28: DESCRIPCIÓN | H28: MARCA | J28: TIPO | L28: TARIFA/HORA | M28: RENDIMIENTO | O28: Vr. UNITARIO
C29: Herramienta menor (5% mano de obra) | O29: =5%*O57 -> 177.9375
C32: SUBTOTAL $ | O32: =SUM(O29:O31) -> 177.9375
C33: II. MATERIALES
C36: DESCRIPCIÓN | K36: UNIDAD | L36: CANTIDAD | M36: PRECIO UNIT. | O36: Vr. UNITARIO
C37: TUBO CONDUIT 1/2" X 3M PVC SCH40 | K37: Metro | L37: 1 | M37: 2208.8 | O37: =L37*M37 -> 2208.8
C38: CURVA 90º 1/2" PVC/CONDUIT | K38: Unidad | L38: 1 | M38: 1501 | O38: =L38*M38 -> 1501
C39: LIMPIADOR PARA PVC Y CPVC (1/32 GL.) | K39: Unidad | L39: 0.04 | M39: 8497.5 | O39: =L39*M39 -> 339.9
C40: PEGANTE PVC 1/4 | K40: UND | L40: 0.02 | M40: 80000 | O40: =L40*M40 -> 1600
C41: SUBTOTAL $ | O41: =SUM(O37:O40) -> 5649.7
C42: III. TRANSPORTES
C45: MATERIAL | J45: VOL. o PESO | K45: DISTANCIA | L45: M3 o Ton/Km | M45: TARIFA | O45: Vr. UNITARIO
C46: Transporte (15% materiales en obra) | O46: =15%*O41 -> 847.455
C48: SUBTOTAL $ | O48: =SUM(O46:O47) -> 847.455
C49: IV. MANO DE OBRA
C52: TRABAJADOR | J52: JORNAL | K52: PRESTACIONES | L52: JORNAL TOTAL | M52: RENDIMIENTO | O52: Vr. UNITARIO
C53: Ayudante de construcción | J53: 85000 | K53: 1.95 | L53: =J53*K53 -> 165750 | M53: 200 | O53: =L53/M53 -> 828.75
C54: Oficial de construcción | J54: 140000 | K54: 1.95 | L54: =J54*K54 -> 273000 | M54: 200 | O54: =L54/M54 -> 1365
C55: Especialista electrico | J55: 140000 | K55: 1.95 | L55: =J55*K55 -> 273000 | M55: 200 | O55: =L55/M55 -> 1365
C57: SUBTOTAL $ | O57: =SUM(O53:O56) -> 3558.75
C59: TOTAL COSTO DIRECTO $ | O59: =ROUND((O32+O41+O48+O57),2) -> 10233.84
C60: V. COSTOS INDIRECTOS
C63: Descripción | L63: Porcentaje | M63: Total Costo Directo | O63: Valor Total
C64: ADMINISTRACION | L64: 0.25 | M64: =O$59 -> 10233.84 | O64: =L64*M64 -> 2558.46
C65: IMPREVISTOS | L65: 0.01 | M65: =O$59 -> 10233.84 | O65: =L65*M65 -> 102.3384
C66: UTILIDAD | L66: 0.04 | M66: =O$59 -> 10233.84 | O66: =L66*M66 -> 409.3536
C67: SUBTOTAL $ | O67: =ROUND(SUM(O64:O66),2) -> 3070.15
C69: Precio Unitario Total Aproximado al peso $ | O69: =ROUND((O59+O67),0) -> 13304
H73: Firma
H74: Nombre:
H75: Representante Legal del Contratista o su Apoderado
H76: Matricula No. :
C78: OBSERVACIONES INTERVENTORÍA
C82: APROBACIÓN POR INTERVENTORÍA
C83: Nota 1: Cuando se trate de Análisis de precios unitarios correspondientes a ítems de la propuesta económica aprobada, el Interventor aprueba el desglose de los componentes manteniendo el mismo precio unitario de cada ítem, cumpliendo con las especificaciones de construcción vigentes para el proyecto.
C85: Nota 2: Cuando se trate de Análisis de precios unitarios de ítems no previstos, el Interventor aprueba el desglose y precio unitario de cada ítem no previsto, exigiendo la aplicación de los costos correspondientes a insumos y tarifas de la propuesta económica inicial cuando estén contemplados, cumpliendo con las especificaciones de construcción vigente para el proyecto.
H88: Firma
H89: Nombre:
H90: Representante Legal del Interventor o su Apoderado
H91: Matricula No. :

Sheet APU 7.2.2
B1: Formulario 1 - Propuesta económica - Documento tipo de selección abreviada de menor cuantía
B2: Versión: 1 del 21 de agosto de 2025
C5: [La entidad podrá utilizar este formato para la presentación de los análisis de precios unitarios el contratista en la oportunidad prevista en el numeral 8.2. del Documento Base]
D8: =DATOS!B17 -> MUNICIPIO DE HACARÍ - DEPARTAMENTO NORTE DE SANTANDER
L9: VERSIÓN
D10: =DATOS!B8 -> HA-SA-003-2026
L11: PÁGINA | M11: 1 | N11: DE | O11: 1
D13: ANALISIS DE PRECIOS UNITARIOS
L15: FECHA | M15: DD | N15: MM | O15: AA
M16: 22 | N16: 5 | O16: 2026
C17: ITEMS DE LA PROPUESTA ECONÓMICA | G17: X | I17: ITEMS NO PREVISTOS
C21: DATOS ESPECÍFICOS
C23: ITEM | D23: DESCRIPCIÓN | M23: UNIDAD | O23: CANTIDAD
C24: 7.2.2 | D24: TUBERIA PVC 3/4" EMBEBIDA. INC. ACCESORIOS | M24: M | O24: 90
C25: I. EQUIPO
C28: DESCRIPCIÓN | H28: MARCA | J28: TIPO | L28: TARIFA/HORA | M28: RENDIMIENTO | O28: Vr. UNITARIO
C29: Herramienta menor (5% mano de obra) | O29: =5%*O57 -> 237.25
C32: SUBTOTAL $ | O32: =SUM(O29:O31) -> 237.25
C33: II. MATERIALES
C36: DESCRIPCIÓN | K36: UNIDAD | L36: CANTIDAD | M36: PRECIO UNIT. | O36: Vr. UNITARIO
C37: TUBO CONDUIT 3/4" X 3M PVC SCH40 | K37: Metro | L37: 1 | M37: 3000 | O37: =L37*M37 -> 3000
C38: CURVA 90º 3/4" PVC/CONDUIT | K38: Unidad | L38: 1 | M38: 1900 | O38: =L38*M38 -> 1900
C39: LIMPIADOR PARA PVC Y CPVC (1/32 GL.) | K39: Unidad | L39: 0.04 | M39: 8497.5 | O39: =L39*M39 -> 339.9
C40: PEGANTE PVC 1/4 | K40: UND | L40: 0.02 | M40: 80000 | O40: =L40*M40 -> 1600
C41: SUBTOTAL $ | O41: =SUM(O37:O40) -> 6839.9
C42: III. TRANSPORTES
C45: MATERIAL | J45: VOL. o PESO | K45: DISTANCIA | L45: M3 o Ton/Km | M45: TARIFA | O45: Vr. UNITARIO
C46: Transporte (15% materiales en obra) | O46: =15%*O41 -> 1025.985
C48: SUBTOTAL $ | O48: =SUM(O46:O47) -> 1025.985
C49: IV. MANO DE OBRA
C52: TRABAJADOR | J52: JORNAL | K52: PRESTACIONES | L52: JORNAL TOTAL | M52: RENDIMIENTO | O52: Vr. UNITARIO
C53: Ayudante de construcción | J53: 85000 | K53: 1.95 | L53: =J53*K53 -> 165750 | M53: 150 | O53: =L53/M53 -> 1105
C54: Oficial de construcción | J54: 140000 | K54: 1.95 | L54: =J54*K54 -> 273000 | M54: 150 | O54: =L54/M54 -> 1820
C55: Especialista electrico | J55: 140000 | K55: 1.95 | L55: =J55*K55 -> 273000 | M55: 150 | O55: =L55/M55 -> 1820
C57: SUBTOTAL $ | O57: =SUM(O53:O56) -> 4745
C59: TOTAL COSTO DIRECTO $ | O59: =ROUND((O32+O41+O48+O57),2) -> 12848.14
C60: V. COSTOS INDIRECTOS
C63: Descripción | L63: Porcentaje | M63: Total Costo Directo | O63: Valor Total
C64: ADMINISTRACION | L64: 0.25 | M64: =O$59 -> 12848.14 | O64: =L64*M64 -> 3212.035
C65: IMPREVISTOS | L65: 0.01 | M65: =O$59 -> 12848.14 | O65: =L65*M65 -> 128.4814
C66: UTILIDAD | L66: 0.04 | M66: =O$59 -> 12848.14 | O66: =L66*M66 -> 513.9256
C67: SUBTOTAL $ | O67: =ROUND(SUM(O64:O66),2) -> 3854.44
C69: Precio Unitario Total Aproximado al peso $ | O69: =ROUND((O59+O67),0) -> 16703
H73: Firma
H74: Nombre:
H75: Representante Legal del Contratista o su Apoderado
H76: Matricula No. :
C78: OBSERVACIONES INTERVENTORÍA
C82: APROBACIÓN POR INTERVENTORÍA
C83: Nota 1: Cuando se trate de Análisis de precios unitarios correspondientes a ítems de la propuesta económica aprobada, el Interventor aprueba el desglose de los componentes manteniendo el mismo precio unitario de cada ítem, cumpliendo con las especificaciones de construcción vigentes para el proyecto.
C85: Nota 2: Cuando se trate de Análisis de precios unitarios de ítems no previstos, el Interventor aprueba el desglose y precio unitario de cada ítem no previsto, exigiendo la aplicación de los costos correspondientes a insumos y tarifas de la propuesta económica inicial cuando estén contemplados, cumpliendo con las especificaciones de construcción vigente para el proyecto.
H88: Firma
H89: Nombre:
H90: Representante Legal del Interventor o su Apoderado
H91: Matricula No. :

Sheet APU 7.2.3
B1: Formulario 1 - Propuesta económica - Documento tipo de selección abreviada de menor cuantía
B2: Versión: 1 del 21 de agosto de 2025
C5: [La entidad podrá utilizar este formato para la presentación de los análisis de precios unitarios el contratista en la oportunidad prevista en el numeral 8.2. del Documento Base]
D8: =DATOS!B17 -> MUNICIPIO DE HACARÍ - DEPARTAMENTO NORTE DE SANTANDER
L9: VERSIÓN
D10: =DATOS!B8 -> HA-SA-003-2026
L11: PÁGINA | M11: 1 | N11: DE | O11: 1
D13: ANALISIS DE PRECIOS UNITARIOS
L15: FECHA | M15: DD | N15: MM | O15: AA
M16: 22 | N16: 5 | O16: 2026
C17: ITEMS DE LA PROPUESTA ECONÓMICA | G17: X | I17: ITEMS NO PREVISTOS
C21: DATOS ESPECÍFICOS
C23: ITEM | D23: DESCRIPCIÓN | M23: UNIDAD | O23: CANTIDAD
C24: 7.2.3 | D24: CABLEADO 1#12 PE HF LS TC POR TUBERÍA, CANALETA O BANDEJA | M24: M | O24: 600
C25: I. EQUIPO
C28: DESCRIPCIÓN | H28: MARCA | J28: TIPO | L28: TARIFA/HORA | M28: RENDIMIENTO | O28: Vr. UNITARIO
C29: Herramienta menor (5% mano de obra) | O29: =5%*O57 -> 161.76136
C32: SUBTOTAL $ | O32: =SUM(O29:O31) -> 161.76136
C33: II. MATERIALES
C36: DESCRIPCIÓN | K36: UNIDAD | L36: CANTIDAD | M36: PRECIO UNIT. | O36: Vr. UNITARIO
C37: CABLE # 12 CENTELSA | K37: Metro | L37: 1 | M37: 2500 | O37: =L37*M37 -> 2500
C38: CINTA NEGRA | K38: Unidad | L38: 0.2 | M38: 3000 | O38: =L38*M38 -> 600
O39: =L39*M39 -> 0
O40: =L40*M40 -> 0
C41: SUBTOTAL $ | O41: =SUM(O37:O40) -> 3100
C42: III. TRANSPORTES
C45: MATERIAL | J45: VOL. o PESO | K45: DISTANCIA | L45: M3 o Ton/Km | M45: TARIFA | O45: Vr. UNITARIO
C46: Transporte (15% materiales en obra) | O46: =15%*O41 -> 465
C48: SUBTOTAL $ | O48: =SUM(O46:O47) -> 465
C49: IV. MANO DE OBRA
C52: TRABAJADOR | J52: JORNAL | K52: PRESTACIONES | L52: JORNAL TOTAL | M52: RENDIMIENTO | O52: Vr. UNITARIO
C53: Ayudante de construcción | J53: 85000 | K53: 1.95 | L53: =J53*K53 -> 165750 | M53: 220 | O53: =L53/M53 -> 753.40909
C54: Oficial de construcción | J54: 140000 | K54: 1.95 | L54: =J54*K54 -> 273000 | M54: 220 | O54: =L54/M54 -> 1240.9091
C55: Especialista electrico | J55: 140000 | K55: 1.95 | L55: =J55*K55 -> 273000 | M55: 220 | O55: =L55/M55 -> 1240.9091
C57: SUBTOTAL $ | O57: =SUM(O53:O56) -> 3235.2273
C59: TOTAL COSTO DIRECTO $ | O59: =ROUND((O32+O41+O48+O57),2) -> 6961.99
C60: V. COSTOS INDIRECTOS
C63: Descripción | L63: Porcentaje | M63: Total Costo Directo | O63: Valor Total
C64: ADMINISTRACION | L64: 0.25 | M64: =O$59 -> 6961.99 | O64: =L64*M64 -> 1740.4975
C65: IMPREVISTOS | L65: 0.01 | M65: =O$59 -> 6961.99 | O65: =L65*M65 -> 69.6199
C66: UTILIDAD | L66: 0.04 | M66: =O$59 -> 6961.99 | O66: =L66*M66 -> 278.4796
C67: SUBTOTAL $ | O67: =ROUND(SUM(O64:O66),2) -> 2088.6
C69: Precio Unitario Total Aproximado al peso $ | O69: =ROUND((O59+O67),0) -> 9051
H73: Firma
H74: Nombre:
H75: Representante Legal del Contratista o su Apoderado
H76: Matricula No. :
C78: OBSERVACIONES INTERVENTORÍA
C82: APROBACIÓN POR INTERVENTORÍA
C83: Nota 1: Cuando se trate de Análisis de precios unitarios correspondientes a ítems de la propuesta económica aprobada, el Interventor aprueba el desglose de los componentes manteniendo el mismo precio unitario de cada ítem, cumpliendo con las especificaciones de construcción vigentes para el proyecto.
C85: Nota 2: Cuando se trate de Análisis de precios unitarios de ítems no previstos, el Interventor aprueba el desglose y precio unitario de cada ítem no previsto, exigiendo la aplicación de los costos correspondientes a insumos y tarifas de la propuesta económica inicial cuando estén contemplados, cumpliendo con las especificaciones de construcción vigente para el proyecto.
H88: Firma
H89: Nombre:
H90: Representante Legal del Interventor o su Apoderado
H91: Matricula No. :

Sheet APU 7.2.4
B1: Formulario 1 - Propuesta económica - Documento tipo de selección abreviada de menor cuantía
B2: Versión: 1 del 21 de agosto de 2025
C5: [La entidad podrá utilizar este formato para la presentación de los análisis de precios unitarios el contratista en la oportunidad prevista en el numeral 8.2. del Documento Base]
D8: =DATOS!B17 -> MUNICIPIO DE HACARÍ - DEPARTAMENTO NORTE DE SANTANDER
L9: VERSIÓN
D10: =DATOS!B8 -> HA-SA-003-2026
L11: PÁGINA | M11: 1 | N11: DE | O11: 1
D13: ANALISIS DE PRECIOS UNITARIOS
L15: FECHA | M15: DD | N15: MM | O15: AA
M16: 22 | N16: 5 | O16: 2026
C17: ITEMS DE LA PROPUESTA ECONÓMICA | G17: X | I17: ITEMS NO PREVISTOS
C21: DATOS ESPECÍFICOS
C23: ITEM | D23: DESCRIPCIÓN | M23: UNIDAD | O23: CANTIDAD
C24: 7.2.4 | D24: BREAKER RIEL MONOPOLAR 1 X 6/63 A (SUMINISTRO E INSTALACIÓN) | M24: UND | O24: 4
C25: I. EQUIPO
C28: DESCRIPCIÓN | H28: MARCA | J28: TIPO | L28: TARIFA/HORA | M28: RENDIMIENTO | O28: Vr. UNITARIO
C29: Herramienta menor (5% mano de obra) | O29: =5%*O57 -> 593.125
C32: SUBTOTAL $ | O32: =SUM(O29:O31) -> 593.125
C33: II. MATERIALES
C36: DESCRIPCIÓN | K36: UNIDAD | L36: CANTIDAD | M36: PRECIO UNIT. | O36: Vr. UNITARIO
C37: BREAKER RIEL MONOPOLAR 1X6/63 | K37: Unidad | L37: 1 | M37: 30000 | O37: =L37*M37 -> 30000
O38: =L38*M38 -> 0
O39: =L39*M39 -> 0
O40: =L40*M40 -> 0
C41: SUBTOTAL $ | O41: =SUM(O37:O40) -> 30000
C42: III. TRANSPORTES
C45: MATERIAL | J45: VOL. o PESO | K45: DISTANCIA | L45: M3 o Ton/Km | M45: TARIFA | O45: Vr. UNITARIO
C46: Transporte (15% materiales en obra) | O46: =15%*O41 -> 4500
C48: SUBTOTAL $ | O48: =SUM(O46:O47) -> 4500
C49: IV. MANO DE OBRA
C52: TRABAJADOR | J52: JORNAL | K52: PRESTACIONES | L52: JORNAL TOTAL | M52: RENDIMIENTO | O52: Vr. UNITARIO
C53: Ayudante de construcción | J53: 85000 | K53: 1.95 | L53: =J53*K53 -> 165750 | M53: 60 | O53: =L53/M53 -> 2762.5
C54: Oficial de construcción | J54: 140000 | K54: 1.95 | L54: =J54*K54 -> 273000 | M54: 60 | O54: =L54/M54 -> 4550
C55: Especialista electrico | J55: 140000 | K55: 1.95 | L55: =J55*K55 -> 273000 | M55: 60 | O55: =L55/M55 -> 4550
C57: SUBTOTAL $ | O57: =SUM(O53:O56) -> 11862.5
C59: TOTAL COSTO DIRECTO $ | O59: =ROUND((O32+O41+O48+O57),2) -> 46955.63
C60: V. COSTOS INDIRECTOS
C63: Descripción | L63: Porcentaje | M63: Total Costo Directo | O63: Valor Total
C64: ADMINISTRACION | L64: 0.25 | M64: =O$59 -> 46955.63 | O64: =L64*M64 -> 11738.907
C65: IMPREVISTOS | L65: 0.01 | M65: =O$59 -> 46955.63 | O65: =L65*M65 -> 469.5563
C66: UTILIDAD | L66: 0.04 | M66: =O$59 -> 46955.63 | O66: =L66*M66 -> 1878.2252
C67: SUBTOTAL $ | O67: =ROUND(SUM(O64:O66),2) -> 14086.69
C69: Precio Unitario Total Aproximado al peso $ | O69: =ROUND((O59+O67),0) -> 61042
H73: Firma
H74: Nombre:
H75: Representante Legal del Contratista o su Apoderado
H76: Matricula No. :
C78: OBSERVACIONES INTERVENTORÍA
C82: APROBACIÓN POR INTERVENTORÍA
C83: Nota 1: Cuando se trate de Análisis de precios unitarios correspondientes a ítems de la propuesta económica aprobada, el Interventor aprueba el desglose de los componentes manteniendo el mismo precio unitario de cada ítem, cumpliendo con las especificaciones de construcción vigentes para el proyecto.
C85: Nota 2: Cuando se trate de Análisis de precios unitarios de ítems no previstos, el Interventor aprueba el desglose y precio unitario de cada ítem no previsto, exigiendo la aplicación de los costos correspondientes a insumos y tarifas de la propuesta económica inicial cuando estén contemplados, cumpliendo con las especificaciones de construcción vigente para el proyecto.
H88: Firma
H89: Nombre:
H90: Representante Legal del Interventor o su Apoderado
H91: Matricula No. :

Sheet APU 7.2.5
B1: Formulario 1 - Propuesta económica - Documento tipo de selección abreviada de menor cuantía
B2: Versión: 1 del 21 de agosto de 2025
C5: [La entidad podrá utilizar este formato para la presentación de los análisis de precios unitarios el contratista en la oportunidad prevista en el numeral 8.2. del Documento Base]
D8: =DATOS!B17 -> MUNICIPIO DE HACARÍ - DEPARTAMENTO NORTE DE SANTANDER
L9: VERSIÓN
D10: =DATOS!B8 -> HA-SA-003-2026
L11: PÁGINA | M11: 1 | N11: DE | O11: 1
D13: ANALISIS DE PRECIOS UNITARIOS
L15: FECHA | M15: DD | N15: MM | O15: AA
M16: 22 | N16: 5 | O16: 2026
C17: ITEMS DE LA PROPUESTA ECONÓMICA | G17: X | I17: ITEMS NO PREVISTOS
C21: DATOS ESPECÍFICOS
C23: ITEM | D23: DESCRIPCIÓN | M23: UNIDAD | O23: CANTIDAD
C24: 7.2.5 | D24: TABLERO MONOFASICO DE 4 CIRCUITOS | M24: UND | O24: 1
C25: I. EQUIPO
C28: DESCRIPCIÓN | H28: MARCA | J28: TIPO | L28: TARIFA/HORA | M28: RENDIMIENTO | O28: Vr. UNITARIO
C29: Herramienta menor (5% mano de obra) | O29: =5%*O57 -> 711.75
C32: SUBTOTAL $ | O32: =SUM(O29:O31) -> 711.75
C33: II. MATERIALES
C36: DESCRIPCIÓN | K36: UNIDAD | L36: CANTIDAD | M36: PRECIO UNIT. | O36: Vr. UNITARIO
C37: TABLERO MONOFASICO 4 CIRCUITOS | K37: Unidad | L37: 1 | M37: 50000 | O37: =L37*M37 -> 50000
O38: =L38*M38 -> 0
O39: =L39*M39 -> 0
O40: =L40*M40 -> 0
C41: SUBTOTAL $ | O41: =SUM(O37:O40) -> 50000
C42: III. TRANSPORTES
C45: MATERIAL | J45: VOL. o PESO | K45: DISTANCIA | L45: M3 o Ton/Km | M45: TARIFA | O45: Vr. UNITARIO
C46: Transporte (15% materiales en obra) | O46: =15%*O41 -> 7500
C48: SUBTOTAL $ | O48: =SUM(O46:O47) -> 7500
C49: IV. MANO DE OBRA
C52: TRABAJADOR | J52: JORNAL | K52: PRESTACIONES | L52: JORNAL TOTAL | M52: RENDIMIENTO | O52: Vr. UNITARIO
C53: Ayudante de construcción | J53: 85000 | K53: 1.95 | L53: =J53*K53 -> 165750 | M53: 50 | O53: =L53/M53 -> 3315
C54: Oficial de construcción | J54: 140000 | K54: 1.95 | L54: =J54*K54 -> 273000 | M54: 50 | O54: =L54/M54 -> 5460
C55: Especialista electrico | J55: 140000 | K55: 1.95 | L55: =J55*K55 -> 273000 | M55: 50 | O55: =L55/M55 -> 5460
C57: SUBTOTAL $ | O57: =SUM(O53:O56) -> 14235
C59: TOTAL COSTO DIRECTO $ | O59: =ROUND((O32+O41+O48+O57),2) -> 72446.75
C60: V. COSTOS INDIRECTOS
C63: Descripción | L63: Porcentaje | M63: Total Costo Directo | O63: Valor Total
C64: ADMINISTRACION | L64: 0.25 | M64: =O$59 -> 72446.75 | O64: =L64*M64 -> 18111.688
C65: IMPREVISTOS | L65: 0.01 | M65: =O$59 -> 72446.75 | O65: =L65*M65 -> 724.4675
C66: UTILIDAD | L66: 0.04 | M66: =O$59 -> 72446.75 | O66: =L66*M66 -> 2897.87
C67: SUBTOTAL $ | O67: =ROUND(SUM(O64:O66),2) -> 21734.03
C69: Precio Unitario Total Aproximado al peso $ | O69: =ROUND((O59+O67),0) -> 94181
H73: Firma
H74: Nombre:
H75: Representante Legal del Contratista o su Apoderado
H76: Matricula No. :
C78: OBSERVACIONES INTERVENTORÍA
C82: APROBACIÓN POR INTERVENTORÍA
C83: Nota 1: Cuando se trate de Análisis de precios unitarios correspondientes a ítems de la propuesta económica aprobada, el Interventor aprueba el desglose de los componentes manteniendo el mismo precio unitario de cada ítem, cumpliendo con las especificaciones de construcción vigentes para el proyecto.
C85: Nota 2: Cuando se trate de Análisis de precios unitarios de ítems no previstos, el Interventor aprueba el desglose y precio unitario de cada ítem no previsto, exigiendo la aplicación de los costos correspondientes a insumos y tarifas de la propuesta económica inicial cuando estén contemplados, cumpliendo con las especificaciones de construcción vigente para el proyecto.
H88: Firma
H89: Nombre:
H90: Representante Legal del Interventor o su Apoderado
H91: Matricula No. :

Sheet APU 8.1.1
B1: Formulario 1 - Propuesta económica - Documento tipo de selección abreviada de menor cuantía
B2: Versión: 1 del 21 de agosto de 2025
C5: [La entidad podrá utilizar este formato para la presentación de los análisis de precios unitarios el contratista en la oportunidad prevista en el numeral 8.2. del Documento Base]
D8: =DATOS!B17 -> MUNICIPIO DE HACARÍ - DEPARTAMENTO NORTE DE SANTANDER
L9: VERSIÓN
D10: =DATOS!B8 -> HA-SA-003-2026
L11: PÁGINA | M11: 1 | N11: DE | O11: 1
D13: ANALISIS DE PRECIOS UNITARIOS
L15: FECHA | M15: DD | N15: MM | O15: AA
M16: 22 | N16: 5 | O16: 2026
C17: ITEMS DE LA PROPUESTA ECONÓMICA | G17: X | I17: ITEMS NO PREVISTOS
C21: DATOS ESPECÍFICOS
C23: ITEM | D23: DESCRIPCIÓN | M23: UNIDAD | O23: CANTIDAD
C24: 8.1.1 | D24: PAÑETE LISO SOBRE MUROS 1:4 | M24: M2 | O24: 140.44
C25: I. EQUIPO
C28: DESCRIPCIÓN | H28: MARCA | J28: TIPO | L28: TARIFA/HORA | M28: RENDIMIENTO | O28: Vr. UNITARIO
C29: Herramienta menor (5% mano de obra) | O29: =5%*O57 -> 1209
C32: SUBTOTAL $ | O32: =SUM(O29:O31) -> 1209
C33: II. MATERIALES
C36: DESCRIPCIÓN | K36: UNIDAD | L36: CANTIDAD | M36: PRECIO UNIT. | O36: Vr. UNITARIO
C37: Mortero 1:4 | K37: M3 | L37: 0.02 | M37: 664660 | O37: =L37*M37 -> 13293.2
O38: =L38*M38 -> 0
O39: =L39*M39 -> 0
O40: =L40*M40 -> 0
C41: SUBTOTAL $ | O41: =SUM(O37:O40) -> 13293.2
C42: III. TRANSPORTES
C45: MATERIAL | J45: VOL. o PESO | K45: DISTANCIA | L45: M3 o Ton/Km | M45: TARIFA | O45: Vr. UNITARIO
C46: Transporte (15% materiales en obra) | O46: =15%*O41 -> 1993.98
C48: SUBTOTAL $ | O48: =SUM(O46:O47) -> 1993.98
C49: IV. MANO DE OBRA
C52: TRABAJADOR | J52: JORNAL | K52: PRESTACIONES | L52: JORNAL TOTAL | M52: RENDIMIENTO | O52: Vr. UNITARIO
C53: Ayudante de construcción | J53: 85000 | K53: 1.95 | L53: =J53*K53 -> 165750 | M53: 18.389423 | O53: =L53/M53 -> 9013.3333
C54: Oficial de construcción | J54: 140000 | K54: 1.95 | L54: =J54*K54 -> 273000 | M54: 18 | O54: =L54/M54 -> 15166.667
C57: SUBTOTAL $ | O57: =SUM(O53:O56) -> 24180
C59: TOTAL COSTO DIRECTO $ | O59: =ROUND((O32+O41+O48+O57),2) -> 40676.18
C60: V. COSTOS INDIRECTOS
C63: Descripción | L63: Porcentaje | M63: Total Costo Directo | O63: Valor Total
C64: ADMINISTRACION | L64: 0.25 | M64: =O$59 -> 40676.18 | O64: =L64*M64 -> 10169.045
C65: IMPREVISTOS | L65: 0.01 | M65: =O$59 -> 40676.18 | O65: =L65*M65 -> 406.7618
C66: UTILIDAD | L66: 0.04 | M66: =O$59 -> 40676.18 | O66: =L66*M66 -> 1627.0472
C67: SUBTOTAL $ | O67: =ROUND(SUM(O64:O66),2) -> 12202.85
C69: Precio Unitario Total Aproximado al peso $ | O69: =ROUND((O59+O67),0) -> 52879
H73: Firma
H74: Nombre:
H75: Representante Legal del Contratista o su Apoderado
H76: Matricula No. :
C78: OBSERVACIONES INTERVENTORÍA
C82: APROBACIÓN POR INTERVENTORÍA
C83: Nota 1: Cuando se trate de Análisis de precios unitarios correspondientes a ítems de la propuesta económica aprobada, el Interventor aprueba el desglose de los componentes manteniendo el mismo precio unitario de cada ítem, cumpliendo con las especificaciones de construcción vigentes para el proyecto.
C85: Nota 2: Cuando se trate de Análisis de precios unitarios de ítems no previstos, el Interventor aprueba el desglose y precio unitario de cada ítem no previsto, exigiendo la aplicación de los costos correspondientes a insumos y tarifas de la propuesta económica inicial cuando estén contemplados, cumpliendo con las especificaciones de construcción vigente para el proyecto.
H88: Firma
H89: Nombre:
H90: Representante Legal del Interventor o su Apoderado
H91: Matricula No. :

Sheet APU 8.1.2
B1: Formulario 1 - Propuesta económica - Documento tipo de selección abreviada de menor cuantía
B2: Versión: 1 del 21 de agosto de 2025
C5: [La entidad podrá utilizar este formato para la presentación de los análisis de precios unitarios el contratista en la oportunidad prevista en el numeral 8.2. del Documento Base]
D8: =DATOS!B17 -> MUNICIPIO DE HACARÍ - DEPARTAMENTO NORTE DE SANTANDER
L9: VERSIÓN
D10: =DATOS!B8 -> HA-SA-003-2026
L11: PÁGINA | M11: 1 | N11: DE | O11: 1
D13: ANALISIS DE PRECIOS UNITARIOS
L15: FECHA | M15: DD | N15: MM | O15: AA
M16: 22 | N16: 5 | O16: 2026
C17: ITEMS DE LA PROPUESTA ECONÓMICA | G17: X | I17: ITEMS NO PREVISTOS
C21: DATOS ESPECÍFICOS
C23: ITEM | D23: DESCRIPCIÓN | M23: UNIDAD | O23: CANTIDAD
C24: 8.1.2 | D24: RESANES GENERALES | M24: M2 | O24: 100
C25: I. EQUIPO
C28: DESCRIPCIÓN | H28: MARCA | J28: TIPO | L28: TARIFA/HORA | M28: RENDIMIENTO | O28: Vr. UNITARIO
C29: Herramienta menor (5% mano de obra) | O29: =5%*O57 -> 863.57152
C32: SUBTOTAL $ | O32: =SUM(O29:O31) -> 863.57152
C33: II. MATERIALES
C36: DESCRIPCIÓN | K36: UNIDAD | L36: CANTIDAD | M36: PRECIO UNIT. | O36: Vr. UNITARIO
C37: Mortero 1:4 | K37: M3 | L37: 0.02 | M37: 664660 | O37: =L37*M37 -> 13293.2
O38: =L38*M38 -> 0
O39: =L39*M39 -> 0
O40: =L40*M40 -> 0
C41: SUBTOTAL $ | O41: =SUM(O37:O40) -> 13293.2
C42: III. TRANSPORTES
C45: MATERIAL | J45: VOL. o PESO | K45: DISTANCIA | L45: M3 o Ton/Km | M45: TARIFA | O45: Vr. UNITARIO
C46: Transporte (15% materiales en obra) | O46: =15%*O41 -> 1993.98
C48: SUBTOTAL $ | O48: =SUM(O46:O47) -> 1993.98
C49: IV. MANO DE OBRA
C52: TRABAJADOR | J52: JORNAL | K52: PRESTACIONES | L52: JORNAL TOTAL | M52: RENDIMIENTO | O52: Vr. UNITARIO
C53: Ayudante de construcción | J53: 85000 | K53: 1.95 | L53: =J53*K53 -> 165750 | M53: 26.096484 | O53: =L53/M53 -> 6351.4304
C54: Oficial de construcción | J54: 140000 | K54: 1.95 | L54: =J54*K54 -> 273000 | M54: 25 | O54: =L54/M54 -> 10920
C57: SUBTOTAL $ | O57: =SUM(O53:O56) -> 17271.43
C59: TOTAL COSTO DIRECTO $ | O59: =ROUND((O32+O41+O48+O57),2) -> 33422.18
C60: V. COSTOS INDIRECTOS
C63: Descripción | L63: Porcentaje | M63: Total Costo Directo | O63: Valor Total
C64: ADMINISTRACION | L64: 0.25 | M64: =O$59 -> 33422.18 | O64: =L64*M64 -> 8355.545
C65: IMPREVISTOS | L65: 0.01 | M65: =O$59 -> 33422.18 | O65: =L65*M65 -> 334.2218
C66: UTILIDAD | L66: 0.04 | M66: =O$59 -> 33422.18 | O66: =L66*M66 -> 1336.8872
C67: SUBTOTAL $ | O67: =ROUND(SUM(O64:O66),2) -> 10026.65
C69: Precio Unitario Total Aproximado al peso $ | O69: =ROUND((O59+O67),0) -> 43449
H73: Firma
H74: Nombre:
H75: Representante Legal del Contratista o su Apoderado
H76: Matricula No. :
C78: OBSERVACIONES INTERVENTORÍA
C82: APROBACIÓN POR INTERVENTORÍA
C83: Nota 1: Cuando se trate de Análisis de precios unitarios correspondientes a ítems de la propuesta económica aprobada, el Interventor aprueba el desglose de los componentes manteniendo el mismo precio unitario de cada ítem, cumpliendo con las especificaciones de construcción vigentes para el proyecto.
C85: Nota 2: Cuando se trate de Análisis de precios unitarios de ítems no previstos, el Interventor aprueba el desglose y precio unitario de cada ítem no previsto, exigiendo la aplicación de los costos correspondientes a insumos y tarifas de la propuesta económica inicial cuando estén contemplados, cumpliendo con las especificaciones de construcción vigente para el proyecto.
H88: Firma
H89: Nombre:
H90: Representante Legal del Interventor o su Apoderado
H91: Matricula No. :

Sheet APU 9.1.1
B1: Formulario 1 - Propuesta económica - Documento tipo de selección abreviada de menor cuantía
B2: Versión: 1 del 21 de agosto de 2025
C5: [La entidad podrá utilizar este formato para la presentación de los análisis de precios unitarios el contratista en la oportunidad prevista en el numeral 8.2. del Documento Base]
D8: =DATOS!B17 -> MUNICIPIO DE HACARÍ - DEPARTAMENTO NORTE DE SANTANDER
L9: VERSIÓN
D10: =DATOS!B8 -> HA-SA-003-2026
L11: PÁGINA | M11: 1 | N11: DE | O11: 1
D13: ANALISIS DE PRECIOS UNITARIOS
L15: FECHA | M15: DD | N15: MM | O15: AA
M16: 22 | N16: 5 | O16: 2026
C17: ITEMS DE LA PROPUESTA ECONÓMICA | G17: X | I17: ITEMS NO PREVISTOS
C21: DATOS ESPECÍFICOS
C23: ITEM | D23: DESCRIPCIÓN | M23: UNIDAD | O23: CANTIDAD
C24: 9.1.1 | D24: AFINADO ENDURECIDO MORTERO 1:3 H=4 | M24: M2 | O24: 33.11
C25: I. EQUIPO
C28: DESCRIPCIÓN | H28: MARCA | J28: TIPO | L28: TARIFA/HORA | M28: RENDIMIENTO | O28: Vr. UNITARIO
C29: Herramienta menor (5% mano de obra) | O29: =5%*O57 -> 1007.5
C32: SUBTOTAL $ | O32: =SUM(O29:O31) -> 1007.5
C33: II. MATERIALES
C36: DESCRIPCIÓN | K36: UNIDAD | L36: CANTIDAD | M36: PRECIO UNIT. | O36: Vr. UNITARIO
C37: Mortero 1:4 | K37: M3 | L37: 0.04 | M37: 664660 | O37: =L37*M37 -> 26586.4
O38: =L38*M38 -> 0
O39: =L39*M39 -> 0
O40: =L40*M40 -> 0
C41: SUBTOTAL $ | O41: =SUM(O37:O40) -> 26586.4
C42: III. TRANSPORTES
C45: MATERIAL | J45: VOL. o PESO | K45: DISTANCIA | L45: M3 o Ton/Km | M45: TARIFA | O45: Vr. UNITARIO
C46: Transporte (15% materiales en obra) | O46: =15%*O41 -> 3987.96
C48: SUBTOTAL $ | O48: =SUM(O46:O47) -> 3987.96
C49: IV. MANO DE OBRA
C52: TRABAJADOR | J52: JORNAL | K52: PRESTACIONES | L52: JORNAL TOTAL | M52: RENDIMIENTO | O52: Vr. UNITARIO
C53: Ayudante de construcción | J53: 85000 | K53: 1.95 | L53: =J53*K53 -> 165750 | M53: 21.412214 | O53: =L53/M53 -> 7740.9091
C54: Oficial de construcción | J54: 140000 | K54: 1.95 | L54: =J54*K54 -> 273000 | M54: 22 | O54: =L54/M54 -> 12409.091
C57: SUBTOTAL $ | O57: =SUM(O53:O56) -> 20150
C59: TOTAL COSTO DIRECTO $ | O59: =ROUND((O32+O41+O48+O57),2) -> 51731.86
C60: V. COSTOS INDIRECTOS
C63: Descripción | L63: Porcentaje | M63: Total Costo Directo | O63: Valor Total
C64: ADMINISTRACION | L64: 0.25 | M64: =O$59 -> 51731.86 | O64: =L64*M64 -> 12932.965
C65: IMPREVISTOS | L65: 0.01 | M65: =O$59 -> 51731.86 | O65: =L65*M65 -> 517.3186
C66: UTILIDAD | L66: 0.04 | M66: =O$59 -> 51731.86 | O66: =L66*M66 -> 2069.2744
C67: SUBTOTAL $ | O67: =ROUND(SUM(O64:O66),2) -> 15519.56
C69: Precio Unitario Total Aproximado al peso $ | O69: =ROUND((O59+O67),0) -> 67251
H73: Firma
H74: Nombre:
H75: Representante Legal del Contratista o su Apoderado
H76: Matricula No. :
C78: OBSERVACIONES INTERVENTORÍA
C82: APROBACIÓN POR INTERVENTORÍA
C83: Nota 1: Cuando se trate de Análisis de precios unitarios correspondientes a ítems de la propuesta económica aprobada, el Interventor aprueba el desglose de los componentes manteniendo el mismo precio unitario de cada ítem, cumpliendo con las especificaciones de construcción vigentes para el proyecto.
C85: Nota 2: Cuando se trate de Análisis de precios unitarios de ítems no previstos, el Interventor aprueba el desglose y precio unitario de cada ítem no previsto, exigiendo la aplicación de los costos correspondientes a insumos y tarifas de la propuesta económica inicial cuando estén contemplados, cumpliendo con las especificaciones de construcción vigente para el proyecto.
H88: Firma
H89: Nombre:
H90: Representante Legal del Interventor o su Apoderado
H91: Matricula No. :

Sheet APU 9.2.1
B1: Formulario 1 - Propuesta económica - Documento tipo de selección abreviada de menor cuantía
B2: Versión: 1 del 21 de agosto de 2025
C5: [La entidad podrá utilizar este formato para la presentación de los análisis de precios unitarios el contratista en la oportunidad prevista en el numeral 8.2. del Documento Base]
D8: =DATOS!B17 -> MUNICIPIO DE HACARÍ - DEPARTAMENTO NORTE DE SANTANDER
L9: VERSIÓN
D10: =DATOS!B8 -> HA-SA-003-2026
L11: PÁGINA | M11: 1 | N11: DE | O11: 1
D13: ANALISIS DE PRECIOS UNITARIOS
L15: FECHA | M15: DD | N15: MM | O15: AA
M16: 22 | N16: 5 | O16: 2026
C17: ITEMS DE LA PROPUESTA ECONÓMICA | G17: X | I17: ITEMS NO PREVISTOS
C21: DATOS ESPECÍFICOS
C23: ITEM | D23: DESCRIPCIÓN | M23: UNIDAD | O23: CANTIDAD
C24: 9.2.1 | D24: BALDOSA CERAMICA ANTIDESLIZANTE (SUMINISTRO E INSTALACION) | M24: M2 | O24: 18.93
C25: I. EQUIPO
C28: DESCRIPCIÓN | H28: MARCA | J28: TIPO | L28: TARIFA/HORA | M28: RENDIMIENTO | O28: Vr. UNITARIO
C29: Herramienta menor (5% mano de obra) | O29: =5%*O57 -> 1096.875
C32: SUBTOTAL $ | O32: =SUM(O29:O31) -> 1096.875
C33: II. MATERIALES
C36: DESCRIPCIÓN | K36: UNIDAD | L36: CANTIDAD | M36: PRECIO UNIT. | O36: Vr. UNITARIO
C37: Cereamica antideslizante | K37: m2 | L37: 1.05 | M37: 50000 | O37: =L37*M37 -> 52500
C38: Pegoperfecto ceramico | K38: paca | L38: 0.33333333 | M38: 28000 | O38: =L38*M38 -> 9333.3333
C39: Agua | K39: Lt | L39: 20 | M39: 49.9 | O39: =L39*M39 -> 998
C40: Boquilla Pego perfecto X 2KG | K40: BOLSA | L40: 0.08 | M40: 15000 | O40: =L40*M40 -> 1200
C41: SUBTOTAL $ | O41: =SUM(O37:O40) -> 64031.333
C42: III. TRANSPORTES
C45: MATERIAL | J45: VOL. o PESO | K45: DISTANCIA | L45: M3 o Ton/Km | M45: TARIFA | O45: Vr. UNITARIO
C46: Transporte (15% materiales en obra) | O46: =15%*O41 -> 9604.7
C48: SUBTOTAL $ | O48: =SUM(O46:O47) -> 9604.7
C49: IV. MANO DE OBRA
C52: TRABAJADOR | J52: JORNAL | K52: PRESTACIONES | L52: JORNAL TOTAL | M52: RENDIMIENTO | O52: Vr. UNITARIO
C53: Ayudante de construcción | J53: 85000 | K53: 1.95 | L53: =J53*K53 -> 165750 | M53: 20 | O53: =L53/M53 -> 8287.5
C54: Oficial de construcción | J54: 140000 | K54: 1.95 | L54: =J54*K54 -> 273000 | M54: 20 | O54: =L54/M54 -> 13650
C57: SUBTOTAL $ | O57: =SUM(O53:O56) -> 21937.5
C59: TOTAL COSTO DIRECTO $ | O59: =ROUND((O32+O41+O48+O57),2) -> 96670.41
C60: V. COSTOS INDIRECTOS
C63: Descripción | L63: Porcentaje | M63: Total Costo Directo | O63: Valor Total
C64: ADMINISTRACION | L64: 0.25 | M64: =O$59 -> 96670.41 | O64: =L64*M64 -> 24167.603
C65: IMPREVISTOS | L65: 0.01 | M65: =O$59 -> 96670.41 | O65: =L65*M65 -> 966.7041
C66: UTILIDAD | L66: 0.04 | M66: =O$59 -> 96670.41 | O66: =L66*M66 -> 3866.8164
C67: SUBTOTAL $ | O67: =ROUND(SUM(O64:O66),2) -> 29001.12
C69: Precio Unitario Total Aproximado al peso $ | O69: =ROUND((O59+O67),0) -> 125672
H73: Firma
H74: Nombre:
H75: Representante Legal del Contratista o su Apoderado
H76: Matricula No. :
C78: OBSERVACIONES INTERVENTORÍA
C82: APROBACIÓN POR INTERVENTORÍA
C83: Nota 1: Cuando se trate de Análisis de precios unitarios correspondientes a ítems de la propuesta económica aprobada, el Interventor aprueba el desglose de los componentes manteniendo el mismo precio unitario de cada ítem, cumpliendo con las especificaciones de construcción vigentes para el proyecto.
C85: Nota 2: Cuando se trate de Análisis de precios unitarios de ítems no previstos, el Interventor aprueba el desglose y precio unitario de cada ítem no previsto, exigiendo la aplicación de los costos correspondientes a insumos y tarifas de la propuesta económica inicial cuando estén contemplados, cumpliendo con las especificaciones de construcción vigente para el proyecto.
H88: Firma
H89: Nombre:
H90: Representante Legal del Interventor o su Apoderado
H91: Matricula No. :

Sheet APU 9.3.1
B1: Formulario 1 - Propuesta económica - Documento tipo de selección abreviada de menor cuantía
B2: Versión: 1 del 21 de agosto de 2025
C5: [La entidad podrá utilizar este formato para la presentación de los análisis de precios unitarios el contratista en la oportunidad prevista en el numeral 8.2. del Documento Base]
D8: =DATOS!B17 -> MUNICIPIO DE HACARÍ - DEPARTAMENTO NORTE DE SANTANDER
L9: VERSIÓN
D10: =DATOS!B8 -> HA-SA-003-2026
L11: PÁGINA | M11: 1 | N11: DE | O11: 1
D13: ANALISIS DE PRECIOS UNITARIOS
L15: FECHA | M15: DD | N15: MM | O15: AA
M16: 22 | N16: 5 | O16: 2026
C17: ITEMS DE LA PROPUESTA ECONÓMICA | G17: X | I17: ITEMS NO PREVISTOS
C21: DATOS ESPECÍFICOS
C23: ITEM | D23: DESCRIPCIÓN | M23: UNIDAD | O23: CANTIDAD
C24: 9.3.1 | D24: GUARDA ESCOBA EN BALDOSA CERAMICA H: 8 CM (SUMINISTRO E INSTALACION) | M24: ML | O24: 79.75
C25: I. EQUIPO
C28: DESCRIPCIÓN | H28: MARCA | J28: TIPO | L28: TARIFA/HORA | M28: RENDIMIENTO | O28: Vr. UNITARIO
C29: Herramienta menor (5% mano de obra) | O29: =5%*O57 -> 626.78571
C32: SUBTOTAL $ | O32: =SUM(O29:O31) -> 626.78571
C33: II. MATERIALES
C36: DESCRIPCIÓN | K36: UNIDAD | L36: CANTIDAD | M36: PRECIO UNIT. | O36: Vr. UNITARIO
C37: Ceramica lisa | K37: m2 | L37: 0.08 | M37: 50000 | O37: =L37*M37 -> 4000
C38: Pegante ceramico Pegoland | K38: paca | L38: 0.026666667 | M38: 28000 | O38: =L38*M38 -> 746.66667
C39: Boquilla Pego perfecto X 2KG | K39: BOLSA | L39: 0.05 | M39: 15000 | O39: =L39*M39 -> 750
O40: =L40*M40 -> 0
C41: SUBTOTAL $ | O41: =SUM(O37:O40) -> 5496.6667
C42: III. TRANSPORTES
C45: MATERIAL | J45: VOL. o PESO | K45: DISTANCIA | L45: M3 o Ton/Km | M45: TARIFA | O45: Vr. UNITARIO
C46: Transporte (15% materiales en obra) | O46: =15%*O41 -> 824.5
C48: SUBTOTAL $ | O48: =SUM(O46:O47) -> 824.5
C49: IV. MANO DE OBRA
C52: TRABAJADOR | J52: JORNAL | K52: PRESTACIONES | L52: JORNAL TOTAL | M52: RENDIMIENTO | O52: Vr. UNITARIO
C53: Ayudante de construcción | J53: 85000 | K53: 1.95 | L53: =J53*K53 -> 165750 | M53: 35 | O53: =L53/M53 -> 4735.7143
C54: Oficial de construcción | J54: 140000 | K54: 1.95 | L54: =J54*K54 -> 273000 | M54: 35 | O54: =L54/M54 -> 7800
C57: SUBTOTAL $ | O57: =SUM(O53:O56) -> 12535.714
C59: TOTAL COSTO DIRECTO $ | O59: =ROUND((O32+O41+O48+O57),2) -> 19483.67
C60: V. COSTOS INDIRECTOS
C63: Descripción | L63: Porcentaje | M63: Total Costo Directo | O63: Valor Total
C64: ADMINISTRACION | L64: 0.25 | M64: =O$59 -> 19483.67 | O64: =L64*M64 -> 4870.9175
C65: IMPREVISTOS | L65: 0.01 | M65: =O$59 -> 19483.67 | O65: =L65*M65 -> 194.8367
C66: UTILIDAD | L66: 0.04 | M66: =O$59 -> 19483.67 | O66: =L66*M66 -> 779.3468
C67: SUBTOTAL $ | O67: =ROUND(SUM(O64:O66),2) -> 5845.1
C69: Precio Unitario Total Aproximado al peso $ | O69: =ROUND((O59+O67),0) -> 25329
H73: Firma
H74: Nombre:
H75: Representante Legal del Contratista o su Apoderado
H76: Matricula No. :
C78: OBSERVACIONES INTERVENTORÍA
C82: APROBACIÓN POR INTERVENTORÍA
C83: Nota 1: Cuando se trate de Análisis de precios unitarios correspondientes a ítems de la propuesta económica aprobada, el Interventor aprueba el desglose de los componentes manteniendo el mismo precio unitario de cada ítem, cumpliendo con las especificaciones de construcción vigentes para el proyecto.
C85: Nota 2: Cuando se trate de Análisis de precios unitarios de ítems no previstos, el Interventor aprueba el desglose y precio unitario de cada ítem no previsto, exigiendo la aplicación de los costos correspondientes a insumos y tarifas de la propuesta económica inicial cuando estén contemplados, cumpliendo con las especificaciones de construcción vigente para el proyecto.
H88: Firma
H89: Nombre:
H90: Representante Legal del Interventor o su Apoderado
H91: Matricula No. :

Sheet APU 10.1.1
B1: Formulario 1 - Propuesta económica - Documento tipo de selección abreviada de menor cuantía
B2: Versión: 1 del 21 de agosto de 2025
C5: [La entidad podrá utilizar este formato para la presentación de los análisis de precios unitarios el contratista en la oportunidad prevista en el numeral 8.2. del Documento Base]
D8: =DATOS!B17 -> MUNICIPIO DE HACARÍ - DEPARTAMENTO NORTE DE SANTANDER
L9: VERSIÓN
D10: =DATOS!B8 -> HA-SA-003-2026
L11: PÁGINA | M11: 1 | N11: DE | O11: 1
D13: ANALISIS DE PRECIOS UNITARIOS
L15: FECHA | M15: DD | N15: MM | O15: AA
M16: 22 | N16: 5 | O16: 2026
C17: ITEMS DE LA PROPUESTA ECONÓMICA | G17: X | I17: ITEMS NO PREVISTOS
C21: DATOS ESPECÍFICOS
C23: ITEM | D23: DESCRIPCIÓN | M23: UNIDAD | O23: CANTIDAD
C24: 10.1.1 | D24: SUMINISTRO E INSTALACION DE ESTRUCTURA METALICA PARA CUBIERTAS. NORMA NSR10 TITULO F. PERFILERIA ASTM A572 GR50 Y ASTM A37. SOLDADURA E70XX. INC CERCHAS, CORREAS, TENSORES, ANCLAJES Y ACCESORIOS, LIMPIEZA SSPC-SP3, PINTURA ANTICORROSIVA 3 MILS Y ACABADO ESMALTE ALQUIDICO 3 MILS | M24: KG | O24: 37.37
C25: I. EQUIPO
C28: DESCRIPCIÓN | H28: MARCA | J28: TIPO | L28: TARIFA/HORA | M28: RENDIMIENTO | O28: Vr. UNITARIO
C29: Herramienta menor (5% mano de obra) | O29: =5%*O57 -> 548.43749
C30: Andamio tubular | L30: =8000/8 -> 1000 | M30: 6.7981039 | O30: =L30/M30 -> 147.09984
C31: Soldador electrico | L31: =80000/8 -> 10000 | M31: 6.2 | O31: =L31/M31 -> 1612.9032
C32: SUBTOTAL $ | O32: =SUM(O29:O31) -> 2308.4406
C33: II. MATERIALES
C36: DESCRIPCIÓN | K36: UNIDAD | L36: CANTIDAD | M36: PRECIO UNIT. | O36: Vr. UNITARIO
C37: Tubo rectangular metalico 3" X 1-1/2", Cal. 18, e: 1,20 mm | K37: KG | L37: 1.05 | M37: =80000/(2.81*6) -> 4744.9585 | O37: =L37*M37 -> 4982.2064
C38: Anticorrosivo | K38: Gl | L38: 0.01 | M38: 60000 | O38: =L38*M38 -> 600
C39: Esmalte | K39: Gl | L39: 0.01 | M39: 80000 | O39: =L39*M39 -> 800
C40: Soldadura 6013 | K40: KG | L40: 0.1 | M40: 20000 | O40: =L40*M40 -> 2000
C41: SUBTOTAL $ | O41: =SUM(O37:O40) -> 8382.2064
C42: III. TRANSPORTES
C45: MATERIAL | J45: VOL. o PESO | K45: DISTANCIA | L45: M3 o Ton/Km | M45: TARIFA | O45: Vr. UNITARIO
C46: Transporte (15% materiales en obra) | O46: =15%*O41 -> 1257.331
C48: SUBTOTAL $ | O48: =SUM(O46:O47) -> 1257.331
C49: IV. MANO DE OBRA
C52: TRABAJADOR | J52: JORNAL | K52: PRESTACIONES | L52: JORNAL TOTAL | M52: RENDIMIENTO | O52: Vr. UNITARIO
C53: Ayudante de construcción | J53: 85000 | K53: 1.95 | L53: =J53*K53 -> 165750 | M53: 64.525551 | O53: =L53/M53 -> 2568.7499
C54: Oficial de construcción | J54: 140000 | K54: 1.95 | L54: =J54*K54 -> 273000 | M54: 65 | O54: =L54/M54 -> 4200
C55: Oficial de soldadura | J55: 140000 | K55: 1.95 | L55: =J55*K55 -> 273000 | M55: 65 | O55: =L55/M55 -> 4200
C57: SUBTOTAL $ | O57: =SUM(O53:O56) -> 10968.75
C59: TOTAL COSTO DIRECTO $ | O59: =ROUND((O32+O41+O48+O57),2) -> 22916.73
C60: V. COSTOS INDIRECTOS
C63: Descripción | L63: Porcentaje | M63: Total Costo Directo | O63: Valor Total
C64: ADMINISTRACION | L64: 0.25 | M64: =O$59 -> 22916.73 | O64: =L64*M64 -> 5729.1825
C65: IMPREVISTOS | L65: 0.01 | M65: =O$59 -> 22916.73 | O65: =L65*M65 -> 229.1673
C66: UTILIDAD | L66: 0.04 | M66: =O$59 -> 22916.73 | O66: =L66*M66 -> 916.6692
C67: SUBTOTAL $ | O67: =ROUND(SUM(O64:O66),2) -> 6875.02
C69: Precio Unitario Total Aproximado al peso $ | O69: =ROUND((O59+O67),0) -> 29792
H73: Firma
H74: Nombre:
H75: Representante Legal del Contratista o su Apoderado
H76: Matricula No. :
C78: OBSERVACIONES INTERVENTORÍA
C82: APROBACIÓN POR INTERVENTORÍA
C83: Nota 1: Cuando se trate de Análisis de precios unitarios correspondientes a ítems de la propuesta económica aprobada, el Interventor aprueba el desglose de los componentes manteniendo el mismo precio unitario de cada ítem, cumpliendo con las especificaciones de construcción vigentes para el proyecto.
C85: Nota 2: Cuando se trate de Análisis de precios unitarios de ítems no previstos, el Interventor aprueba el desglose y precio unitario de cada ítem no previsto, exigiendo la aplicación de los costos correspondientes a insumos y tarifas de la propuesta económica inicial cuando estén contemplados, cumpliendo con las especificaciones de construcción vigente para el proyecto.
H88: Firma
H89: Nombre:
H90: Representante Legal del Interventor o su Apoderado
H91: Matricula No. :

Sheet APU 10.1.2
B1: Formulario 1 - Propuesta económica - Documento tipo de selección abreviada de menor cuantía
B2: Versión: 1 del 21 de agosto de 2025
C5: [La entidad podrá utilizar este formato para la presentación de los análisis de precios unitarios el contratista en la oportunidad prevista en el numeral 8.2. del Documento Base]
D8: =DATOS!B17 -> MUNICIPIO DE HACARÍ - DEPARTAMENTO NORTE DE SANTANDER
L9: VERSIÓN
D10: =DATOS!B8 -> HA-SA-003-2026
L11: PÁGINA | M11: 1 | N11: DE | O11: 1
D13: ANALISIS DE PRECIOS UNITARIOS
L15: FECHA | M15: DD | N15: MM | O15: AA
M16: 22 | N16: 5 | O16: 2026
C17: ITEMS DE LA PROPUESTA ECONÓMICA | G17: X | I17: ITEMS NO PREVISTOS
C21: DATOS ESPECÍFICOS
C23: ITEM | D23: DESCRIPCIÓN | M23: UNIDAD | O23: CANTIDAD
C24: 10.1.2 | D24: SUMINISTRO E INSTALACION DE CUBIERTA LAMINA MASTERMIL CAL. 28 | M24: M2 | O24: 27.14
C25: I. EQUIPO
C28: DESCRIPCIÓN | H28: MARCA | J28: TIPO | L28: TARIFA/HORA | M28: RENDIMIENTO | O28: Vr. UNITARIO
C29: Herramienta menor (5% mano de obra) | O29: =5%*O57 -> 1511.25
C30: Andamio tubular | L30: =8000/8 -> 1000 | M30: 2.5 | O30: =L30/M30 -> 400
C32: SUBTOTAL $ | O32: =SUM(O29:O31) -> 1911.25
C33: II. MATERIALES
C36: DESCRIPCIÓN | K36: UNIDAD | L36: CANTIDAD | M36: PRECIO UNIT. | O36: Vr. UNITARIO
C37: Lamina mastermil galvanizada, Cal. 28 | K37: M2 | L37: 1.05 | M37: =190000/6 -> 31666.667 | O37: =L37*M37 -> 33250
C38: Tornillo autoperforante 2-1/2" | K38: und | L38: 6 | M38: 400 | O38: =L38*M38 -> 2400
O39: =L39*M39 -> 0
O40: =L40*M40 -> 0
C41: SUBTOTAL $ | O41: =SUM(O37:O40) -> 35650
C42: III. TRANSPORTES
C45: MATERIAL | J45: VOL. o PESO | K45: DISTANCIA | L45: M3 o Ton/Km | M45: TARIFA | O45: Vr. UNITARIO
C46: Transporte (15% materiales en obra) | O46: =15%*O41 -> 5347.5
C48: SUBTOTAL $ | O48: =SUM(O46:O47) -> 5347.5
C49: IV. MANO DE OBRA
C52: TRABAJADOR | J52: JORNAL | K52: PRESTACIONES | L52: JORNAL TOTAL | M52: RENDIMIENTO | O52: Vr. UNITARIO
C53: Ayudante de construcción | J53: 85000 | K53: 1.95 | L53: =J53*K53 -> 165750 | M53: 15.454545 | O53: =L53/M53 -> 10725
C54: Oficial de construcción | J54: 140000 | K54: 1.95 | L54: =J54*K54 -> 273000 | M54: 14 | O54: =L54/M54 -> 19500
C57: SUBTOTAL $ | O57: =SUM(O53:O56) -> 30225
C59: TOTAL COSTO DIRECTO $ | O59: =ROUND((O32+O41+O48+O57),2) -> 73133.75
C60: V. COSTOS INDIRECTOS
C63: Descripción | L63: Porcentaje | M63: Total Costo Directo | O63: Valor Total
C64: ADMINISTRACION | L64: 0.25 | M64: =O$59 -> 73133.75 | O64: =L64*M64 -> 18283.438
C65: IMPREVISTOS | L65: 0.01 | M65: =O$59 -> 73133.75 | O65: =L65*M65 -> 731.3375
C66: UTILIDAD | L66: 0.04 | M66: =O$59 -> 73133.75 | O66: =L66*M66 -> 2925.35
C67: SUBTOTAL $ | O67: =ROUND(SUM(O64:O66),2) -> 21940.13
C69: Precio Unitario Total Aproximado al peso $ | O69: =ROUND((O59+O67),0) -> 95074
H73: Firma
H74: Nombre:
H75: Representante Legal del Contratista o su Apoderado
H76: Matricula No. :
C78: OBSERVACIONES INTERVENTORÍA
C82: APROBACIÓN POR INTERVENTORÍA
C83: Nota 1: Cuando se trate de Análisis de precios unitarios correspondientes a ítems de la propuesta económica aprobada, el Interventor aprueba el desglose de los componentes manteniendo el mismo precio unitario de cada ítem, cumpliendo con las especificaciones de construcción vigentes para el proyecto.
C85: Nota 2: Cuando se trate de Análisis de precios unitarios de ítems no previstos, el Interventor aprueba el desglose y precio unitario de cada ítem no previsto, exigiendo la aplicación de los costos correspondientes a insumos y tarifas de la propuesta económica inicial cuando estén contemplados, cumpliendo con las especificaciones de construcción vigente para el proyecto.
H88: Firma
H89: Nombre:
H90: Representante Legal del Interventor o su Apoderado
H91: Matricula No. :

Sheet APU 10.2.1
B1: Formulario 1 - Propuesta económica - Documento tipo de selección abreviada de menor cuantía
B2: Versión: 1 del 21 de agosto de 2025
C5: [La entidad podrá utilizar este formato para la presentación de los análisis de precios unitarios el contratista en la oportunidad prevista en el numeral 8.2. del Documento Base]
D8: =DATOS!B17 -> MUNICIPIO DE HACARÍ - DEPARTAMENTO NORTE DE SANTANDER
L9: VERSIÓN
D10: =DATOS!B8 -> HA-SA-003-2026
L11: PÁGINA | M11: 1 | N11: DE | O11: 1
D13: ANALISIS DE PRECIOS UNITARIOS
L15: FECHA | M15: DD | N15: MM | O15: AA
M16: 22 | N16: 5 | O16: 2026
C17: ITEMS DE LA PROPUESTA ECONÓMICA | G17: X | I17: ITEMS NO PREVISTOS
C21: DATOS ESPECÍFICOS
C23: ITEM | D23: DESCRIPCIÓN | M23: UNIDAD | O23: CANTIDAD
C24: 10.2.1 | D24: SUMINISTRO E INSTALACION DE CANAL LAMINA GALVANIZADA DS = 50 CM - CAL 20. INCLUYE SOPORTES, SOSCOS, REFUERZOS Y GARGOLAS DE REBOSE | M24: M | O24: 9.9
C25: I. EQUIPO
C28: DESCRIPCIÓN | H28: MARCA | J28: TIPO | L28: TARIFA/HORA | M28: RENDIMIENTO | O28: Vr. UNITARIO
C29: Herramienta menor (5% mano de obra) | O29: =5%*O57 -> 1779.375
C30: Andamio tubular | L30: =8000/8 -> 1000 | M30: 8 | O30: =L30/M30 -> 125
C31: Soldador electrico | L31: =80000/8 -> 10000 | M31: 2.4783116 | O31: =L31/M31 -> 4035.0051
C32: SUBTOTAL $ | O32: =SUM(O29:O31) -> 5939.3801
C33: II. MATERIALES
C36: DESCRIPCIÓN | K36: UNIDAD | L36: CANTIDAD | M36: PRECIO UNIT. | O36: Vr. UNITARIO
C37: Canal en lamina galvanizada, Cal. 20 | K37: ML | L37: 1.05 | M37: 60000 | O37: =L37*M37 -> 63000
C38: Soldadura 6013 | K38: KG | L38: 0.2 | M38: 16000 | O38: =L38*M38 -> 3200
C39: Ganchos de canal galvanizada Cal. 22 | K39: und | L39: 4 | M39: 500 | O39: =L39*M39 -> 2000
C40: Soportes | K40: Und | L40: 1 | M40: 10000 | O40: =L40*M40 -> 10000
C41: SUBTOTAL $ | O41: =SUM(O37:O40) -> 78200
C42: III. TRANSPORTES
C45: MATERIAL | J45: VOL. o PESO | K45: DISTANCIA | L45: M3 o Ton/Km | M45: TARIFA | O45: Vr. UNITARIO
C46: Transporte (15% materiales en obra) | O46: =15%*O41 -> 11730
C48: SUBTOTAL $ | O48: =SUM(O46:O47) -> 11730
C49: IV. MANO DE OBRA
C52: TRABAJADOR | J52: JORNAL | K52: PRESTACIONES | L52: JORNAL TOTAL | M52: RENDIMIENTO | O52: Vr. UNITARIO
C53: Ayudante de construcción | J53: 85000 | K53: 1.95 | L53: =J53*K53 -> 165750 | M53: 20 | O53: =L53/M53 -> 8287.5
C54: Oficial de construcción | J54: 140000 | K54: 1.95 | L54: =J54*K54 -> 273000 | M54: 20 | O54: =L54/M54 -> 13650
C55: Oficial de soldadura | J55: 140000 | K55: 1.95 | L55: =J55*K55 -> 273000 | M55: 20 | O55: =L55/M55 -> 13650
C57: SUBTOTAL $ | O57: =SUM(O53:O56) -> 35587.5
C59: TOTAL COSTO DIRECTO $ | O59: =ROUND((O32+O41+O48+O57),2) -> 131456.88
C60: V. COSTOS INDIRECTOS
C63: Descripción | L63: Porcentaje | M63: Total Costo Directo | O63: Valor Total
C64: ADMINISTRACION | L64: 0.25 | M64: =O$59 -> 131456.88 | O64: =L64*M64 -> 32864.22
C65: IMPREVISTOS | L65: 0.01 | M65: =O$59 -> 131456.88 | O65: =L65*M65 -> 1314.5688
C66: UTILIDAD | L66: 0.04 | M66: =O$59 -> 131456.88 | O66: =L66*M66 -> 5258.2752
C67: SUBTOTAL $ | O67: =ROUND(SUM(O64:O66),2) -> 39437.06
C69: Precio Unitario Total Aproximado al peso $ | O69: =ROUND((O59+O67),0) -> 170894
H73: Firma
H74: Nombre:
H75: Representante Legal del Contratista o su Apoderado
H76: Matricula No. :
C78: OBSERVACIONES INTERVENTORÍA
C82: APROBACIÓN POR INTERVENTORÍA
C83: Nota 1: Cuando se trate de Análisis de precios unitarios correspondientes a ítems de la propuesta económica aprobada, el Interventor aprueba el desglose de los componentes manteniendo el mismo precio unitario de cada ítem, cumpliendo con las especificaciones de construcción vigentes para el proyecto.
C85: Nota 2: Cuando se trate de Análisis de precios unitarios de ítems no previstos, el Interventor aprueba el desglose y precio unitario de cada ítem no previsto, exigiendo la aplicación de los costos correspondientes a insumos y tarifas de la propuesta económica inicial cuando estén contemplados, cumpliendo con las especificaciones de construcción vigente para el proyecto.
H88: Firma
H89: Nombre:
H90: Representante Legal del Interventor o su Apoderado
H91: Matricula No. :

Sheet APU 10.2.2
B1: Formulario 1 - Propuesta económica - Documento tipo de selección abreviada de menor cuantía
B2: Versión: 1 del 21 de agosto de 2025
C5: [La entidad podrá utilizar este formato para la presentación de los análisis de precios unitarios el contratista en la oportunidad prevista en el numeral 8.2. del Documento Base]
D8: =DATOS!B17 -> MUNICIPIO DE HACARÍ - DEPARTAMENTO NORTE DE SANTANDER
L9: VERSIÓN
D10: =DATOS!B8 -> HA-SA-003-2026
L11: PÁGINA | M11: 1 | N11: DE | O11: 1
D13: ANALISIS DE PRECIOS UNITARIOS
L15: FECHA | M15: DD | N15: MM | O15: AA
M16: 22 | N16: 5 | O16: 2026
C17: ITEMS DE LA PROPUESTA ECONÓMICA | G17: X | I17: ITEMS NO PREVISTOS
C21: DATOS ESPECÍFICOS
C23: ITEM | D23: DESCRIPCIÓN | M23: UNIDAD | O23: CANTIDAD
C24: 10.2.2 | D24: SUMINISTRO E INSTALACION DE BAJANTE A.LL. PVC Ø 4" (INC. ACCESORIOS) | M24: M | O24: 12
C25: I. EQUIPO
C28: DESCRIPCIÓN | H28: MARCA | J28: TIPO | L28: TARIFA/HORA | M28: RENDIMIENTO | O28: Vr. UNITARIO
C29: Herramienta menor (5% mano de obra) | O29: =5%*O57 -> 604.5
C32: SUBTOTAL $ | O32: =SUM(O29:O31) -> 604.5
C33: II. MATERIALES
C36: DESCRIPCIÓN | K36: UNIDAD | L36: CANTIDAD | M36: PRECIO UNIT. | O36: Vr. UNITARIO
C37: Tubo pvc sanitario 4" RDE 41 | K37: ML | L37: 1.05 | M37: =60000/6 -> 10000 | O37: =L37*M37 -> 10500
C38: Limpiador para pvc (1/4 gl) | K38: Und | L38: 0.05 | M38: 30000 | O38: =L38*M38 -> 1500
C39: Codo pvc 4"- Sanitario | K39: Und | L39: 0.25 | M39: 10000 | O39: =L39*M39 -> 2500
C40: Pegante PVC (1/4 gl) | K40: Und | L40: 0.15 | M40: 80000 | O40: =L40*M40 -> 12000
C41: SUBTOTAL $ | O41: =SUM(O37:O40) -> 26500
C42: III. TRANSPORTES
C45: MATERIAL | J45: VOL. o PESO | K45: DISTANCIA | L45: M3 o Ton/Km | M45: TARIFA | O45: Vr. UNITARIO
C46: Transporte (15% materiales en obra) | O46: =15%*O41 -> 3975
C48: SUBTOTAL $ | O48: =SUM(O46:O47) -> 3975
C49: IV. MANO DE OBRA
C52: TRABAJADOR | J52: JORNAL | K52: PRESTACIONES | L52: JORNAL TOTAL | M52: RENDIMIENTO | O52: Vr. UNITARIO
C53: Ayudante de construcción | J53: 85000 | K53: 1.95 | L53: =J53*K53 -> 165750 | M53: 36.778846 | O53: =L53/M53 -> 4506.6667
C54: Oficial de construcción | J54: 140000 | K54: 1.95 | L54: =J54*K54 -> 273000 | M54: 36 | O54: =L54/M54 -> 7583.3333
C57: SUBTOTAL $ | O57: =SUM(O53:O56) -> 12090
C59: TOTAL COSTO DIRECTO $ | O59: =ROUND((O32+O41+O48+O57),2) -> 43169.5
C60: V. COSTOS INDIRECTOS
C63: Descripción | L63: Porcentaje | M63: Total Costo Directo | O63: Valor Total
C64: ADMINISTRACION | L64: 0.25 | M64: =O$59 -> 43169.5 | O64: =L64*M64 -> 10792.375
C65: IMPREVISTOS | L65: 0.01 | M65: =O$59 -> 43169.5 | O65: =L65*M65 -> 431.695
C66: UTILIDAD | L66: 0.04 | M66: =O$59 -> 43169.5 | O66: =L66*M66 -> 1726.78
C67: SUBTOTAL $ | O67: =ROUND(SUM(O64:O66),2) -> 12950.85
C69: Precio Unitario Total Aproximado al peso $ | O69: =ROUND((O59+O67),0) -> 56120
H73: Firma
H74: Nombre:
H75: Representante Legal del Contratista o su Apoderado
H76: Matricula No. :
C78: OBSERVACIONES INTERVENTORÍA
C82: APROBACIÓN POR INTERVENTORÍA
C83: Nota 1: Cuando se trate de Análisis de precios unitarios correspondientes a ítems de la propuesta económica aprobada, el Interventor aprueba el desglose de los componentes manteniendo el mismo precio unitario de cada ítem, cumpliendo con las especificaciones de construcción vigentes para el proyecto.
C85: Nota 2: Cuando se trate de Análisis de precios unitarios de ítems no previstos, el Interventor aprueba el desglose y precio unitario de cada ítem no previsto, exigiendo la aplicación de los costos correspondientes a insumos y tarifas de la propuesta económica inicial cuando estén contemplados, cumpliendo con las especificaciones de construcción vigente para el proyecto.
H88: Firma
H89: Nombre:
